Workbook
Name FORMULAS: #REF!
Name FORMULAS: #REF!
Name FORMULAS: #REF!
Name FORMULAS: #REF!
Name FORMULAS: #REF!
Name FORMULAS: #REF!
Name FORMULAS: #REF!
Name FORMULAS: #REF!
Name FORMULAS: #REF!
Name FORMULAS: #REF!
Name FORMULAS: #REF!
Name FORMULAS: #REF!
Name FORMULAS: #REF!
Name FORMULAS: #REF!
Name FORMULAS: #REF!
Name FORMULAS: #REF!
Name FORMULAS: #REF!
Name FORMULAS: #REF!
Name FORMULAS: #REF!
Name FORMULAS: #REF!
Name FORMULAS: #REF!
Name FORMULAS: #REF!
Name un: #REF!
Name un: #REF!
Name un: #REF!
Name un: #REF!
Name un: #REF!
Name un: #REF!
Name un: #REF!
Name un: #REF!
Name un: #REF!
Name un: #REF!
Name un: #REF!
Name un: #REF!
Name un: #REF!
Name un: #REF!
Name un: #REF!
Name un: #REF!
Name un: #REF!
Name un: #REF!
Name un: #REF!
Name un: #REF!

Sheet BDI-SERVIÇOS
B1: BDI - Bonificação e Despesas Indiretas - SERVIÇOS
B2: COM DESONERAÇÃO
B4: Informe a base de cálculo do ISSQN.
B5: Alíquota do município | C5: 0.03
B7: Ocorrência da DESONERAÇÃO da folha de pagamento. Lei 12844/2013.
B10: Item Componente do BDI | C10: Valores Propostos
B11: Administração Central | C11: 0.0402
B12: Seguro e Garantia | C12: 0.0042
B13: Risco | C13: 0.0118
B14: Despesas Financeiras | C14: 0.0085
B15: Lucro | C15: 0.0642
B16: I1: PIS(0,65%) e COFINS(3,00%) | C16: 0.0365
B17: I2: ISSQN (conforme legislação municipal) | C17: =C5 -> 0.03
B18: I3: Cont.Prev s/Rec.Bruta (Lei 12844/13 - Desoneração) | C18: 0.045
F19: =((1+C11+C12+C13)*(1+C14)*(1+C15)/(1-C16-C17-C18))-1 -> 0.27581554
B20: BDI - COM Desoneração da folha de pagamento | C20: 0.2758
B23: Planilha elaborada conforme equação para cálculo do percentual do BDI recomendada pelo Acórdão 2622/2013 - TCU, representada pela fórmula abaixo, levando em consideração o valor do ISSQN local.
B25: BDI - COM Desoneração = [(1+AC+S+G+R)X(1+DF)X(1+L)/(1-I1-I2-I3)]-1
B27: OBS.:
B28: Os valores e percentagens devem ser atualizados conforme legislação vigente

Sheet BDI-MATERIAIS
B1: BDI - Bonificação e Despesas Indiretas - MATERIAIS
B2: COM DESONERAÇÃO
B4: Informe a base de cálculo do ISSQN.
B5: Alíquota do município | C5: 0
B7: Ocorrência da DESONERAÇÃO da folha de pagamento. Lei 12844/2013.
B11: Item Componente do BDI | C11: Valores Propostos
B12: Administração Central | C12: 0.0255
B13: Seguro e Garantia | C13: 0.0036
B14: Risco | C14: 0.0063
B15: Despesas Financeiras | C15: 0.0063
B16: Lucro | C16: 0.03775
B17: I1: PIS(0,65%) e COFINS(3,00%) | C17: 0.0365
B18: I2: ISSQN (conforme legislação municipal) | C18: =C5 -> 0
B19: I3: Cont.Prev s/Rec.Bruta (Lei 12844/13 - Desoneração) | C19: 0.045 | G19: =((1+C12+C13+C14)*(1+C15)*(1+C16)/(1-C17-C18-C19))-1 -> 0.17719718
B21: BDI - COM Desoneração da folha de pagamento | C21: 0.1772
B24: Planilha elaborada conforme equação para cálculo do percentual do BDI recomendada pelo Acórdão 2622/2013 - TCU, representada pela fórmula abaixo.
B26: BDI - COM Desoneração = [(1+AC+S+G+R)X(1+DF)X(1+L)/(1-I1-I2-I3)]-1
B29: OBS.:
B30: Os valores e percentagens devem ser atualizados conforme legislação vigente

Sheet RESUMO
A2: SISTEMA DE ORÇAMENTO DE OBRAS
C4: Mun./Loc.: | D4: SÃO JOSÉ DAS PALMEIRAS | F4: Data: | G4: =TODAY() -> 43657 | H4: BDI Aplicado
A5: Relatório Por U.C. | C5: Obra: | D5: SISTEMA DE ESGOTAMENTO SANITARIO - SES | F5: Nº Área: | H5: Serviços | I5: ='BDI-SERVIÇOS'!C20 -> 0.2758
C6: Recurso: | F6: Nº USAQ: | H6: Serv Terc: | I6: =I7 -> 0.1772
C7: Área Resp.: | D7: FUNASA | F7: Referência: | G7: Jun18 MOS4aEd v00 | H7: Mat/Equip: | I7: ='BDI-MATERIAIS'!C21 -> 0.1772
B8: Descrição | F8: Mão de Obra | G8: Materiais | H8: Total (R$) | I8: %
A10: U.C. : 01 | B10: CANTEIRO DE OBRAS | F10: ='01'!K35 -> 53364.759 | G10: ='01'!M35 -> 17250.193 | H10: ='01'!N35 -> 70614.952 | I10: =H10/$H$95 -> 0.0097514472 | J10: <=4% | L10: =I10+I11+I12 -> 0.035386196 | M10: 0.0764 | N10: valor proposto
A11: U.C. : 02 | B11: PLACA DE OBRA | F11: ='02'!K19 -> 734.04 | G11: ='02'!M19 -> 3129.48 | H11: ='02'!N19 -> 3863.52 | I11: =H11/$H$95 -> 0.00053352598
A12: U.C. : 03 | B12: ADMINISTRAÇÃO LOCAL DA OBRA | H12: ='03'!J40 -> 181770.12 | I12: =H12/$H$95 -> 0.025101223 | J12: <=5%
A14: U.C. : 04 | B14: REDE COLETORA DE ESGOTOS | H14: =H15+H16 -> 2189044.8 | I14: =H14/$H$95 -> 0.30229228
A15: 1 | B15: REDE COLETORA - SERVIÇOS | F15: ='04'!K192 -> 945983.22 | G15: ='04'!M192 -> 328418.3 | H15: ='04'!N192 -> 1274401.5 | I15: =H15/$H$14 -> 0.58217243
A16: 2 | B16: REDE COLETORA - MATERIAIS | G16: ='05'!M50 -> 914643.28 | H16: ='05'!N50 -> 914643.28 | I16: =H16/$H$14 -> 0.41782757
A17: U.C. : 05 | B17: LIGAÇÕES PREDIAIS | H17: =H18+H19 -> 222814.32 | I17: =H17/$H$95 -> 0.030769151
A18: 1 | B18: LIGAÇÕES PREDIAIS - SERVIÇOS | F18: ='06'!K104 -> 41848.244 | G18: ='06'!M104 -> 10746.532 | H18: ='06'!N104 -> 52594.776 | I18: =H18/$H$17 -> 0.23604755
A19: 2 | B19: LIGAÇÕES PREDIAIS - MATERIAIS | G19: ='07'!M45 -> 170219.55 | H19: ='07'!N45 -> 170219.55 | I19: =H19/$H$17 -> 0.76395245
A20: U.C. : 06 | B20: COLETOR 01 | H20: =H21+H22 -> 163543.2 | I20: =H20/$H$95 -> 0.02258421
A21: 1 | B21: COLETOR 01 - SERVIÇOS | F21: ='08 - 1'!K120 -> 82174.307 | G21: ='08 - 1'!M120 -> 24301.556 | H21: ='08 - 1'!N120 -> 106475.86 | I21: =H21/$H$20 -> 0.65105649
A22: 2 | B22: COLETOR 01 - MATERIAIS | G22: ='09 - 1'!M31 -> 57067.34 | H22: ='09 - 1'!N31 -> 57067.34 | I22: =H22/$H$20 -> 0.34894351
A23: U.C. : 07 | B23: COLETOR 02 | H23: =H24+H25 -> 20740.289 | I23: =H23/$H$95 -> 0.0028640936
A24: 1 | B24: COLETOR 02 - SERVIÇOS | F24: ='08 - 2'!K120 -> 10989.41 | G24: ='08 - 2'!M120 -> 4191.8157 | H24: ='08 - 2'!N120 -> 15181.226 | I24: =H24/$H$23 -> 0.73196789
A25: 2 | B25: COLETOR 02 - MATERIAIS | G25: ='09 - 2'!M31 -> 5559.0634 | H25: ='09 - 2'!N31 -> 5559.0634 | I25: =H25/$H$23 -> 0.26803211
A26: U.C. : 08 | B26: COLETOR 03 | H26: =H27+H28 -> 148912.72 | I26: =H26/$H$95 -> 0.020563839
A27: 1 | B27: COLETOR 03 - SERVIÇOS | F27: ='08 - 3'!K120 -> 81969.32 | G27: ='08 - 3'!M120 -> 22209.945 | H27: ='08 - 3'!N120 -> 104179.26 | I27: =H27/$H$26 -> 0.69959951
A28: 2 | B28: COLETOR 03 - MATERIAIS | G28: ='09 - 3'!M31 -> 44733.454 | H28: ='09 - 3'!N31 -> 44733.454 | I28: =H28/$H$26 -> 0.30040049
A29: U.C. : 09 | B29: COLETOR 04 | H29: =H30+H31 -> 296588.4 | I29: =H29/$H$95 -> 0.040956852
A30: 1 | B30: COLETOR 04 - SERVIÇOS | F30: ='08 - 4'!$K$120 -> 168161.46 | G30: ='08 - 4'!$M$120 -> 44086.698 | H30: ='08 - 4'!$N$120 -> 212248.16 | I30: =H30/$H$29 -> 0.71563202
A31: 2 | B31: COLETOR 04 - MATERIAIS | G31: ='09 - 4'!$M$31 -> 84340.245 | H31: ='09 - 4'!$N$31 -> 84340.245 | I31: =H31/$H$29 -> 0.28436798
A32: U.C. : 10 | B32: COLETOR 05 | H32: =H33+H34 -> 25137.013 | I32: =H32/$H$95 -> 0.0034712514
A33: 1 | B33: COLETOR 05 - SERVIÇOS | F33: ='08 - 5'!$K$120 -> 12113.718 | G33: ='08 - 5'!$M$120 -> 4029.3621 | H33: ='08 - 5'!$N$120 -> 16143.08 | I33: =H33/$H$29 -> 0.054429234
A34: 2 | B34: COLETOR 05 - MATERIAIS | G34: ='09 - 5'!$M$31 -> 8993.9331 | H34: ='09 - 5'!$N$31 -> 8993.9331 | I34: =H34/$H$29 -> 0.030324628
A35: U.C. : 09 | B35: COLETOR 06 | H35: =H36+H37 -> 0 | I35: =H35/$H$95 -> 0
A36: 1 | B36: COLETOR 06 - SERVIÇOS | F36: ='08 - 6'!$K$120 -> 0 | G36: ='08 - 6'!$M$120 -> 0 | H36: ='08 - 6'!$N$120 -> 0 | I36: =H36/$H$29 -> 0
A37: 2 | B37: COLETOR 06 - MATERIAIS | G37: ='09 - 6'!$M$31 -> 0 | H37: ='09 - 6'!$N$31 -> 0 | I37: =H37/$H$29 -> 0
A38: U.C. : 09 | B38: COLETOR 07 | H38: =H39+H40 -> 0 | I38: =H38/$H$95 -> 0
A39: 1 | B39: COLETOR 07 - SERVIÇOS | F39: ='08 - 7'!$K$120 -> 0 | G39: ='08 - 7'!$M$120 -> 0 | H39: ='08 - 7'!$N$120 -> 0 | I39: =H39/$H$29 -> 0
A40: 2 | B40: COLETOR 07 - MATERIAIS | G40: ='09 - 7'!$M$31 -> 0 | H40: ='09 - 7'!$N$31 -> 0 | I40: =H40/$H$29 -> 0
A41: U.C. : 11 | B41: INTERCEPTOR | H41: =H42+H43 -> 464197.81 | I41: =H41/$H$95 -> 0.064102577
A42: 1 | B42: INTERCEPTOR - SERVIÇOS | F42: ='08 - INT'!K120 -> 214943.22 | G42: ='08 - INT'!M120 -> 67947.885 | H42: ='08 - INT'!N120 -> 282891.11 | I42: =H42/$H$41 -> 0.60941931
A43: 2 | B43: INTERCEPTOR - MATERIAIS | G43: ='09 - INT'!M31 -> 181306.7 | H43: ='09 - INT'!N31 -> 181306.7 | I43: =H43/$H$41 -> 0.39058069
A44: U.C. : 12 | B44: EMISSÁRIO | H44: =H45+H46 -> 27733.88 | I44: =H44/$H$95 -> 0.0038298613
A45: 1 | B45: EMISSARIO- SERVIÇOS | F45: ='10 - EMI'!K120 -> 14810.726 | G45: ='10 - EMI'!M120 -> 4680.959 | H45: ='10 - EMI'!N120 -> 19491.685 | I45: =H45/$H$44 -> 0.70281131
A46: 2 | B46: EMISSARIO - MATERIAIS | G46: ='11 - EMI'!M31 -> 8242.1955 | H46: ='11 - EMI'!N31 -> 8242.1955 | I46: =H46/$H$44 -> 0.29718869
A47: U.C. : 13 | B47: ESTAÇÃO DE TRATAMENTO DE ESGOTO - ETE | H47: =SUM(H48:H73) -> 2798648.6 | I47: =H47/H95 -> 0.38647444
A48: 1 | B48: ACESSO ETE | F48: ='12'!K62 -> 47560.21 | G48: ='12'!M62 -> 133977.94 | H48: ='12'!N62 -> 181538.15 | I48: =H48/$H$47 -> 0.064866359
A49: 2 | B49: URBANIZAÇÃO - SERVIÇOS | F49: ='13'!K116 -> 314553.03 | G49: ='13'!M116 -> 362075.41 | H49: ='13'!N116 -> 676628.44 | I49: =H49/$H$47 -> 0.2417697
A50: 3 | B50: URBANIZAÇÃO - MATERIAIS | G50: ='14'!M22 -> 10006.2 | H50: ='14'!N22 -> 10006.2 | I50: =H50/$H$47 -> 0.0035753685
A51: 4 | B51: INTERLIGAÇÕES - SERVIÇOS | F51: ='15'!K138 -> 33689.492 | G51: ='15'!M138 -> 9083.1877 | H51: ='15'!N138 -> 42772.68 | I51: =H51/$H$47 -> 0.015283334
A52: 5 | B52: INTERLIGAÇÕES - MATERIAIS | G52: ='16'!M57 -> 117000.31 | H52: ='16'!N57 -> 117000.31 | I52: =H52/$H$47 -> 0.041806002
A53: 6 | B53: DRENAGEM - SERVIÇOS | F53: ='17'!K95 -> 161511.54 | G53: ='17'!M95 -> 16143.356 | H53: ='17'!N95 -> 177654.9 | I53: =H53/$H$47 -> 0.063478816
A54: 7 | B54: DRENAGEM - MATERIAIS | G54: ='18'!M29 -> 77001.875 | H54: ='18'!N29 -> 77001.875 | I54: =H54/$H$47 -> 0.027513949
A55: 8 | B55: DESARENADOR - SERVIÇOS | F55: ='19'!K178 -> 36590.205 | G55: ='19'!M178 -> 37602.173 | H55: ='19'!N178 -> 74192.378 | I55: =H55/$H$47 -> 0.026510073
A56: 9 | B56: DESARENADOR - MATERIAIS | G56: ='20'!M59 -> 35906.981 | H56: ='20'!N59 -> 35906.981 | I56: =H56/$H$47 -> 0.012830114
A57: 10 | B57: BAGS - SERVIÇOS | F57: ='21'!K148 -> 23085.982 | G57: ='21'!M148 -> 6957.5819 | H57: ='21'!N148 -> 30043.564 | I57: =H57/$H$47 -> 0.010735026
A58: 11 | B58: BAGS - MATERIAIS | G58: ='22'!M63 -> 201433.39 | H58: ='22'!N63 -> 215062.55 | I58: =H58/$H$47 -> 0.076845143
A59: 12 | B59: LAGOAS ANAERÓBIAS 1 E 2 - SERVIÇOS | F59: ='23'!K162 -> 107539.04 | G59: ='23'!M162 -> 46575.07 | H59: ='23'!N162 -> 154114.11 | I59: =H59/$H$47 -> 0.055067332
A60: 13 | B60: LAGOAS ANAERÓBIAS 1 E 2 - MATERIAIS | G60: ='24'!M41 -> 46860.964 | H60: ='24'!N41 -> 46860.964 | I60: =H60/$H$47 -> 0.01674414
A61: 14 | B61: LAGOA FACULTATIVA 1 - SERVIÇOS | F61: ='25'!K153 -> 521021.31 | G61: ='25'!M153 -> 74922.244 | H61: ='25'!N153 -> 595943.56 | I61: =H61/$H$47 -> 0.21293976
A62: 15 | B62: LAGOA FACULTATIVA 1 - MATERIAIS | G62: ='24 (2)'!M41 -> 136462.03 | H62: ='24 (2)'!N41 -> 136462.03 | I62: =H62/$H$47 -> 0.048759973
A63: 16 | B63: LAGOA FACULTATIVA 2 - SERVIÇOS | F63: ='26'!K153 -> 0 | G63: ='26'!M153 -> 0 | H63: ='26'!N153 -> 0 | I63: =H63/$H$47 -> 0
A64: 17 | B64: LAGOA FACULTATIVA 2 - MATERIAIS | G64: ='24 (3)'!M41 -> 0 | H64: ='24 (3)'!N41 -> 0 | I64: =H64/$H$47 -> 0
A65: 18 | B65: LAGOA FACULTATIVA 3 - SERVIÇOS | F65: ='26 (2)'!K153 -> 0 | G65: ='26 (2)'!M153 -> 0 | H65: ='26 (2)'!N153 -> 0 | I65: =H65/$H$47 -> 0
A66: 19 | B66: LAGOA FACULTATIVA 3 - MATERIAIS | G66: ='24 (4)'!M41 -> 0 | H66: ='24 (4)'!N41 -> 0 | I66: =H66/$H$47 -> 0
A67: 16 | B67: BIOFILTRO SUBMERSO - SERVIÇOS | F67: ='26 (3)'!K148 -> 0 | G67: ='26 (3)'!M148 -> 0 | H67: ='26 (3)'!N148 -> 0 | I67: =H67/$H$47 -> 0
A68: 17 | B68: BIOFILTRO SUBMERSO - MATERIAIS | G68: ='24 (5)'!M59 -> 0 | H68: ='24 (5)'!N59 -> 0 | I68: =H68/$H$47 -> 0
A69: 16 | B69: CAIXAS - SERVIÇOS | F69: ='27'!K168 -> 37575.349 | G69: ='27'!M168 -> 42225.481 | H69: ='27'!N168 -> 79800.83 | I69: =H69/$H$47 -> 0.028514059
A70: 17 | B70: CAIXAS - MATERIAIS | G70: ='28'!M33 -> 10029.678 | H70: ='28'!N33 -> 10029.678 | I70: =H70/$H$47 -> 0.0035837576
A71: 18 | B71: LABORATÓRIO - SERVIÇOS | F71: ='29'!K204 -> 40942.357 | G71: ='29'!M204 -> 25950.269 | H71: ='29'!N204 -> 66892.626 | I71: =H71/$H$47 -> 0.02390176
A72: 19 | B72: LABORATÓRIO - MATERIAIS | G72: ='30'!M101 -> 12211.827 | H72: ='30'!N101 -> 12211.827 | I72: =H72/$H$47 -> 0.0043634727
A73: 20 | B73: INSTALAÇÕES ELÉTRICAS | F73: ='31'!K21 -> 17842.701 | G73: ='31'!M21 -> 40682.243 | H73: ='31'!N21 -> 58524.944 | I73: =H73/$H$47 -> 0.020911859
A74: U.C. : 14 | B74: ESTAÇÃO ELEVATÓRIA DE ESGOTO - EEE01 | H74: =SUM(H75:H83) -> 627874.7 | I74: =H74/H95 -> 0.086705249
A75: 1 | B75: URBANIZAÇÃO | F75: ='32'!K57 -> 31214.277 | G75: ='32'!M57 -> 22944.426 | H75: ='32'!N57 -> 54158.703 | I75: =H75/$H$74 -> 0.086257183
A76: 2 | B76: ESTRUTURA | F76: ='33'!K159 -> 60351.051 | G76: ='33'!M159 -> 76855.667 | H76: ='33'!N159 -> 137206.72 | I76: =H76/$H$74 -> 0.21852564
A77: 3 | B77: INTERLIGAÇÕES - SERVIÇOS | F77: ='34'!K144 -> 9010.3876 | G77: ='34'!M144 -> 2488.4133 | H77: ='34'!N144 -> 11498.801 | I77: =H77/$H$74 -> 0.018313847
A78: 4 | B78: INTERLIGAÇÕES - MATERIAIS | G78: ='35'!M266 -> 27997.674 | H78: ='35'!N266 -> 27997.674 | I78: =H78/$H$74 -> 0.04459118
A79: 5 | B79: EQUIPAMENTOS - SERVIÇOS | F79: ='36'!K68 -> 4855.7831 | G79: ='36'!M68 -> 9996.1938 | H79: ='36'!N68 -> 14851.977 | I79: =H79/$H$74 -> 0.023654364
A80: 6 | B80: EQUIPAMENTOS - MATERIAIS | G80: ='37'!M66 -> 234729.59 | H80: ='37'!N66 -> 234729.59 | I80: =H80/$H$74 -> 0.37384782
A81: 7 | B81: LINHA DE RECALQUE - SERVIÇOS | F81: ='38'!K86 -> 8598.6045 | G81: ='38'!M86 -> 419.00374 | H81: ='38'!N86 -> 9017.6082 | I81: =H81/$H$74 -> 0.014362114
A82: 8 | B82: LINHA DE RECALQUE - MATERIAIS | G82: ='39'!M53 -> 26769.987 | H82: ='39'!N53 -> 26769.987 | I82: =H82/$H$74 -> 0.042635875
A83: 9 | B83: INSTALAÇÕES ELÉTRICAS | F83: ='40'!K21 -> 8574.1833 | G83: ='40'!M21 -> 103069.46 | H83: ='40'!N21 -> 111643.65 | I83: =H83/$H$74 -> 0.17781198
A84: U.C. : 14 | B84: ESTAÇÃO ELEVATÓRIA DE ESGOTO - EEE02 | H84: =SUM(H85:H93) -> 0 | I84: =H84/H95 -> 0
A85: 1 | B85: URBANIZAÇÃO | F85: ='32 (2)'!K57 -> 0 | G85: ='32 (2)'!M57 -> 0 | H85: ='32 (2)'!N57 -> 0 | I85: =H85/$H$84 -> #DIV/0!
A86: 2 | B86: ESTRUTURA | F86: ='33 (2)'!K159 -> 0 | G86: ='33 (2)'!M159 -> 0 | H86: ='33 (2)'!N159 -> 0 | I86: =H86/$H$84 -> #DIV/0!
A87: 3 | B87: INTERLIGAÇÕES - SERVIÇOS | F87: ='34 (2)'!K144 -> 0 | G87: ='34 (2)'!M144 -> 0 | H87: ='34 (2)'!N144 -> 0 | I87: =H87/$H$84 -> #DIV/0!
A88: 4 | B88: INTERLIGAÇÕES - MATERIAIS | F88: ='35 (2)'!K266 -> 0 | G88: ='35 (2)'!M266 -> 0 | H88: ='35 (2)'!N266 -> 0 | I88: =H88/$H$84 -> #DIV/0!
A89: 5 | B89: EQUIPAMENTOS - SERVIÇOS | F89: ='36 (2)'!K68 -> 0 | G89: ='36 (2)'!M68 -> 0 | H89: ='36 (2)'!N68 -> 0 | I89: =H89/$H$84 -> #DIV/0!
A90: 6 | B90: EQUIPAMENTOS - MATERIAIS | F90: ='37 (2)'!K66 -> 0 | G90: ='37 (2)'!M66 -> 0 | H90: ='37 (2)'!N66 -> 0 | I90: =H90/$H$84 -> #DIV/0!
A91: 7 | B91: LINHA DE RECALQUE - SERVIÇOS | F91: ='38 (2)'!K86 -> 0 | G91: ='38 (2)'!M86 -> 0 | H91: ='38 (2)'!N86 -> 0 | I91: =H91/$H$84 -> #DIV/0!
A92: 8 | B92: LINHA DE RECALQUE - MATERIAIS | F92: ='39 (2)'!K53 -> 0 | G92: ='39 (2)'!M53 -> 0 | H92: ='39 (2)'!N53 -> 0 | I92: =H92/$H$84 -> #DIV/0!
A93: 9 | B93: INSTALAÇÕES ELÉTRICAS | F93: ='40 (2)'!K21 -> 0 | G93: ='40 (2)'!M21 -> 0 | H93: ='40 (2)'!N21 -> 0 | I93: =H93/$H$84 -> #DIV/0!
A95: TOTAL GERAL COM BDI: | H95: =H10+H11+H12+H14+H17+H20+H23+H26+H29+H32+H35+H38+H41+H44+H47+H74+H84 -> 7241484.3 | I95: =I14+I10+I11+I12+I17+I20+I23+I26+I29+I32+I35+I38+I41+I44+I47+I74 -> 1
A97: OBS.: * Valor SINAPI Junho/2018 - Desonerado ** Orçado com fornecedores *** Projeto executivo
J208: =#REF!/#REF! -> #REF!

Sheet CRONOGRAMA
B3: CRONOGRAMA FINANCEIRO | E3: MUNICÍPIO: | F3: =RESUMO!D4 -> SÃO JOSÉ DAS PALMEIRAS | O3: CONTRATO/OS:
E4: OBRA | F4: SISTEMA DE ESGOTAMENTO SANITÁRIO - SES | O4: DATA | P4: =RESUMO!G4 -> 43657
C5: UNIDADES CONSTRUTIVAS | D5: TOTAIS | E5: Meses | X5: TOTAIS ACUMULADOS
F6: 1 | G6: 2 | H6: 3 | I6: 4 | J6: 5 | K6: 6 | L6: 7 | M6: 8 | N6: 9 | O6: 10 | P6: 11 | Q6: 12 | R6: 13 | S6: 14 | T6: 15 | U6: 16 | V6: 17 | W6: 18
B8: 1 | C8: =RESUMO!B10 -> CANTEIRO DE OBRAS
D9: =RESUMO!H10 -> 70614.952 | E9: R$ | F9: =$D$9 -> 70614.952 | X9: =SUM(F9:W9) -> 70614.952
E10: % | F10: 100 | X10: =SUM(F10:W10) -> 100
B11: 2 | C11: =RESUMO!B11 -> PLACA DE OBRA | X11: =SUM(F11:W11) -> 0
D12: =RESUMO!H11 -> 3863.52 | E12: =E9 -> R$ | F12: =D12 -> 3863.52 | X12: =SUM(F12:W12) -> 3863.52
E13: % | F13: 100 | X13: =SUM(F13:W13) -> 100
B14: 3 | C14: =RESUMO!B12 -> ADMINISTRAÇÃO LOCAL DA OBRA | X14: =SUM(F14:W14) -> 0
D15: =RESUMO!H12 -> 181770.12 | E15: =E9 -> R$ | F15: =$D$15/12 -> 15147.51 | G15: =$D$15/12 -> 15147.51 | H15: =$D$15/12 -> 15147.51 | I15: =$D$15/12 -> 15147.51 | J15: =$D$15/12 -> 15147.51 | K15: =$D$15/12 -> 15147.51 | L15: =$D$15/12 -> 15147.51 | M15: =$D$15/12 -> 15147.51 | ... Q15: =$D$15/12 -> 15147.51 | X15: =SUM(F15:W15) -> 181770.12
E16: % | F16: =100/12 -> 8.3333333 | G16: =100/12 -> 8.3333333 | H16: =100/12 -> 8.3333333 | I16: =100/12 -> 8.3333333 | J16: =100/12 -> 8.3333333 | K16: =100/12 -> 8.3333333 | L16: =100/12 -> 8.3333333 | M16: =100/12 -> 8.3333333 | ... Q16: =100/12 -> 8.3333333 | X16: =SUM(F16:W16) -> 100
B17: 4 | C17: =RESUMO!B14 -> REDE COLETORA DE ESGOTOS | X17: =SUM(F17:W17) -> 0
D18: =RESUMO!H14 -> 2189044.8 | E18: =E15 -> R$ | K18: =$D$18/5 -> 437808.96 | L18: =$D$18/5 -> 437808.96 | M18: =$D$18/5 -> 437808.96 | N18: =$D$18/5 -> 437808.96 | O18: =$D$18/5 -> 437808.96 | X18: =SUM(F18:W18) -> 2189044.8
E19: % | K19: =100/5 -> 20 | L19: =100/5 -> 20 | M19: =100/5 -> 20 | N19: =100/5 -> 20 | O19: =100/5 -> 20 | X19: =SUM(F19:W19) -> 100
B20: 5 | C20: =RESUMO!B17 -> LIGAÇÕES PREDIAIS | X20: =SUM(F20:W20) -> 0
D21: =RESUMO!H17 -> 222814.32 | E21: =E18 -> R$ | K21: =$D$21/5 -> 44562.865 | L21: =$D$21/5 -> 44562.865 | M21: =$D$21/5 -> 44562.865 | N21: =$D$21/5 -> 44562.865 | O21: =$D$21/5 -> 44562.865 | X21: =SUM(F21:W21) -> 222814.32
E22: % | K22: =100/5 -> 20 | L22: =100/5 -> 20 | M22: =100/5 -> 20 | N22: =100/5 -> 20 | O22: =100/5 -> 20 | X22: =SUM(F22:W22) -> 100
B23: 6 | C23: =RESUMO!B20 -> COLETOR 01 | X23: =SUM(F23:W23) -> 0
D24: =RESUMO!H20 -> 163543.2 | E24: =E21 -> R$ | H24: =$D$24 -> 163543.2 | X24: =SUM(F24:W24) -> 163543.2
E25: % | H25: =100 -> 100 | X25: =SUM(F25:W25) -> 100
B26: 7 | C26: =RESUMO!B23 -> COLETOR 02 | X26: =SUM(F26:W26) -> 0
D27: =RESUMO!H23 -> 20740.289 | E27: =E24 -> R$ | I27: =$D$27 -> 20740.289 | X27: =SUM(F27:W27) -> 20740.289
E28: % | I28: 100 | X28: =SUM(F28:W28) -> 100
B29: 8 | C29: =RESUMO!B26 -> COLETOR 03 | X29: =SUM(F29:W29) -> 0
D30: =RESUMO!H26 -> 148912.72 | E30: =E27 -> R$ | J30: =$D$30 -> 148912.72 | X30: =SUM(F30:W30) -> 148912.72
E31: % | J31: =100 -> 100 | X31: =SUM(F31:W31) -> 100
B32: 9 | C32: COLETOR 04 | X32: =SUM(F32:W32) -> 0
D33: =RESUMO!H29 -> 296588.4 | E33: =E30 -> R$ | H33: =$D$33/2 -> 148294.2 | I33: =$D$33/2 -> 148294.2 | X33: =SUM(F33:W33) -> 296588.4
E34: =E31 -> % | H34: =100/2 -> 50 | I34: =100/2 -> 50 | X34: =SUM(F34:W34) -> 100
B35: 10 | C35: COLETOR 05 | X35: =SUM(F35:W35) -> 0
D36: =RESUMO!H32 -> 25137.013 | E36: =E33 -> R$ | I36: =$D$36 -> 25137.013 | X36: =SUM(F36:W36) -> 25137.013
E37: =E34 -> % | I37: =100 -> 100 | X37: =SUM(F37:W37) -> 100
B38: 8 | C38: COLETOR 07 | X38: =SUM(F38:W38) -> 0
X39: =SUM(F39:W39) -> 0
X40: =SUM(F40:W40) -> 0
B41: 9 | X41: =SUM(F41:W41) -> 0
E42: =E27 -> R$ | X42: =SUM(F42:W42) -> 0
E43: =E31 -> % | X43: =SUM(F43:W43) -> 0
B44: 11 | C44: INTERCEPTOR | X44: =SUM(F44:W44) -> 0
D45: =RESUMO!H41 -> 464197.81 | E45: =E30 -> R$ | F45: =$D$45/2 -> 232098.91 | G45: =$D$45/2 -> 232098.91 | X45: =SUM(F45:W45) -> 464197.81
E46: % | F46: =100/2 -> 50 | G46: =100/2 -> 50 | X46: =SUM(F46:W46) -> 100
B47: 12 | C47: EMISSÁRIO | X47: =SUM(F47:W47) -> 0
D48: =RESUMO!H44 -> 27733.88 | E48: =E45 -> R$ | J48: =$D$48 -> 27733.88 | X48: =SUM(F48:W48) -> 27733.88
E49: % | J49: =100 -> 100 | X49: =SUM(F49:W49) -> 100
B50: 13 | C50: ETE - ACESSO | X50: =SUM(F50:W50) -> 0
D51: =RESUMO!H48 -> 181538.15 | E51: =E48 -> R$ | F51: =$D$51 -> 181538.15 | X51: =SUM(F51:W51) -> 181538.15
E52: % | F52: =100 -> 100 | X52: =SUM(F52:W52) -> 100
B53: 14 | C53: ETE - URBANIZAÇÃO | X53: =SUM(F53:W53) -> 0
D54: =RESUMO!H49+RESUMO!H50 -> 686634.64 | E54: =E51 -> R$ | K54: =$D$54/2 -> 343317.32 | L54: =$D$54/2 -> 343317.32 | X54: =SUM(F54:W54) -> 686634.64
E55: % | K55: =100/2 -> 50 | L55: =100/2 -> 50 | X55: =SUM(F55:W55) -> 100
B56: 15 | C56: ETE - INTERLIGAÇÕES | X56: =SUM(F56:W56) -> 0
D57: =RESUMO!H51+RESUMO!H52 -> 159772.99 | E57: =E54 -> R$ | J57: =$D$57/2 -> 79886.494 | K57: =$D$57/2 -> 79886.494 | X57: =SUM(F57:W57) -> 159772.99
E58: % | J58: =100/2 -> 50 | K58: =100/2 -> 50 | X58: =SUM(F58:W58) -> 100
B59: 16 | C59: ETE - DRENAGEM | X59: =SUM(F59:W59) -> 0
D60: =RESUMO!H53+RESUMO!H54 -> 254656.77 | E60: =E54 -> R$ | K60: =$D$60 -> 254656.77 | X60: =SUM(F60:W60) -> 254656.77
E61: % | K61: 100 | X61: =SUM(F61:W61) -> 100
B62: 17 | C62: ETE - DESARENADOR | X62: =SUM(F62:W62) -> 0
D63: =RESUMO!H55+RESUMO!H56 -> 110099.36 | E63: =$E$60 -> R$ | F63: =D63/1 -> 110099.36 | X63: =SUM(F63:W63) -> 110099.36
E64: % | F64: 100 | X64: =SUM(F64:W64) -> 100
B65: 18 | C65: ETE - BAGS | X65: =SUM(F65:W65) -> 0
D66: =RESUMO!H57+RESUMO!H58 -> 245106.12 | E66: =$E$60 -> R$ | G66: =D66 -> 245106.12 | X66: =SUM(F66:W66) -> 245106.12
E67: % | G67: 100 | X67: =SUM(F67:W67) -> 100
B68: 19 | C68: ETE - LAGOA ANAERÓBIA | X68: =SUM(F68:W68) -> 0
D69: =RESUMO!H59+RESUMO!H60 -> 200975.08 | E69: =$E$60 -> R$ | G69: =$D$69/2 -> 100487.54 | J69: =$D$69/2 -> 100487.54 | X69: =SUM(F69:W69) -> 200975.08
E70: % | G70: =100/2 -> 50 | J70: =100/2 -> 50 | X70: =SUM(F70:W70) -> 100
B71: 20 | C71: ETE - LAGOA FACULTATIVA 01 | X71: =SUM(F71:W71) -> 0
D72: =RESUMO!H61+RESUMO!H62 -> 732405.59 | E72: =$E$60 -> R$ | H72: =$D$72/3 -> 244135.2 | I72: =$D$72/3 -> 244135.2 | J72: =$D$72/3 -> 244135.2 | X72: =SUM(F72:W72) -> 732405.59
E73: % | H73: =100/3 -> 33.333333 | I73: =100/3 -> 33.333333 | J73: =100/3 -> 33.333333 | X73: =SUM(F73:W73) -> 100
B74: 18 | C74: ETE - LAGOA FACULTATIVA 02 | X74: =SUM(F74:W74) -> 0
D75: =RESUMO!H63+RESUMO!H64 -> 0 | E75: =E72 -> R$ | I75: =$D$75/3 -> 0 | J75: =$D$75/3 -> 0 | K75: =$D$75/3 -> 0 | X75: =SUM(F75:W75) -> 0
E76: =E73 -> % | X76: =SUM(F76:W76) -> 0
C77: ETE - LAGOA FACULTATIVA 03 | X77: =SUM(F77:W77) -> 0
D78: =RESUMO!H65+RESUMO!H66 -> 0 | X78: =SUM(F78:W78) -> 0
X79: =SUM(F79:W79) -> 0
B80: 21 | C80: ETE - CAIXAS | X80: =SUM(F80:W80) -> 0
D81: =RESUMO!H69+RESUMO!H70 -> 89830.508 | E81: =$E$60 -> R$ | J81: =$D$81/2 -> 44915.254 | K81: =$D$81/2 -> 44915.254 | X81: =SUM(F81:W81) -> 89830.508
E82: % | J82: =100/2 -> 50 | K82: =100/2 -> 50 | X82: =SUM(F82:W82) -> 100
B83: 22 | C83: ETE - LABORATÓRIO | X83: =SUM(F83:W83) -> 0
D84: =RESUMO!H71+RESUMO!H72 -> 79104.453 | E84: =$E$60 -> R$ | F84: =$D$84/2 -> 39552.226 | G84: =$D$84/2 -> 39552.226 | X84: =SUM(F84:W84) -> 79104.453
E85: % | F85: =100/2 -> 50 | G85: =100/2 -> 50 | X85: =SUM(F85:W85) -> 100
B89: CRONOGRAMA FINANCEIRO | E89: MUNICÍPIO: | F89: =F3 -> SÃO JOSÉ DAS PALMEIRAS | N89: CONTRATO/OS:
E90: OBRA | F90: SISTEMA DE ESGOTAMENTO SANITÁRIO - SES | N90: DATA: 22/04/2019
C91: UNIDADES CONSTRUTIVAS | D91: TOTAIS | E91: Meses | X91: TOTAIS ACUMULADOS
F92: 1 | G92: 2 | H92: 3 | I92: 4 | J92: 5 | K92: 6 | L92: 7 | M92: 8 | N92: 9 | O92: 10 | P92: 11 | Q92: 12 | R92: 13 | S92: 14 | T92: 15 | U92: 16 | V92: 17 | W92: 18
B94: 23 | C94: ETE - INSTALAÇÕES ELÉTRICAS | X94: =SUM(F94:W94) -> 0
D95: =RESUMO!H73 -> 58524.944 | E95: =$E$60 -> R$ | M95: =D95 -> 58524.944 | X95: =SUM(F95:W95) -> 58524.944
E96: % | M96: =100 -> 100 | X96: =SUM(F96:W96) -> 100
B110: CRONOGRAMA FINANCEIRO | E110: MUNICÍPIO: | F110: =F3 -> SÃO JOSÉ DAS PALMEIRAS | O110: CONTRATO/OS:
E111: OBRA | F111: SISTEMA DE ESGOTAMENTO SANITÁRIO - SES | O111: DATA | P111: =P4 -> 43657
C112: UNIDADES CONSTRUTIVAS | D112: TOTAIS | E112: Meses | X112: TOTAIS ACUMULADOS
F113: 1 | G113: 2 | H113: 3 | I113: 4 | J113: 5 | K113: 6 | L113: 7 | M113: 8 | N113: 9 | O113: 10 | P113: 11 | Q113: 12 | R113: 13 | S113: 14 | T113: 15 | U113: 16 | V113: 17 | W113: 18
B115: 24 | C115: EEE - URBANIZAÇÃO | X115: =SUM(F115:W115) -> 0
D116: =RESUMO!H75 -> 54158.703 | E116: =E21 -> R$ | Q116: =$D$116 -> 54158.703 | X116: =SUM(F116:W116) -> 54158.703
E117: % | Q117: =100 -> 100 | X117: =SUM(F117:W117) -> 100
B118: 25 | C118: EEE - ESTRUTURA | X118: =SUM(F118:W118) -> 0
D119: =RESUMO!H76 -> 137206.72 | E119: =E116 -> R$ | M119: =$D$119/2 -> 68603.359 | N119: =$D$119/2 -> 68603.359 | X119: =SUM(F119:W119) -> 137206.72
E120: % | M120: =100/2 -> 50 | N120: =100/2 -> 50 | X120: =SUM(F120:W120) -> 100
B121: 26 | C121: EEE - INTERLIGAÇÕES | X121: =SUM(F121:W121) -> 0
...

Sheet 01
A2: SISTEMA DE ORÇAMENTO DE OBRAS
C4: Mun./Loc.: | D4: =RESUMO!D4 -> SÃO JOSÉ DAS PALMEIRAS | G4: Data: | M4: =RESUMO!G4 -> 43657 | N4: =RESUMO!H4 -> BDI Aplicado
A5: Relatório Por U.C. | C5: Obra: | D5: =RESUMO!D5 -> SISTEMA DE ESGOTAMENTO SANITARIO - SES | G5: Nº Área: | N5: =RESUMO!H5 -> Serviços | O5: =RESUMO!I5 -> 0.2758
C6: Área Resp.: | G6: Nº USAQ: | N6: =RESUMO!H6 -> Serv Terc: | O6: =RESUMO!I6 -> 0.1772
C7: Nº U.C.: | D7: =A11 -> U.C. : 01 | G7: Referência: | M7: =RESUMO!G7 -> Jun18 MOS4aEd v00 | N7: =RESUMO!H7 -> Mat/Equip: | O7: =RESUMO!I7 -> 0.1772
C8: Ud. Const.: | D8: =B11 -> CANTEIRO DE OBRAS
B9: Descrição | G9: Ud | H9: Qtde. | I9: Unitário | K9: Mão de Obra | M9: Materiais | N9: Total (R$) | O9: %
A11: =RESUMO!A10 -> U.C. : 01 | B11: =RESUMO!B10 -> CANTEIRO DE OBRAS
A12: 01 | B12: CANTEIRO DE OBRAS
A13: 0101 | B13: CONSTRUÇÃO DO CANTEIRO
A14: 010101 | B14: Escritório | G14: m² | H14: =8.5*3.6 -> 30.6 | I14: =VLOOKUP(A14,'[1]TAB OGU JUN18'!$A:$G,6,"falso") -> 665.83 | J14: =VLOOKUP(A14,'[1]TAB OGU JUN18'!$A:$G,4,"falso") -> 512.69 | K14: =J14*H14 -> 15688.314 | L14: =VLOOKUP(A14,'[1]TAB OGU JUN18'!$A:$G,5,"falso") -> 153.14 | M14: =L14*H14 -> 4686.084 | N14: =H14*I14 -> 20374.398 | O14: =(N14*1)/$N$21 -> 0.29487091
A15: 010103 | B15: Refeitório | G15: m² | H15: =8.54*3.66*1.5 -> 46.8846 | I15: =VLOOKUP(A15,'[1]TAB OGU JUN18'!$A:$G,6,"falso") -> 356.36 | J15: =VLOOKUP(A15,'[1]TAB OGU JUN18'!$A:$G,4,"falso") -> 277.5 | K15: =J15*H15 -> 13010.476 | L15: =VLOOKUP(A15,'[1]TAB OGU JUN18'!$A:$G,5,"falso") -> 78.86 | M15: =L15*H15 -> 3697.3196 | N15: =H15*I15 -> 16707.796 | O15: =(N15*1)/$N$21 -> 0.24180557
A16: 010104 | B16: Barracão fechado para materiais | G16: m² | H16: =7.32*6.1*1.5 -> 66.978 | I16: =VLOOKUP(A16,'[1]TAB OGU JUN18'!$A:$G,6,"falso") -> 214.23 | J16: =VLOOKUP(A16,'[1]TAB OGU JUN18'!$A:$G,4,"falso") -> 162.87 | K16: =J16*H16 -> 10908.707 | L16: =VLOOKUP(A16,'[1]TAB OGU JUN18'!$A:$G,5,"falso") -> 51.36 | M16: =L16*H16 -> 3439.9901 | N16: =H16*I16 -> 14348.697 | O16: =(N16*1)/$N$21 -> 0.20766323
A17: 010105 | B17: Barracão aberto | G17: m² | H17: =9*5*1.5 -> 67.5 | I17: =VLOOKUP(A17,'[1]TAB OGU JUN18'!$A:$G,6,"falso") -> 101.89 | J17: =VLOOKUP(A17,'[1]TAB OGU JUN18'!$A:$G,4,"falso") -> 87.41 | K17: =J17*H17 -> 5900.175 | L17: =VLOOKUP(A17,'[1]TAB OGU JUN18'!$A:$G,5,"falso") -> 14.48 | M17: =L17*H17 -> 977.4 | N17: =H17*I17 -> 6877.575 | O17: =(N17*1)/$N$21 -> 0.099536526
A18: 010106 | B18: Sanitário isolado | G18: m² | H18: =1.1*0.9*15 -> 14.85 | I18: =VLOOKUP(A18,'[1]TAB OGU JUN18'!$A:$G,6,"falso") -> 436.15 | J18: =VLOOKUP(A18,'[1]TAB OGU JUN18'!$A:$G,4,"falso") -> 299.09 | K18: =J18*H18 -> 4441.4865 | L18: =VLOOKUP(A18,'[1]TAB OGU JUN18'!$A:$G,5,"falso") -> 137.06 | M18: =L18*H18 -> 2035.341 | N18: =H18*I18 -> 6476.8275 | O18: =(N18*1)/$N$21 -> 0.09373666
A19: 010107 | B19: Chuveiro isolado | G19: m² | H19: =0.9*0.9*15 -> 12.15 | I19: =VLOOKUP(A19,'[1]TAB OGU JUN18'!$A:$G,6,"falso") -> 354.79 | J19: =VLOOKUP(A19,'[1]TAB OGU JUN18'!$A:$G,4,"falso") -> 255 | K19: =J19*H19 -> 3098.25 | L19: =VLOOKUP(A19,'[1]TAB OGU JUN18'!$A:$G,5,"falso") -> 99.79 | M19: =L19*H19 -> 1212.4485 | N19: =H19*I19 -> 4310.6985 | O19: =(N19*1)/$N$21 -> 0.062387099
B21: Total do Bloco | N21: =SUM(N14:N19) -> 69095.992 | O21: =N21/N35 -> 0.97848954
A23: 0102 | B23: ABASTECIMENTO DE ENERGIA ELÉTRICA
A24: 010201 | B24: Entrada provisória de energia trifásica 70A | G24: ud | H24: 1 | I24: =VLOOKUP(A24,'[1]TAB OGU JUN18'!$A:$G,6,"falso") -> 1322.28 | J24: =VLOOKUP(A24,'[1]TAB OGU JUN18'!$A:$G,4,"falso") -> 317.35 | K24: =J24*H24 -> 317.35 | L24: =VLOOKUP(A24,'[1]TAB OGU JUN18'!$A:$G,5,"falso") -> 1004.93 | M24: =L24*H24 -> 1004.93 | N24: =H24*I24 -> 1322.28 | O24: =N24/N26 -> 1
B26: Total do Bloco | N26: =N24 -> 1322.28 | O26: =N26/N35 -> 0.018725213
A28: 0103 | B28: ABASTECIMENTO DE ÁGUA
A29: 010301 | B29: Entrada provisória de água | G29: ud | H29: 1 | I29: =VLOOKUP(A29,'[1]TAB OGU JUN18'!$A:$G,6,"falso") -> 196.68 | L29: =VLOOKUP(A29,'[1]TAB OGU JUN18'!$A:$G,5,"falso") -> 196.68 | M29: =L29*H29 -> 196.68 | N29: =H29*I29 -> 196.68 | O29: =(N29*1)/N29 -> 1
B31: Total do Bloco | N31: =N29 -> 196.68 | O31: =N31/N35 -> 0.0027852458
B33: Total do Módulo | N33: =N31+N26+N21 -> 70614.952 | O33: =N33/N35 -> 1
B35: TOTAL DA UNIDADE | K35: =SUM(K14:K34) -> 53364.759 | M35: =SUM(M14:M34) -> 17250.193 | N35: =N33 -> 70614.952 | O35: =N35/RESUMO!H95 -> 0.0097514472

Sheet 02
A2: SISTEMA DE ORÇAMENTO DE OBRAS
C4: Mun./Loc.: | D4: =RESUMO!D4 -> SÃO JOSÉ DAS PALMEIRAS | G4: Data: | M4: =RESUMO!G4 -> 43657 | N4: =RESUMO!H4 -> BDI Aplicado
A5: Relatório Por U.C. | C5: Obra: | D5: =RESUMO!D5 -> SISTEMA DE ESGOTAMENTO SANITARIO - SES | G5: Nº Área: | N5: =RESUMO!H5 -> Serviços | O5: =RESUMO!I5 -> 0.2758
C6: Área Resp.: | G6: Nº USAQ: | N6: =RESUMO!H6 -> Serv Terc: | O6: =RESUMO!I6 -> 0.1772
C7: Nº U.C.: | D7: =A11 -> U.C. : 02 | G7: Referência: | M7: =RESUMO!G7 -> Jun18 MOS4aEd v00 | N7: =RESUMO!H7 -> Mat/Equip: | O7: =RESUMO!I7 -> 0.1772
C8: Ud. Const.: | D8: =B11 -> PLACA DE OBRA
B9: Descrição | G9: Ud | H9: Qtde. | I9: Unitário | K9: Mão de Obra | M9: Materiais | N9: Total (R$) | O9: %
A11: =RESUMO!A11 -> U.C. : 02 | B11: =RESUMO!B11 -> PLACA DE OBRA
A12: 0105 | B12: PLACA DE OBRA
A13: 010501 | B13: Em chapa preta | G13: m² | H13: 12 | I13: =VLOOKUP(A13,'[1]TAB OGU JUN18'!$A:$G,6,"falso") -> 321.96 | J13: =VLOOKUP(A13,'[1]TAB OGU JUN18'!$A:$G,4,"falso") -> 61.17 | K13: =H13*J13 -> 734.04 | L13: =VLOOKUP(A13,'[1]TAB OGU JUN18'!$A:$G,5,"falso") -> 260.79 | M13: =H13*L13 -> 3129.48 | N13: =H13*I13 -> 3863.52 | O13: =N13/N15 -> 1
B15: Total do Bloco | N15: =N13 -> 3863.52 | O15: =N15/N19 -> 1
B17: Total do Módulo | N17: =N15 -> 3863.52 | O17: =N17/N19 -> 1
B19: TOTAL DA UNIDADE | K19: =SUM(K13) -> 734.04 | M19: =SUM(M13) -> 3129.48 | N19: =N17 -> 3863.52 | O19: =N19/RESUMO!H95 -> 0.00053352598

Sheet 03
A2: SISTEMA DE ORÇAMENTO DE OBRAS
C4: Mun./Loc.: | D4: =RESUMO!D4 -> SÃO JOSÉ DAS PALMEIRAS | G4: Data: | I4: =RESUMO!G4 -> 43657 | J4: =RESUMO!H5 -> Serviços
A5: Relatório Por U.C. | C5: Obra: | D5: =RESUMO!D5 -> SISTEMA DE ESGOTAMENTO SANITARIO - SES | G5: Nº Área: | J5: Serviços | K5: ='02'!O5 -> 0.2758
C6: Área Resp.: | G6: Nº USAQ: | J6: Serv Terc: | K6: ='02'!O6 -> 0.1772
C7: Nº U.C.: | D7: =A12 -> U.C. : 03 | G7: Referência: | I7: =RESUMO!G7 -> Jun18 MOS4aEd v00 | J7: Mat/Equip: | K7: ='02'!O7 -> 0.1772
C8: Ud. Const.: | D8: =B12 -> ADMINISTRAÇÃO LOCAL DA OBRA | I8: * Valor SINAPI Junho/2018 - Desonerado
I9: ** Orçamento com fornecedores
B10: Descrição | G10: Ud | H10: Valor Unitário | I10: Coef. | J10: Total (R$) | K10: %
A12: =RESUMO!A12 -> U.C. : 03 | B12: =RESUMO!B12 -> ADMINISTRAÇÃO LOCAL DA OBRA
B13: ADMINISTRAÇÃO LOCAL DA OBRA
B14: Setor de compras
A15: 253 * | B15: Almoxarife | G15: h | H15: 15.94 | I15: 12 | J15: =H15*I15 -> 191.28 | K15: =J15/$J$37 -> 0.016110571 | L15: 253
B16: Serviços gerais
A17: 41776 * | B17: Vigia noturno, hora efetivamente trabalhada de 22 h as 5 h | G17: h | H17: 16.05 | I17: =140*1 -> 140 | J17: =H17*I17 -> 2247 | K17: =J17/$J$37 -> 0.18925372 | L17: 41776
B18: Setor de produção
A19: 2706 * | B19: Engenheiro civil de obra junior com encargos complementares | G19: h | H19: 73.19 | I19: 6 | J19: =H19*I19 -> 439.14 | K19: =J19/$J$37 -> 0.036986596 | L19: 2706
A20: 2708 * | B20: Engenheiro civil de obra sênior com encargos complementares | G20: h | H20: 113.88 | I20: 6 | J20: =H20*I20 -> 683.28 | K20: =J20/$J$37 -> 0.057549303 | L20: 2708
A21: 4069 * | B21: Mestre de obras com encargos complementares | G21: h | H21: 41.98 | I21: 8 | J21: =H21*I21 -> 335.84 | K21: =J21/$J$37 -> 0.028286146 | L21: 4069
B23: DESPESAS GERAIS DA OBRA
B24: Consumos / despesas diversas
A25: ** | B25: Limpeza / higiene | G25: mês | H25: 150 | I25: 1 | J25: =H25*I25 -> 150 | K25: =J25/$J$37 -> 0.01263376
A26: 14250 * | B26: Energia eletrica comercial, baixa tensao, relativa ao consumo de ate 100 kwh | G26: KW/h | H26: 0.79 | I26: 290 | J26: =H26*I26 -> 229.1 | K26: =J26/$J$37 -> 0.019295963 | L26: 14250
A27: ** | B27: Água / esgoto | G27: mês | H27: 132.72 | I27: 1 | J27: =H27*I27 -> 132.72 | K27: =J27/$J$37 -> 0.011178351
A28: ** | B28: Conta de telefone | G28: mês | H28: 650 | I28: 1 | J28: =H28*I28 -> 650 | K28: =J28/$J$37 -> 0.054746293
A29: 40862 * | B29: Vale refeição | G29: mês | H29: 527.77 | I29: 6 | J29: =H29*I29 -> 3166.62 | K29: =J29/$J$37 -> 0.26670878 | L29: 40862
A30: 40861 * | B30: Vale transporte | G30: mês | H30: 126.77 | I30: 6 | J30: =H30*I30 -> 760.62 | K30: =J30/$J$37 -> 0.06406327 | L30: 40861
A31: 4221 * | B31: Combustíveis / óleo | G31: l | H31: 3.23 | I31: 325 | J31: =H31*I31 -> 1049.75 | K31: =J31/$J$37 -> 0.088415263 | L31: 4221
B33: Locação de Veículos e Equipamentos
A34: 030177 | B34: Veículo leve | G34: mês | H34: 22.97 | I34: 80 | J34: =H34*I34 -> 1837.6 | K34: =J34/$J$37 -> 0.15477198
B37: TOTAL MENSAL | G37: R$ | J37: =SUM(J15:J35) -> 11872.95
B38: A.L.O. MENSAL COM BDI | G38: R$ | J38: =J37+(K5*J37) -> 15147.51
B39: PERÍODO DE EXECUÇÃO | G39: mês | J39: 12
B40: TOTAL DA UNIDADE | J40: =J39*J38 -> 181770.12 | K40: =J40/RESUMO!H95 -> 0.025101223

Sheet 04
A2: SISTEMA DE ORÇAMENTO DE OBRAS
C4: Mun./Loc.: | D4: =RESUMO!D4 -> SÃO JOSÉ DAS PALMEIRAS | G4: Data: | M4: =RESUMO!G4 -> 43657 | N4: =RESUMO!H4 -> BDI Aplicado | P4: extensão rede | Q4: profundidade média | R4: largura média | S4: escoramento | T4: TL / TQ / PV | U4: escavação | V4: pavimentação | W4: deslocamento | X4: número ligações | Y4: pavimentação ligações
A5: Relatório Por U.C. | C5: Obra: | D5: =RESUMO!D5 -> SISTEMA DE ESGOTAMENTO SANITARIO - SES | G5: Nº Área: | N5: =RESUMO!H5 -> Serviços | O5: =RESUMO!I5 -> 0.2758
C6: Área Resp.: | G6: Nº USAQ: | N6: =RESUMO!H6 -> Serv Terc: | O6: =RESUMO!I6 -> 0.1772 | P6: 17247.83 | Q6: 1.3243172 | R6: 0.52399374 | S6: 2465.9392 | T6: 199 | U6: 3012.585 | V6: 770.40434 | W6: 90 | X6: 517 | Y6: 44.437895
C7: Nº U.C.: | D7: =RESUMO!A14 -> U.C. : 04 | G7: Referência: | M7: =RESUMO!G7 -> Jun18 MOS4aEd v00 | N7: =RESUMO!H7 -> Mat/Equip: | O7: =RESUMO!I7 -> 0.1772 | T7: 15 | U7: 1000.2938 | V7: 148.96588 | Y7: 8.59254
C8: Ud. Const.: | D8: =RESUMO!B14 -> REDE COLETORA DE ESGOTOS | T8: 312 | U8: 8025.7576 | V8: 4600.2055 | Y8: 265.34566
B9: Descrição | G9: Ud | H9: Qtde. | I9: Unitário | K9: Mão de Obra | M9: Materiais | N9: Total (R$) | O9: % | U9: 52.54829 | V9: 1202.7113 | Y9: 69.373903
U10: 2711.3265 | V10: 424.82 | Y10: 277.49561
A11: =RESUMO!A15 -> 1 | B11: =RESUMO!B15 -> REDE COLETORA - SERVIÇOS | U11: 8171.3136 | V11: 42.443493
A12: 02 | B12: SERVIÇOS TÉCNICOS | U12: 1208.5447 | V12: 6162.7061
A13: 0201 | B13: TOPOGRAFIA E GEODÉSIA - SERVIÇOS
A14: 020137 | B14: Locação e nivelamento para assentamento de tubulação de esgoto | G14: m | H14: =P6 -> 17247.83 | I14: =VLOOKUP(A14,'[1]TAB OGU JUN18'!$A:$G,6,"falso") -> 1.2 | J14: =VLOOKUP(A14,'[1]TAB OGU JUN18'!$A:$G,4,"falso") -> 0.82 | K14: =H14*J14 -> 14143.221 | L14: =VLOOKUP(A14,'[1]TAB OGU JUN18'!$A:$G,5,"falso") -> 0.38 | M14: =H14*L14 -> 6554.1754 | N14: =H14*I14 -> 20697.396 | O14: =(N14*1)/$N$17 -> 1
B15: (Ordem de serviço para execução - OSE)
B17: Total do Bloco | N17: =SUM(N14:N14) -> 20697.396 | O17: =N17/N34 -> 0.64115022
A19: 0202 | B19: TOPOGRAFIA E GEODÉSIA - ESTADIA DA EQUIPE
A20: 020237 | B20: Locação e nivelamento para assentamento de tubulação de esgoto (Ordem de serviço para execução - OSE) | G20: m | H20: =H14 -> 17247.83 | I20: =VLOOKUP(A20,'[1]TAB OGU JUN18'!$A:$G,6,"falso") -> 0.4 | J20: =VLOOKUP(A20,'[1]TAB OGU JUN18'!$A:$G,4,"falso") -> 0.4 | K20: =H20*J20 -> 6899.132 | L20: =VLOOKUP(A20,'[1]TAB OGU JUN18'!$A:$G,5,"falso") -> 0 | N20: =H20*I20 -> 6899.132 | O20: =N20/N22 -> 1
B22: Total do Bloco | N22: =N20 -> 6899.132 | O22: =N22/N34 -> 0.21371674
A24: 0203 | B24: TOPOGRAFIA E GEODÉSIA - TRANSPORTE DA EQUIPE
A25: 020301 | B25: Deslocamento interurbano de equipe topográfica / equipe de serviços técnicos especializados | G25: Km | H25: =W6 -> 90 | I25: =VLOOKUP(A25,'[1]TAB OGU JUN18'!$A:$G,6,"falso") -> 2.23 | J25: =VLOOKUP(A25,'[1]TAB OGU JUN18'!$A:$G,4,"falso") -> 2.23 | K25: =H25*J25 -> 200.7 | L25: =VLOOKUP(A25,'[1]TAB OGU JUN18'!$A:$G,5,"falso") -> 0 | N25: =H25*I25 -> 200.7 | O25: =N25/N27 -> 1
B27: Total do Bloco | N27: =N25 -> 200.7 | O27: =N27/N34 -> 0.0062171517
A29: 0207 | B29: CADASTRO DE OBRAS
A30: 020702 | B30: Cadastro linear de esgoto - CAD | G30: m | H30: =H14 -> 17247.83 | I30: =VLOOKUP(A30,'[1]TAB OGU JUN18'!$A:$G,6,"falso") -> 0.26 | J30: =VLOOKUP(A30,'[1]TAB OGU JUN18'!$A:$G,4,"falso") -> 0.26 | K30: =H30*J30 -> 4484.4358 | L30: =VLOOKUP(A30,'[1]TAB OGU JUN18'!$A:$G,5,"falso") -> 0 | N30: =H30*I30 -> 4484.4358 | O30: =N30/N32 -> 1
B32: Total do Bloco | N32: =N30 -> 4484.4358 | O32: =N32/N34 -> 0.13891588
B34: Total do Módulo | N34: =N32+N17+N22+N27 -> 32281.664 | O34: =N34/N190 -> 0.031634269
A36: 03 | B36: SERVIÇOS PRELIMINARES
A37: 0305 | B37: SINALIZAÇÃO DE SEGURANÇA
A38: 030501 | B38: Fita plástica | G38: m | H38: =0.25*H14 -> 4311.9575 | I38: =VLOOKUP(A38,'[1]TAB OGU JUN18'!$A:$G,6,"falso") -> 0.2 | J38: =VLOOKUP(A38,'[1]TAB OGU JUN18'!$A:$G,4,"falso") -> 0.13 | K38: =H38*J38 -> 560.55447 | L38: =VLOOKUP(A38,'[1]TAB OGU JUN18'!$A:$G,5,"falso") -> 0.07 | M38: =H38*L38 -> 301.83702 | N38: =H38*I38 -> 862.3915 | O38: =N38/N41 -> 0.16393443
A39: 030504 | B39: Tapume em tela plástica | G39: m | H39: =H38 -> 4311.9575 | I39: =VLOOKUP(A39,'[1]TAB OGU JUN18'!$A:$G,6,"falso") -> 1.02 | J39: =VLOOKUP(A39,'[1]TAB OGU JUN18'!$A:$G,4,"falso") -> 0.91 | K39: =H39*J39 -> 3923.8813 | L39: =VLOOKUP(A39,'[1]TAB OGU JUN18'!$A:$G,5,"falso") -> 0.11 | M39: =H39*L39 -> 474.31532 | N39: =H39*I39 -> 4398.1966 | O39: =N39/N41 -> 0.83606557
B41: Total do Bloco | N41: =N39+N38 -> 5260.5881 | O41: =N41/N49 -> 0.42153844
A43: 0306 | B43: SINALIZAÇÃO DE TRÂNSITO
A44: 030601 | B44: Placa de advertência 1,00 x 1,00m | G44: ud | H44: =ROUND(H14*0.004,0) -> 69 | I44: =VLOOKUP(A44,'[1]TAB OGU JUN18'!$A:$G,6,"falso") -> 75.34 | J44: =VLOOKUP(A44,'[1]TAB OGU JUN18'!$A:$G,4,"falso") -> 38.79 | K44: =H44*J44 -> 2676.51 | L44: =VLOOKUP(A44,'[1]TAB OGU JUN18'!$A:$G,5,"falso") -> 36.55 | M44: =H44*L44 -> 2521.95 | N44: =H44*I44 -> 5198.46 | O44: =N44/N47 -> 0.72011703
A45: 030602 | B45: Placa de advertência 1,00 x 2,00m | G45: ud | H45: =ROUND(H44/4,0) -> 17 | I45: =VLOOKUP(A45,'[1]TAB OGU JUN18'!$A:$G,6,"falso") -> 118.85 | J45: =VLOOKUP(A45,'[1]TAB OGU JUN18'!$A:$G,4,"falso") -> 58.83 | K45: =H45*J45 -> 1000.11 | L45: =VLOOKUP(A45,'[1]TAB OGU JUN18'!$A:$G,5,"falso") -> 60.02 | M45: =H45*L45 -> 1020.34 | N45: =H45*I45 -> 2020.45 | O45: =N45/N47 -> 0.27988297
B47: Total do Bloco | N47: =N44+N45 -> 7218.91 | O47: =N47/N49 -> 0.57846156
B49: Total do Módulo | N49: =N47+N41 -> 12479.498 | O49: =N49/N190 -> 0.012229227
A51: 04 | B51: MOVIMENTO DE SOLOS
A52: 0401 | B52: ESCAVAÇÃO MANUAL DE VALAS
A53: 040109 | B53: Em terra compacta, prof. 0 m < h ≤ 1 m | G53: m³ | H53: =U6 -> 3012.585 | I53: =VLOOKUP(A53,'[1]TAB OGU JUN18'!$A:$G,6,"falso") -> 32.9 | J53: =VLOOKUP(A53,'[1]TAB OGU JUN18'!$A:$G,4,"falso") -> 32.9 | K53: =H53*J53 -> 99114.046 | L53: =VLOOKUP(A53,'[1]TAB OGU JUN18'!$A:$G,5,"falso") -> 0 | N53: =H53*I53 -> 99114.046 | O53: =N53/N56 -> 0.70666463
A54: 040110 | B54: Em terra compacta, prof. 1 m < h ≤ 2 m | G54: m³ | H54: =U7 -> 1000.2938 | I54: =VLOOKUP(A54,'[1]TAB OGU JUN18'!$A:$G,6,"falso") -> 41.13 | J54: =VLOOKUP(A54,'[1]TAB OGU JUN18'!$A:$G,4,"falso") -> 41.13 | K54: =H54*J54 -> 41142.085 | L54: =VLOOKUP(A54,'[1]TAB OGU JUN18'!$A:$G,5,"falso") -> 0 | N54: =H54*I54 -> 41142.085 | O54: =N54/N56 -> 0.29333537
B56: Total do Bloco | N56: =SUM(N53:N54) -> 140256.13 | O56: =N56/N86 -> 0.40677024
A58: 0402 | B58: ESCAVAÇÃO MECÂNICA DE VALAS EM QUALQUER TIPO DE SOLO, EXCETO ROCHA
A59: 040201 | B59: Profundidade 0 m < h ≤ 2 m | G59: m³ | H59: =U8 -> 8025.7576 | I59: =VLOOKUP(A59,'[1]TAB OGU JUN18'!$A:$G,6,"falso") -> 9.77 | J59: =VLOOKUP(A59,'[1]TAB OGU JUN18'!$A:$G,4,"falso") -> 9.77 | K59: =H59*J59 -> 78411.652 | L59: =VLOOKUP(A59,'[1]TAB OGU JUN18'!$A:$G,5,"falso") -> 0 | N59: =H59*I59 -> 78411.652 | O59: =N59/N62 -> 0.99257654
A60: 040202 | B60: Profundidade 0 m < h ≤ 4 m | G60: m³ | H60: =U9 -> 52.54829 | I60: =VLOOKUP(A60,'[1]TAB OGU JUN18'!$A:$G,6,"falso") -> 11.16 | J60: =VLOOKUP(A60,'[1]TAB OGU JUN18'!$A:$G,4,"falso") -> 11.16 | K60: =H60*J60 -> 586.43891 | L60: =VLOOKUP(A60,'[1]TAB OGU JUN18'!$A:$G,5,"falso") -> 0 | N60: =H60*I60 -> 586.43891 | O60: =N60/N62 -> 0.0074234567
B62: Total do Bloco | N62: =N59+N60 -> 78998.091 | O62: =N62/N86 -> 0.22910993
A64: 0413 | B64: ATERRO/REATERRO EM VALAS E CAVAS
A65: 041301 | B65: Manual | G65: m³ | H65: =U10 -> 2711.3265 | I65: =VLOOKUP(A65,'[1]TAB OGU JUN18'!$A:$G,6,"falso") -> 7.4 | J65: =VLOOKUP(A65,'[1]TAB OGU JUN18'!$A:$G,4,"falso") -> 7.4 | K65: =H65*J65 -> 20063.816 | L65: =VLOOKUP(A65,'[1]TAB OGU JUN18'!$A:$G,5,"falso") -> 0 | N65: =H65*I65 -> 20063.816 | O65: =N65/N68 -> 0.65036786
A66: 041302 | B66: Mecânico | G66: m³ | H66: =U11 -> 8171.3136 | I66: =VLOOKUP(A66,'[1]TAB OGU JUN18'!$A:$G,6,"falso") -> 1.32 | J66: =VLOOKUP(A66,'[1]TAB OGU JUN18'!$A:$G,4,"falso") -> 1.32 | K66: =H66*J66 -> 10786.134 | L66: =VLOOKUP(A66,'[1]TAB OGU JUN18'!$A:$G,5,"falso") -> 0 | N66: =H66*I66 -> 10786.134 | O66: =N66/N68 -> 0.34963214
B68: Total do Bloco | N68: =N66+N65 -> 30849.95 | O68: =N68/N86 -> 0.089470895
A70: 0414 | B70: COMPACTAÇÃO EM VALAS
A71: 041401 | B71: Manual | G71: m³ | H71: =H65 -> 2711.3265 | I71: =VLOOKUP(A71,'[1]TAB OGU JUN18'!$A:$G,6,"falso") -> 20.56 | J71: =VLOOKUP(A71,'[1]TAB OGU JUN18'!$A:$G,4,"falso") -> 20.56 | K71: =H71*J71 -> 55744.873 | L71: =VLOOKUP(A71,'[1]TAB OGU JUN18'!$A:$G,5,"falso") -> 0 | N71: =H71*I71 -> 55744.873 | O71: =N71/N74 -> 0.62748416
A72: 041402 | B72: Mecânico | G72: m³ | H72: =H66 -> 8171.3136 | I72: =VLOOKUP(A72,'[1]TAB OGU JUN18'!$A:$G,6,"falso") -> 4.05 | J72: =VLOOKUP(A72,'[1]TAB OGU JUN18'!$A:$G,4,"falso") -> 4.05 | K72: =H72*J72 -> 33093.82 | L72: =VLOOKUP(A72,'[1]TAB OGU JUN18'!$A:$G,5,"falso") -> 0 | N72: =H72*I72 -> 33093.82 | O72: =N72/N74 -> 0.37251584
B74: Total do Bloco | N74: =N72+N71 -> 88838.693 | O74: =N74/N86 -> 0.2576496
A76: 0418 | B76: CARGA E DESCARGA DE SOLOS
A77: 041801 | B77: Qualquer tipo de solo exceto rocha | G77: m³ | H77: =U12 -> 1208.5447 | I77: =VLOOKUP(A77,'[1]TAB OGU JUN18'!$A:$G,6,"falso") -> 1.85 | J77: =VLOOKUP(A77,'[1]TAB OGU JUN18'!$A:$G,4,"falso") -> 1.85 | K77: =H77*J77 -> 2235.8076 | L77: =VLOOKUP(A77,'[1]TAB OGU JUN18'!$A:$G,5,"falso") -> 0 | N77: =H77*I77 -> 2235.8076 | O77: =N77/N79 -> 1
B79: Total do Bloco | N79: =N77 -> 2235.8076 | O79: =N79/N86 -> 0.0064842798
A81: 0419 | B81: TRANSPORTE DE SOLOS
A82: 041901 | B82: Qualquer tipo de solo exceto rocha, em rodovia ou rua | G82: m³xkm | H82: =3*H77 -> 3625.634 | I82: =VLOOKUP(A82,'[1]TAB OGU JUN18'!$A:$G,6,"falso") -> 1 | J82: =VLOOKUP(A82,'[1]TAB OGU JUN18'!$A:$G,4,"falso") -> 1 | K82: =H82*J82 -> 3625.634 | L82: =VLOOKUP(A82,'[1]TAB OGU JUN18'!$A:$G,5,"falso") -> 0 | N82: =H82*I82 -> 3625.634 | O82: =N82/N84 -> 1
B84: Total do Bloco | N84: =N82 -> 3625.634 | O84: =N84/N86 -> 0.010515048
B86: Total do Módulo | N86: =N84+N79+N74+N68+N62+N56 -> 344804.31 | O86: =N86/N190 -> 0.33788941
A88: 05 | B88: ESCORAMENTO
A89: 0501 | B89: ESCORAMENTO DE MADEIRA
A90: 050101 | B90: Pontalete | G90: m² | H90: =0.95*$S$6 -> 2342.6423 | I90: =VLOOKUP(A90,'[1]TAB OGU JUN18'!$A:$G,6,"falso") -> 14.81 | J90: =VLOOKUP(A90,'[1]TAB OGU JUN18'!$A:$G,4,"falso") -> 13.63 | K90: =H90*J90 -> 31930.214 | L90: =VLOOKUP(A90,'[1]TAB OGU JUN18'!$A:$G,5,"falso") -> 1.18 | M90: =H90*L90 -> 2764.3179 | N90: =H90*I90 -> 34694.532 | O90: =N90/N93 -> 0.92425686
A91: 050102 | B91: Descontínuo | G91: m² | H91: =0.05*$S$6 -> 123.29696 | I91: =VLOOKUP(A91,'[1]TAB OGU JUN18'!$A:$G,6,"falso") -> 23.06 | J91: =VLOOKUP(A91,'[1]TAB OGU JUN18'!$A:$G,4,"falso") -> 22.37 | K91: =H91*J91 -> 2758.153 | L91: =VLOOKUP(A91,'[1]TAB OGU JUN18'!$A:$G,5,"falso") -> 0.69 | M91: =H91*L91 -> 85.074904 | N91: =H91*I91 -> 2843.2279 | O91: =N91/N93 -> 0.075743143
B93: Total do Bloco | N93: =N90+N91 -> 37537.76 | O93: =N93/N100 -> 1
A95: 0503 | B95: ESCORAMENTO MISTO
A96: 050301 | B96: Tipo hamburguês | G96: m² | I96: =VLOOKUP(A96,'[1]TAB OGU JUN18'!$A:$G,6,"falso") -> 144.25 | J96: =VLOOKUP(A96,'[1]TAB OGU JUN18'!$A:$G,4,"falso") -> 134.15 | K96: =H96*J96 -> 0 | L96: =VLOOKUP(A96,'[1]TAB OGU JUN18'!$A:$G,5,"falso") -> 10.1 | M96: =H96*L96 -> 0 | N96: =H96*I96 -> 0 | O96: =N96/N98 -> #DIV/0!
B98: Total do Bloco | N98: =N96 -> 0 | O98: =N98/N100 -> 0
B100: Total do Módulo | N100: =N93+N98 -> 37537.76 | O100: =N100/N190 -> 0.036784957
A102: 06 | B102: ESGOTAMENTO
A103: 0601 | B103: ESGOTAMENTO COM BOMBAS
A104: 060101 | B104: Moto bomba | G104: h | H104: =((H14*R6*Q6)*0.06*1000)/20000 -> 35.906563 | I104: =VLOOKUP(A104,'[1]TAB OGU JUN18'!$A:$G,6,"falso") -> 5.52 | J104: =VLOOKUP(A104,'[1]TAB OGU JUN18'!$A:$G,4,"falso") -> 5.52 | K104: =H104*J104 -> 198.20423 | L104: =VLOOKUP(A104,'[1]TAB OGU JUN18'!$A:$G,5,"falso") -> 0 | N104: =H104*I104 -> 198.20423 | O104: =N104/N106 -> 1
B106: Total do Bloco | N106: =N104 -> 198.20423 | O106: =N106/N108 -> 1
B108: Total do Módulo | N108: =N106 -> 198.20423 | O108: =N108/N190 -> 0.00019422933
A110: 09 | B110: ASSENTAMENTOS
A111: 0902 | B111: TUBULAÇÃO DE PVC JE / JEI PARA ESGOTO
A112: 090202 | B112: DN 150 | G112: m | H112: =H14-H113 -> 17103.39 | I112: =VLOOKUP(A112,'[1]TAB OGU JUN18'!$A:$G,6,"falso") -> 2.64 | J112: =VLOOKUP(A112,'[1]TAB OGU JUN18'!$A:$G,4,"falso") -> 2.56 | K112: =H112*J112 -> 43784.678 | L112: =VLOOKUP(A112,'[1]TAB OGU JUN18'!$A:$G,5,"falso") -> 0.08 | M112: =H112*L112 -> 1368.2712 | N112: =H112*I112 -> 45152.95 | O112: =N112/$N$115 -> 0.99005533
A113: 090203 | B113: DN 200 | G113: m | H113: 144.44 | I113: =VLOOKUP(A113,'[1]TAB OGU JUN18'!$A:$G,6,"falso") -> 3.14 | J113: =VLOOKUP(A113,'[1]TAB OGU JUN18'!$A:$G,4,"falso") -> 3.01 | K113: =H113*J113 -> 434.7644 | L113: =VLOOKUP(A113,'[1]TAB OGU JUN18'!$A:$G,5,"falso") -> 0.13 | M113: =H113*L113 -> 18.7772 | N113: =H113*I113 -> 453.5416 | O113: =N113/$N$115 -> 0.0099446721
B115: Total do Bloco | N115: =N112+N113 -> 45606.491 | O115: =N115/N138 -> 0.1269884
A117: 0913 | B117: TERMINAL DE LIMPEZA (TL)
A118: 091302 | B118: PVC JE DN 150 | G118: ud | H118: =T6 -> 199 | I118: =VLOOKUP(A118,'[1]TAB OGU JUN18'!$A:$G,6,"falso") -> 30.79 | J118: =VLOOKUP(A118,'[1]TAB OGU JUN18'!$A:$G,4,"falso") -> 22.49 | K118: =H118*J118 -> 4475.51 | L118: =VLOOKUP(A118,'[1]TAB OGU JUN18'!$A:$G,5,"falso") -> 8.3 | M118: =H118*L118 -> 1651.7 | N118: =H118*I118 -> 6127.21 | O118: =N118/N120 -> 1
B120: Total do Bloco | N120: =N118 -> 6127.21 | O120: =N120/N138 -> 0.01706083
A122: 0914 | B122: TUBO DE QUEDA (TQ)
A123: 091402 | B123: PVC JE DN 150 | G123: ud | H123: =T7 -> 15 | I123: =VLOOKUP(A123,'[1]TAB OGU JUN18'!$A:$G,6,"falso") -> 84.78 | J123: =VLOOKUP(A123,'[1]TAB OGU JUN18'!$A:$G,4,"falso") -> 54.92 | K123: =H123*J123 -> 823.8 | L123: =VLOOKUP(A123,'[1]TAB OGU JUN18'!$A:$G,5,"falso") -> 29.86 | M123: =H123*L123 -> 447.9 | N123: =H123*I123 -> 1271.7 | O123: =N123/N125 -> 1
B125: Total do Bloco | N125: =N123 -> 1271.7 | O125: =N125/N138 -> 0.0035409684
A127: 0917 | B127: POÇO DE VISITA TIPO C - DN 800
A128: 091701 | B128: Com profundidade até 1,00 m | G128: ud | H128: =T8 -> 312 | I128: =VLOOKUP(A128,'[1]TAB OGU JUN18'!$A:$G,6,"falso") -> 466.82 | J128: =VLOOKUP(A128,'[1]TAB OGU JUN18'!$A:$G,4,"falso") -> 143.97 | K128: =H128*J128 -> 44918.64 | L128: =VLOOKUP(A128,'[1]TAB OGU JUN18'!$A:$G,5,"falso") -> 322.85 | M128: =H128*L128 -> 100729.2 | N128: =H128*I128 -> 145647.84 | O128: =N128/N131 -> 0.89165153
A129: 091702 | B129: Acréscimo para prof. Superior a 1,00 m | G129: m | H129: =(Q6-1.1)*H128 -> 69.986969 | I129: =VLOOKUP(A129,'[1]TAB OGU JUN18'!$A:$G,6,"falso") -> 252.88 | J129: =VLOOKUP(A129,'[1]TAB OGU JUN18'!$A:$G,4,"falso") -> 47.83 | K129: =H129*J129 -> 3347.4767 | L129: =VLOOKUP(A129,'[1]TAB OGU JUN18'!$A:$G,5,"falso") -> 205.05 | M129: =H129*L129 -> 14350.828 | N129: =H129*I129 -> 17698.305 | O129: =N129/N131 -> 0.10834847
B131: Total do Bloco | N131: =N129+N128 -> 163346.14 | O131: =N131/N138 -> 0.45482704
A133: 0927 | B133: EMBASAMENTO
A134: 092702 | B134: Areia | G134: m³ | H134: =H14*R6*0.1 -> 903.7755 | I134: =VLOOKUP(A134,'[1]TAB OGU JUN18'!$A:$G,6,"falso") -> 157.99 | J134: =VLOOKUP(A134,'[1]TAB OGU JUN18'!$A:$G,4,"falso") -> 39.5 | K134: =H134*J134 -> 35699.132 | L134: =VLOOKUP(A134,'[1]TAB OGU JUN18'!$A:$G,5,"falso") -> 118.49 | M134: =H134*L134 -> 107088.36 | N134: =H134*I134 -> 142787.49 | O134: =N134/N136 -> 1
B136: Total do Bloco | N136: =N134 -> 142787.49 | O136: =N136/N138 -> 0.39758276
B138: Total do Módulo | N138: =N136+N131+N125+N120+N115 -> 359139.04 | O138: =N138/N190 -> 0.35193666
A140: 10 | B140: PAVIMENTAÇÃO
A141: 1001 | B141: RETIRADA DE PAVIMENTOS, GUIAS E SARJETAS
A142: 100107 | B142: Lajota sextavada de concreto | G142: m² | H142: =V6 -> 770.40434 | I142: =VLOOKUP(A142,'[1]TAB OGU JUN18'!$A:$G,6,"falso") -> 11.38 | J142: =VLOOKUP(A142,'[1]TAB OGU JUN18'!$A:$G,4,"falso") -> 11.38 | K142: =H142*J142 -> 8767.2014 | L142: =VLOOKUP(A142,'[1]TAB OGU JUN18'!$A:$G,5,"falso") -> 0 | N142: =H142*I142 -> 8767.2014 | O142: =N142/$N$150 -> 0.15490585
A143: 100109 | B143: Bloco de concreto tipo Paver | G143: m² | H143: =V7 -> 148.96588 | I143: =VLOOKUP(A143,'[1]TAB OGU JUN18'!$A:$G,6,"falso") -> 11.38 | J143: =VLOOKUP(A143,'[1]TAB OGU JUN18'!$A:$G,4,"falso") -> 11.38 | K143: =H143*J143 -> 1695.2317 | L143: =VLOOKUP(A143,'[1]TAB OGU JUN18'!$A:$G,5,"falso") -> 0 | N143: =H143*I143 -> 1695.2317 | O143: =N143/$N$150 -> 0.029952696
A144: 100110 | B144: Grama | G144: m² | H144: =V8 -> 4600.2055 | I144: =VLOOKUP(A144,'[1]TAB OGU JUN18'!$A:$G,6,"falso") -> 4.37 | J144: =VLOOKUP(A144,'[1]TAB OGU JUN18'!$A:$G,4,"falso") -> 4.37 | K144: =H144*J144 -> 20102.898 | L144: =VLOOKUP(A144,'[1]TAB OGU JUN18'!$A:$G,5,"falso") -> 0 | N144: =H144*I144 -> 20102.898 | O144: =N144/$N$150 -> 0.35519392
A145: 100114 | B145: Piso de concreto desempenado | G145: m² | H145: =V9 -> 1202.7113 | I145: =VLOOKUP(A145,'[1]TAB OGU JUN18'!$A:$G,6,"falso") -> 6.58 | J145: =VLOOKUP(A145,'[1]TAB OGU JUN18'!$A:$G,4,"falso") -> 6.58 | K145: =H145*J145 -> 7913.8401 | L145: =VLOOKUP(A145,'[1]TAB OGU JUN18'!$A:$G,5,"falso") -> 0 | N145: =H145*I145 -> 7913.8401 | O145: =N145/$N$150 -> 0.13982799
A146: 100115 | B146: Anti-pó | G146: m² | H146: =V10 -> 424.82 | I146: =VLOOKUP(A146,'[1]TAB OGU JUN18'!$A:$G,6,"falso") -> 6.58 | J146: =VLOOKUP(A146,'[1]TAB OGU JUN18'!$A:$G,4,"falso") -> 6.58 | K146: =H146*J146 -> 2795.3156 | L146: =VLOOKUP(A146,'[1]TAB OGU JUN18'!$A:$G,5,"falso") -> 0 | N146: =H146*I146 -> 2795.3156 | O146: =N146/$N$150 -> 0.049389849
A147: 100121 | B147: Guia-sarjeta de concreto pré-moldada | G147: m | H147: =V11 -> 42.443493 | I147: =VLOOKUP(A147,'[1]TAB OGU JUN18'!$A:$G,6,"falso") -> 9.63 | J147: =VLOOKUP(A147,'[1]TAB OGU JUN18'!$A:$G,4,"falso") -> 9.63 | K147: =H147*J147 -> 408.73084 | L147: =VLOOKUP(A147,'[1]TAB OGU JUN18'!$A:$G,5,"falso") -> 0 | N147: =H147*I147 -> 408.73084 | O147: =N147/$N$150 -> 0.00722178
A148: 100123 | B148: Corte de pavimento com disco | G148: m | H148: =V12 -> 6162.7061 | I148: =VLOOKUP(A148,'[1]TAB OGU JUN18'!$A:$G,6,"falso") -> 2.42 | J148: =VLOOKUP(A148,'[1]TAB OGU JUN18'!$A:$G,4,"falso") -> 1.15 | K148: =H148*J148 -> 7087.112 | L148: =VLOOKUP(A148,'[1]TAB OGU JUN18'!$A:$G,5,"falso") -> 1.27 | M148: =H148*L148 -> 7826.6367 | N148: =H148*I148 -> 14913.749 | O148: =N148/$N$150 -> 0.26350792
...

Sheet 05
A2: SISTEMA DE ORÇAMENTO DE OBRAS
C4: Mun./Loc.: | D4: =RESUMO!D4 -> SÃO JOSÉ DAS PALMEIRAS | G4: Data: | M4: =RESUMO!G4 -> 43657 | N4: =RESUMO!H4 -> BDI Aplicado
A5: Relatório Por U.C. | C5: Obra: | D5: =RESUMO!D5 -> SISTEMA DE ESGOTAMENTO SANITARIO - SES | G5: Nº Área: | N5: =RESUMO!H5 -> Serviços | O5: =RESUMO!I5 -> 0.2758
C6: Área Resp.: | G6: Nº USAQ: | N6: =RESUMO!H6 -> Serv Terc: | O6: =RESUMO!I6 -> 0.1772
C7: Nº U.C.: | D7: =RESUMO!A14 -> U.C. : 04 | G7: Referência: | M7: =RESUMO!G7 -> Jun18 MOS4aEd v00 | N7: =RESUMO!H7 -> Mat/Equip: | O7: =RESUMO!I7 -> 0.1772
C8: Ud. Const.: | D8: =RESUMO!B14 -> REDE COLETORA DE ESGOTOS | M8: ='[1]TAB OGU JUN18'!$B$1 -> Descrição
B9: Descrição | G9: Ud | H9: Qtde. | I9: Unitário | K9: Mão de Obra | M9: Materiais | N9: Total (R$) | O9: %
A11: =RESUMO!A16 -> 2 | B11: =RESUMO!B16 -> REDE COLETORA - MATERIAIS
A12: 20 | B12: MATERIAL DE CONCRETO
A13: 2001 | B13: TAMPA / COPO DE CONCRETO
A14: 6251 * | B14: Tampa/copo de concreto DN 150 | G14: ud | H14: ='04'!H118 -> 199 | I14: 31.4 | L14: 31.4 | M14: =H14*L14 -> 6248.6 | N14: =H14*I14 -> 6248.6 | O14: =(N14*1)/$N$17 -> 1 | P14: 6251
A15: 13255 * | B15: Tampa de concreto para PV ou caixa de inspeção, dimensões 600 X 600 X 50 mm | G15: ud | H15: 0 | I15: 43.13 | L15: 43.13 | M15: =H15*L15 -> 0 | N15: =H15*I15 -> 0 | O15: =N15/N17 -> 0 | P15: 13255
B17: Total do Bloco | N17: =SUM(N14:N15) -> 6248.6 | O17: =N17/N19 -> 1
B19: Total do Módulo | N19: =N17 -> 6248.6 | O19: =N19/N48 -> 0.0080423178
A21: 22 | B21: MATERIAL DE FERRO DÚCTIL - ESGOTO
A22: 2233 | B22: TAMPÃO FD
A23: 223302 | B23: Tampão Classe 125 FD para poço de visita padrão Sanepar | G23: ud | H23: ='04'!H128 -> 312 | I23: =VLOOKUP(A23,'[1]TAB OGU JUN18'!$A:$G,6,"falso") -> 315 | L23: =VLOOKUP(A23,'[1]TAB OGU JUN18'!$A:$G,5,"falso") -> 315 | M23: =H23*L23 -> 98280 | N23: =H23*I23 -> 98280 | O23: =N23/N25 -> 1
B25: Total do Bloco | N25: =N23 -> 98280 | O25: =N25/N27 -> 1
B27: Total do Módulo | N27: =N25 -> 98280 | O27: =N27/N48 -> 0.12649217
A29: 25 | B29: MATERIAL DE PVC - ESGOTO
A30: 2503 | B30: CURVA PVC
A31: 250331 | B31: Curva PVC 90º JE/JEI PB coletor de esgoto DN 150 | G31: ud | H31: ='04'!H118+'04'!H123 -> 214 | I31: =VLOOKUP(A31,'[1]TAB OGU JUN18'!$A:$G,6,"falso") -> 87.25 | L31: =VLOOKUP(A31,'[1]TAB OGU JUN18'!$A:$G,5,"falso") -> 87.25 | M31: =H31*L31 -> 18671.5 | N31: =H31*I31 -> 18671.5 | O31: =(N31*1)/N31 -> 1
B33: Total do Bloco | N33: =N31 -> 18671.5 | O33: =N33/N46 -> 0.027766935
A35: 2509 | B35: TE PVC
A36: 250903 | B36: Te PVC JE/JEI BBB coletor de esgoto DN 150 | G36: ud | H36: ='04'!H123 -> 15 | I36: =VLOOKUP(A36,'[1]TAB OGU JUN18'!$A:$G,6,"falso") -> 112 | L36: =VLOOKUP(A36,'[1]TAB OGU JUN18'!$A:$G,5,"falso") -> 112 | M36: =H36*L36 -> 1680 | N36: =H36*I36 -> 1680 | O36: =N36/N38 -> 1
B38: Total do Bloco | N38: =N36 -> 1680 | O38: =N38/N46 -> 0.0024983773
A40: 2511 | B40: TUBO PVC
A41: 251103 | B41: Tubo PVC JEI coletor de esgoto parede maciça NBR 7362-2 DN 150 | G41: m | H41: ='04'!H112 -> 17103.39 | I41: =VLOOKUP(A41,'[1]TAB OGU JUN18'!$A:$G,6,"falso") -> 37.63 | L41: =VLOOKUP(A41,'[1]TAB OGU JUN18'!$A:$G,5,"falso") -> 37.63 | M41: =H41*L41 -> 643600.57 | N41: =H41*I41 -> 643600.57 | O41: =N41/$N$44 -> 0.9869888
A42: 251104 | B42: Tubo PVC JEI coletor de esgoto parede maciça NBR 7362-2 DN 200 | G42: m | H42: ='04'!H113 -> 144.44 | I42: =VLOOKUP(A42,'[1]TAB OGU JUN18'!$A:$G,6,"falso") -> 58.74 | L42: =VLOOKUP(A42,'[1]TAB OGU JUN18'!$A:$G,5,"falso") -> 58.74 | M42: =H42*L42 -> 8484.4056 | N42: =H42*I42 -> 8484.4056 | O42: =N42/$N$44 -> 0.013011196
B44: Total do Bloco | N44: =N41+N42 -> 652084.97 | O44: =N44/N46 -> 0.96973469
B46: Total do Módulo | N46: =N44+N38+N33 -> 672436.47 | O46: =N46/N48 -> 0.86546551
B48: TOTAL DA UNIDADE | M48: =SUM(M13:M47) -> 776965.07 | N48: =N46+N27+N19 -> 776965.07
B50: TOTAL DA UNIDADE COM BDI | M50: =M48+(M48*O7) -> 914643.28 | N50: =M50 -> 914643.28 | O50: =N50/RESUMO!H95 -> 0.12630605

Sheet 06
A2: SISTEMA DE ORÇAMENTO DE OBRAS
C4: Mun./Loc.: | D4: =RESUMO!D4 -> SÃO JOSÉ DAS PALMEIRAS | G4: Data: | M4: =RESUMO!G4 -> 43657 | N4: =RESUMO!H4 -> BDI Aplicado
A5: Relatório Por U.C. | C5: Obra: | D5: =RESUMO!D5 -> SISTEMA DE ESGOTAMENTO SANITARIO - SES | G5: Nº Área: | N5: =RESUMO!H5 -> Serviços | O5: =RESUMO!I5 -> 0.2758
C6: Área Resp.: | G6: Nº USAQ: | N6: =RESUMO!H6 -> Serv Terc: | O6: =RESUMO!I6 -> 0.1772 | Q6: ='04'!X6 -> 517 | S6: =(PI()*0.1^2)/4 -> 0.0078539816 | T6: =S6*H96 -> 6.0907628
C7: Nº U.C.: | D7: =RESUMO!A17 -> U.C. : 05 | G7: Referência: | M7: =RESUMO!G7 -> Jun18 MOS4aEd v00 | N7: =RESUMO!H7 -> Mat/Equip: | O7: =RESUMO!I7 -> 0.1772
C8: Ud. Const.: | D8: =RESUMO!B17 -> LIGAÇÕES PREDIAIS
B9: Descrição | G9: Ud | H9: Qtde. | I9: Unitário | K9: Mão de Obra | M9: Materiais | N9: Total (R$) | O9: %
A11: =RESUMO!A18 -> 1 | B11: =RESUMO!B18 -> LIGAÇÕES PREDIAIS - SERVIÇOS
A12: 04 | B12: MOVIMENTO DE SOLOS
A13: 0401 | B13: ESCAVAÇÃO MANUAL DE VALAS
A14: 040109 | B14: Em terra compacta, prof. 0 m < h ≤ 1 m | G14: m³ | H14: =Q96/3 -> 129.25 | I14: =VLOOKUP(A14,'[1]TAB OGU JUN18'!$A:$G,6,"falso") -> 32.9 | J14: =VLOOKUP(A14,'[1]TAB OGU JUN18'!$A:$G,4,"falso") -> 32.9 | K14: =H14*J14 -> 4252.325 | L14: =VLOOKUP(A14,'[1]TAB OGU JUN18'!$A:$G,5,"falso") -> 0 | N14: =H14*I14 -> 4252.325 | O14: =N14/N16 -> 1
B16: Total do Bloco | N16: =N14 -> 4252.325 | O16: =N16/N43 -> 0.45455822
A18: 0402 | B18: ESCAVAÇÃO MECÂNICA DE VALAS EM QUALQUER TIPO DE SOLO, EXCETO ROCHA
A19: 040201 | B19: Profundidade 0 m < h ≤ 2 m | G19: m³ | H19: =H14*2 -> 258.5 | I19: =VLOOKUP(A19,'[1]TAB OGU JUN18'!$A:$G,6,"falso") -> 9.77 | J19: =VLOOKUP(A19,'[1]TAB OGU JUN18'!$A:$G,4,"falso") -> 9.77 | K19: =H19*J19 -> 2525.545 | L19: =VLOOKUP(A19,'[1]TAB OGU JUN18'!$A:$G,5,"falso") -> 0 | N19: =H19*I19 -> 2525.545 | O19: =N19/N21 -> 1
B21: Total do Bloco | N21: =N19 -> 2525.545 | O21: =N21/N43 -> 0.26997166
A23: 0413 | B23: ATERRO/REATERRO EM VALAS E CAVAS
A24: 041301 | B24: Manual | G24: m³ | H24: =H14-H34 -> 84.384237 | I24: =VLOOKUP(A24,'[1]TAB OGU JUN18'!$A:$G,6,"falso") -> 7.4 | J24: =VLOOKUP(A24,'[1]TAB OGU JUN18'!$A:$G,4,"falso") -> 7.4 | K24: =H24*J24 -> 624.44336 | L24: =VLOOKUP(A24,'[1]TAB OGU JUN18'!$A:$G,5,"falso") -> 0 | N24: =H24*I24 -> 624.44336 | O24: =N24/N26 -> 1
B26: Total do Bloco | N26: =N24 -> 624.44336 | O26: =N26/N43 -> 0.066750745
A28: 0414 | B28: COMPACTAÇÃO EM VALAS
A29: 041401 | B29: Manual | G29: m³ | H29: =H24 -> 84.384237 | I29: =VLOOKUP(A29,'[1]TAB OGU JUN18'!$A:$G,6,"falso") -> 20.56 | J29: =VLOOKUP(A29,'[1]TAB OGU JUN18'!$A:$G,4,"falso") -> 20.56 | K29: =H29*J29 -> 1734.9399 | L29: =VLOOKUP(A29,'[1]TAB OGU JUN18'!$A:$G,5,"falso") -> 0 | N29: =H29*I29 -> 1734.9399 | O29: =N29/N31 -> 1
B31: Total do Bloco | N31: =N29 -> 1734.9399 | O31: =N31/N43 -> 0.18545883
A33: 0418 | B33: CARGA E DESCARGA DE SOLOS
A34: 041801 | B34: Qualquer tipo de solo exceto rocha | G34: m³ | H34: =H57+T6 -> 44.865763 | I34: =VLOOKUP(A34,'[1]TAB OGU JUN18'!$A:$G,6,"falso") -> 1.85 | J34: =VLOOKUP(A34,'[1]TAB OGU JUN18'!$A:$G,4,"falso") -> 1.85 | K34: =H34*J34 -> 83.001661 | L34: =VLOOKUP(A34,'[1]TAB OGU JUN18'!$A:$G,5,"falso") -> 0 | N34: =H34*I34 -> 83.001661 | O34: =N34/N36 -> 1
B36: Total do Bloco | N36: =N34 -> 83.001661 | O36: =N36/N43 -> 0.0088725785
A38: 0419 | B38: TRANSPORTE DE SOLOS
A39: 041901 | B39: Qualquer tipo de solo exceto rocha, em rodovia ou rua | G39: m³xkm | H39: =H34*3 -> 134.59729 | I39: =VLOOKUP(A39,'[1]TAB OGU JUN18'!$A:$G,6,"falso") -> 1 | J39: =VLOOKUP(A39,'[1]TAB OGU JUN18'!$A:$G,4,"falso") -> 1 | K39: =H39*J39 -> 134.59729 | L39: =VLOOKUP(A39,'[1]TAB OGU JUN18'!$A:$G,5,"falso") -> 0 | N39: =H39*I39 -> 134.59729 | O39: =N39/N41 -> 1
B41: Total do Bloco | N41: =N39 -> 134.59729 | O41: =N41/N43 -> 0.014387965
B43: Total do Módulo | N43: =N41+N36+N31+N26+N21+N16 -> 9354.8522 | O43: =N43/N102 -> 0.22310396
A45: 09 | B45: ASSENTAMENTOS
A46: 0902 | B46: TUBULAÇÃO DE PVC JE / JEI PARA ESGOTO
A47: 090201 | B47: DN 100 | G47: m | H47: =Q6*2.5 -> 1292.5 | I47: =VLOOKUP(A47,'[1]TAB OGU JUN18'!$A:$G,6,"falso") -> 2.17 | J47: =VLOOKUP(A47,'[1]TAB OGU JUN18'!$A:$G,4,"falso") -> 2.13 | K47: =H47*J47 -> 2753.025 | L47: =VLOOKUP(A47,'[1]TAB OGU JUN18'!$A:$G,5,"falso") -> 0.04 | M47: =H47*L47 -> 51.7 | N47: =H47*I47 -> 2804.725 | O47: =N47/N49 -> 1
B49: Total do Bloco | N49: =N47 -> 2804.725 | O49: =N49/N61 -> 0.11771918
A51: 0912 | B51: TUBO DE INSPEÇÃO E LIMPEZA (TIL) PARA LIGAÇÃO PREDIAL
A52: 091201 | B52: PVC JE DN 100 X 100 | G52: ud | H52: =Q6 -> 517 | I52: =VLOOKUP(A52,'[1]TAB OGU JUN18'!$A:$G,6,"falso") -> 28.81 | J52: =VLOOKUP(A52,'[1]TAB OGU JUN18'!$A:$G,4,"falso") -> 22.49 | K52: =H52*J52 -> 11627.33 | L52: =VLOOKUP(A52,'[1]TAB OGU JUN18'!$A:$G,5,"falso") -> 6.32 | M52: =H52*L52 -> 3267.44 | N52: =H52*I52 -> 14894.77 | O52: =N52/N54 -> 1
B54: Total do Bloco | N54: =N52 -> 14894.77 | O54: =N54/N61 -> 0.62515935
A56: 0927 | B56: EMBASAMENTO
A57: 092702 | B57: Areia | G57: m³ | H57: =H96*0.5*0.1 -> 38.775 | I57: =VLOOKUP(A57,'[1]TAB OGU JUN18'!$A:$G,6,"falso") -> 157.99 | J57: =VLOOKUP(A57,'[1]TAB OGU JUN18'!$A:$G,4,"falso") -> 39.5 | K57: =H57*J57 -> 1531.6125 | L57: =VLOOKUP(A57,'[1]TAB OGU JUN18'!$A:$G,5,"falso") -> 118.49 | M57: =H57*L57 -> 4594.4498 | N57: =H57*I57 -> 6126.0623 | O57: =N57/N59 -> 1
B59: Total do Bloco | N59: =N57 -> 6126.0623 | O59: =N59/N61 -> 0.25712147
B61: Total do Módulo | N61: =N59+N54+N49 -> 23825.557 | O61: =N61/N102 -> 0.56821593
A63: 10 | B63: PAVIMENTAÇÃO
A64: 1001 | B64: RETIRADA DE PAVIMENTOS, GUIAS E SARJETAS
A65: 100107 | B65: Lajota sextavada de concreto | G65: m² | H65: ='04'!Y6 -> 44.437895 | I65: =VLOOKUP(A65,'[1]TAB OGU JUN18'!$A:$G,6,"falso") -> 11.38 | J65: =VLOOKUP(A65,'[1]TAB OGU JUN18'!$A:$G,4,"falso") -> 11.38 | K65: =H65*J65 -> 505.70324 | L65: =VLOOKUP(A65,'[1]TAB OGU JUN18'!$A:$G,5,"falso") -> 0 | N65: =H65*I65 -> 505.70324 | O65: =N65/$N$71 -> 0.17491927
A66: 100109 | B66: Bloco de concreto tipo Paver | G66: m² | H66: ='04'!Y7 -> 8.59254 | I66: =VLOOKUP(A66,'[1]TAB OGU JUN18'!$A:$G,6,"falso") -> 11.38 | J66: =VLOOKUP(A66,'[1]TAB OGU JUN18'!$A:$G,4,"falso") -> 11.38 | K66: =H66*J66 -> 97.783105 | L66: =VLOOKUP(A66,'[1]TAB OGU JUN18'!$A:$G,5,"falso") -> 0 | N66: =H66*I66 -> 97.783105 | O66: =N66/$N$71 -> 0.033822502
A67: 100110 | B67: Grama | G67: m² | H67: ='04'!Y8 -> 265.34566 | I67: =VLOOKUP(A67,'[1]TAB OGU JUN18'!$A:$G,6,"falso") -> 4.37 | J67: =VLOOKUP(A67,'[1]TAB OGU JUN18'!$A:$G,4,"falso") -> 4.37 | K67: =H67*J67 -> 1159.5605 | L67: =VLOOKUP(A67,'[1]TAB OGU JUN18'!$A:$G,5,"falso") -> 0 | N67: =H67*I67 -> 1159.5605 | O67: =N67/$N$71 -> 0.401084
A68: 100114 | B68: Piso de concreto desempenado | G68: m² | H68: ='04'!Y9 -> 69.373903 | I68: =VLOOKUP(A68,'[1]TAB OGU JUN18'!$A:$G,6,"falso") -> 6.58 | J68: =VLOOKUP(A68,'[1]TAB OGU JUN18'!$A:$G,4,"falso") -> 6.58 | K68: =H68*J68 -> 456.48029 | L68: =VLOOKUP(A68,'[1]TAB OGU JUN18'!$A:$G,5,"falso") -> 0 | N68: =H68*I68 -> 456.48029 | O68: =N68/$N$71 -> 0.15789338
A69: 100123 | B69: Corte de pavimento com disco | G69: m | H69: ='04'!Y10 -> 277.49561 | I69: =VLOOKUP(A69,'[1]TAB OGU JUN18'!$A:$G,6,"falso") -> 2.42 | J69: =VLOOKUP(A69,'[1]TAB OGU JUN18'!$A:$G,4,"falso") -> 1.15 | K69: =H69*J69 -> 319.11996 | L69: =VLOOKUP(A69,'[1]TAB OGU JUN18'!$A:$G,5,"falso") -> 1.27 | M69: =H69*L69 -> 352.41943 | N69: =H69*I69 -> 671.53939 | O69: =N69/$N$71 -> 0.23228085
B71: Total do Bloco | N71: =SUM(N65:N70) -> 2891.0666 | O71: =N71/N92 -> 0.37083075
A73: 1003 | B73: RECOMPOSIÇÃO DE PAVIMENTOS, GUIAS E SARJETAS COM
B74: REAPROVEITAMENTO TOTAL DO MATERIAL
A75: 100301 | B75: Lajota sextavada de concreto | G75: m² | H75: =H65 -> 44.437895 | I75: =VLOOKUP(A75,'[1]TAB OGU JUN18'!$A:$G,6,"falso") -> 30.65 | J75: =VLOOKUP(A75,'[1]TAB OGU JUN18'!$A:$G,4,"falso") -> 26.25 | K75: =H75*J75 -> 1166.4947 | L75: =VLOOKUP(A75,'[1]TAB OGU JUN18'!$A:$G,5,"falso") -> 4.4 | M75: =H75*L75 -> 195.52674 | N75: =H75*I75 -> 1362.0215 | O75: =N75/$N$78 -> 0.82296023
A76: 100307 | B76: Bloco de concreto tipo Paver | G76: m² | H76: =H66 -> 8.59254 | I76: =VLOOKUP(A76,'[1]TAB OGU JUN18'!$A:$G,6,"falso") -> 34.1 | J76: =VLOOKUP(A76,'[1]TAB OGU JUN18'!$A:$G,4,"falso") -> 30.8 | K76: =H76*J76 -> 264.65023 | L76: =VLOOKUP(A76,'[1]TAB OGU JUN18'!$A:$G,5,"falso") -> 3.3 | M76: =H76*L76 -> 28.355382 | N76: =H76*I76 -> 293.00561 | O76: =N76/$N$78 -> 0.17703977
B78: Total do Bloco | N78: =N76+N75 -> 1655.0271 | O78: =N78/N92 -> 0.21228669
A80: 1004 | B80: RECOMPOSIÇÃO DE PAVIMENTOS, GUIAS E SARJETAS COM
B81: REAPROVEITAMENTO PARCIAL DO MATERIAL
A82: 100408 | B82: Grama | G82: m² | H82: =H67 -> 265.34566 | I82: =VLOOKUP(A82,'[1]TAB OGU JUN18'!$A:$G,6,"falso") -> 5.77 | J82: =VLOOKUP(A82,'[1]TAB OGU JUN18'!$A:$G,4,"falso") -> 5.57 | K82: =H82*J82 -> 1477.9753 | L82: =VLOOKUP(A82,'[1]TAB OGU JUN18'!$A:$G,5,"falso") -> 0.2 | M82: =H82*L82 -> 53.069132 | N82: =H82*I82 -> 1531.0445 | O82: =N82/N84 -> 1
B84: Total do Bloco | N84: =N82 -> 1531.0445 | O84: =N84/N92 -> 0.19638371
A86: 1005 | B86: RECOMPOSIÇÃO DE PAVIMENTOS, GUIAS E SARJETAS SEM
B87: REAPROVEITAMENTO DO MATERIAL
A88: 100501 | B88: Piso de concreto desempenado | G88: m³ | H88: =H68*0.05 -> 3.4686952 | I88: =VLOOKUP(A88,'[1]TAB OGU JUN18'!$A:$G,6,"falso") -> 495.59 | J88: =VLOOKUP(A88,'[1]TAB OGU JUN18'!$A:$G,4,"falso") -> 326.67 | K88: =H88*J88 -> 1133.1187 | L88: =VLOOKUP(A88,'[1]TAB OGU JUN18'!$A:$G,5,"falso") -> 168.92 | M88: =H88*L88 -> 585.93199 | N88: =H88*I88 -> 1719.0506 | O88: =N88/N90 -> 1
B90: Total do Bloco | N90: =N88 -> 1719.0506 | O90: =N90/N92 -> 0.22049885
B92: Total do Módulo | N92: =N90+N84+N71+N78 -> 7796.1888 | O92: =N92/N102 -> 0.18593138
A94: 16 | B94: SERVIÇOS DIVERSOS
A95: 1620 | B95: LIMPEZA DE OBRA
A96: 162001 | B96: Obra linear - raspagem e varição | G96: m | H96: =1.5*Q6 -> 775.5 | I96: =VLOOKUP(A96,'[1]TAB OGU JUN18'!$A:$G,6,"falso") -> 1.23 | J96: =VLOOKUP(A96,'[1]TAB OGU JUN18'!$A:$G,4,"falso") -> 1.23 | K96: =H96*J96 -> 953.865 | L96: =VLOOKUP(A96,'[1]TAB OGU JUN18'!$A:$G,5,"falso") -> 0 | N96: =H96*I96 -> 953.865 | O96: =N96/N98 -> 1 | Q96: =H96*0.5 -> 387.75
B98: Total do Bloco | N98: =N96 -> 953.865 | O98: =N98/N100 -> 1
B100: Total do Módulo | N100: =N98 -> 953.865 | O100: =N100/N102 -> 0.022748735
B102: TOTAL DA UNIDADE | K102: =SUM(K12:K96) -> 32801.571 | M102: =SUM(M12:M96) -> 9128.8924 | N102: =N100+N92+N61+N43 -> 41930.463
B104: TOTAL DA UNIDADE COM BDI | K104: =K102+(K102*O5) -> 41848.244 | M104: =M102+(M102*O7) -> 10746.532 | N104: =K104+M104 -> 52594.776 | O104: =N104/RESUMO!H95 -> 0.0072629828

Sheet 07
A2: SISTEMA DE ORÇAMENTO DE OBRAS
C4: Mun./Loc.: | D4: =RESUMO!D4 -> SÃO JOSÉ DAS PALMEIRAS | G4: Data: | M4: =RESUMO!G4 -> 43657 | N4: =RESUMO!H4 -> BDI Aplicado
A5: Relatório Por U.C. | C5: Obra: | D5: =RESUMO!D5 -> SISTEMA DE ESGOTAMENTO SANITARIO - SES | G5: Nº Área: | N5: =RESUMO!H5 -> Serviços | O5: =RESUMO!I5 -> 0.2758
C6: Área Resp.: | G6: Nº USAQ: | N6: =RESUMO!H6 -> Serv Terc: | O6: =RESUMO!I6 -> 0.1772
C7: Nº U.C.: | D7: =RESUMO!A17 -> U.C. : 05 | G7: Referência: | M7: =RESUMO!G7 -> Jun18 MOS4aEd v00 | N7: =RESUMO!H7 -> Mat/Equip: | O7: =RESUMO!I7 -> 0.1772
C8: Ud. Const.: | D8: =RESUMO!B17 -> LIGAÇÕES PREDIAIS | M8: ='[1]TAB OGU JUN18'!$B$1 -> Descrição
B9: Descrição | G9: Ud | H9: Qtde. | I9: Unitário | K9: Mão de Obra | M9: Materiais | N9: Total (R$) | O9: %
A11: =RESUMO!A19 -> 2 | B11: =RESUMO!B19 -> LIGAÇÕES PREDIAIS - MATERIAIS
A12: 20 | B12: MATERIAL DE CONCRETO
A13: 2001 | B13: TAMPA / COPO DE CONCRETO
A14: 6251 * | B14: Tampa/copo de concreto DN 150 | G14: ud | H14: ='06'!Q6 -> 517 | I14: 31.4 | L14: 31.4 | M14: 30.84 | N14: =H14*I14 -> 16233.8 | O14: =N14/N16 -> 1 | P14: 6251
B16: Total do Bloco | N16: =SUM(N14:N14) -> 16233.8 | O16: =N16/N18 -> 1
B18: Total do Módulo | N18: =N16 -> 16233.8 | O18: =N18/N43 -> 0.10095651
A20: 25 | B20: MATERIAL DE PVC - ESGOTO
A21: 2503 | B21: CURVA PVC
A22: 250330 | B22: Curva PVC 90º JE/JEI PB coletor de esgoto DN 100 | G22: ud | H22: =H14 -> 517 | I22: =VLOOKUP(A22,'[1]TAB OGU JUN18'!$A:$G,6,"falso") -> 19.42 | L22: =VLOOKUP(A22,'[1]TAB OGU JUN18'!$A:$G,5,"falso") -> 19.42 | M22: =H22*L22 -> 10040.14 | N22: =H22*I22 -> 10040.14 | O22: =N22/N24 -> 1
B24: Total do Bloco | N24: =N22 -> 10040.14 | O24: =N24/N41 -> 0.069450156
A26: 2509 | B26: TE PVC
A27: 250920 | B27: Te Red PVC JE/JEI BBB coletor de esgoto DN 150 100 | G27: ud | H27: =H14 -> 517 | I27: =VLOOKUP(A27,'[1]TAB OGU JUN18'!$A:$G,6,"falso") -> 196.76 | L27: =VLOOKUP(A27,'[1]TAB OGU JUN18'!$A:$G,5,"falso") -> 196.76 | M27: =H27*L27 -> 101724.92 | N27: =H27*I27 -> 101724.92 | O27: =N27/N29 -> 1
B29: Total do Bloco | N29: =N27 -> 101724.92 | O29: =N29/N41 -> 0.70365668
B31: TIL PVC
A32: 251001 | B32: Til de Ligação predial PVC JE/JEI BBB DN 100 | G32: ud | H32: =H14 -> 517 | I32: =VLOOKUP(A32,'[1]TAB OGU JUN18'!$A:$G,6,"falso") -> 19.72 | L32: =VLOOKUP(A32,'[1]TAB OGU JUN18'!$A:$G,5,"falso") -> 19.72 | M32: =H32*L32 -> 10195.24 | N32: =H32*I32 -> 10195.24 | O32: =N32/N34 -> 1
B34: Total do Bloco | N34: =N32 -> 10195.24 | O34: =N34/N41 -> 0.070523022
A36: 2511 | B36: TUBO PVC
A37: 251101 | B37: Tubo PVC JEI coletor de esgoto parede maciça NBR 7362-2 DN 100 | G37: m | H37: =H14*2.5 -> 1292.5 | I37: =VLOOKUP(A37,'[1]TAB OGU JUN18'!$A:$G,6,"falso") -> 17.49 | L37: =VLOOKUP(A37,'[1]TAB OGU JUN18'!$A:$G,5,"falso") -> 17.49 | M37: =H37*L37 -> 22605.825 | N37: =H37*I37 -> 22605.825 | O37: =N37/N39 -> 1
B39: Total do Bloco | N39: =N37 -> 22605.825 | O39: =N39/N41 -> 0.15637014
B41: Total do Módulo | N41: =N39+N34+N29+N24 -> 144566.12 | O41: =N41/N43 -> 0.89904349
B43: TOTAL DA UNIDADE | M43: =SUM(M14:M42) -> 144596.96 | N43: =N41+N18 -> 160799.92
B45: TOTAL DA UNIDADE COM BDI | M45: =M43+(M43*O7) -> 170219.55 | N45: =M45 -> 170219.55 | O45: =N45/RESUMO!H95 -> 0.023506168

Sheet 08 - 1
A2: SISTEMA DE ORÇAMENTO DE OBRAS
C4: Mun./Loc.: | D4: =RESUMO!D4 -> SÃO JOSÉ DAS PALMEIRAS | G4: Data: | M4: =RESUMO!G4 -> 43657 | N4: =RESUMO!H4 -> BDI Aplicado | P4: comprimento da rede | Q4: profundidade média | R4: largura média | S4: escoramento | T4: escavação | U4: quantidade PV
A5: Relatório Por U.C. | C5: Obra: | D5: =RESUMO!D5 -> SISTEMA DE ESGOTAMENTO SANITARIO - SES | G5: Nº Área: | N5: =RESUMO!H5 -> Serviços | O5: =RESUMO!I5 -> 0.2758
C6: Área Resp.: | G6: Nº USAQ: | N6: =RESUMO!H6 -> Serv Terc: | O6: =RESUMO!I6 -> 0.1772 | P6: 1046.54 | Q6: 2.144311 | R6: 0.66029488 | S6: 897.6429 | T6: 230.34167 | U6: 20
C7: Nº U.C.: | D7: =RESUMO!A20 -> U.C. : 06 | G7: Referência: | M7: =RESUMO!G7 -> Jun18 MOS4aEd v00 | N7: =RESUMO!H7 -> Mat/Equip: | O7: =RESUMO!I7 -> 0.1772 | T7: 214.01126
C8: Ud. Const.: | D8: =RESUMO!B20 -> COLETOR 01 | T8: 888.70585
B9: Descrição | G9: Ud | H9: Qtde. | I9: Unitário | K9: Mão de Obra | M9: Materiais | N9: Total (R$) | O9: % | T9: 162.8755
T10: 207.3075
A11: =RESUMO!A42 -> 1 | B11: =RESUMO!B21 -> COLETOR 01 - SERVIÇOS | T11: 1201.0319
A12: 02 | B12: SERVIÇOS TÉCNICOS | T12: 87.594862
A13: 0201 | B13: TOPOGRAFIA E GEODÉSIA - SERVIÇOS
A14: 020137 | B14: Locação e nivelamento para assentamento de tubulação de esgoto | G14: m | H14: =P6 -> 1046.54 | I14: =VLOOKUP(A14,'[1]TAB OGU JUN18'!$A:$G,6,"falso") -> 1.2 | J14: =VLOOKUP(A14,'[1]TAB OGU JUN18'!$A:$G,4,"falso") -> 0.82 | K14: =H14*J14 -> 858.1628 | L14: =VLOOKUP(A14,'[1]TAB OGU JUN18'!$A:$G,5,"falso") -> 0.38 | M14: =H14*L14 -> 397.6852 | N14: =H14*I14 -> 1255.848 | O14: =N14/N17 -> 1
B15: (Ordem de serviço para execução - OSE)
B17: Total do Bloco | N17: =SUM(N14:N14) -> 1255.848 | O17: =N17/N29 -> 0.64516129
A19: 0202 | B19: TOPOGRAFIA E GEODÉSIA - ESTADIA DA EQUIPE
A20: 020237 | B20: Locação e nivelamento para assentamento de tubulação de esgoto (Ordem de serviço para execução - OSE) | G20: m | H20: =H14 -> 1046.54 | I20: =VLOOKUP(A20,'[1]TAB OGU JUN18'!$A:$G,6,"falso") -> 0.4 | J20: =VLOOKUP(A20,'[1]TAB OGU JUN18'!$A:$G,4,"falso") -> 0.4 | K20: =H20*J20 -> 418.616 | L20: =VLOOKUP(A20,'[1]TAB OGU JUN18'!$A:$G,5,"falso") -> 0 | N20: =H20*I20 -> 418.616 | O20: =N20/N22 -> 1
B22: Total do Bloco | N22: =N20 -> 418.616 | O22: =N22/N29 -> 0.21505376
A24: 0207 | B24: CADASTRO DE OBRAS
A25: 020702 | B25: Cadastro linear de esgoto - CAD | G25: m | H25: =H20 -> 1046.54 | I25: =VLOOKUP(A25,'[1]TAB OGU JUN18'!$A:$G,6,"falso") -> 0.26 | J25: =VLOOKUP(A25,'[1]TAB OGU JUN18'!$A:$G,4,"falso") -> 0.26 | K25: =H25*J25 -> 272.1004 | L25: =VLOOKUP(A25,'[1]TAB OGU JUN18'!$A:$G,5,"falso") -> 0 | N25: =H25*I25 -> 272.1004 | O25: =N25/N27 -> 1
B27: Total do Bloco | N27: =N25 -> 272.1004 | O27: =N27/N29 -> 0.13978495
B29: Total do Módulo | N29: =N27+N17+N22 -> 1946.5644 | O29: =N29/N118 -> 0.022886219
A31: 04 | B31: MOVIMENTO DE SOLOS
A32: 0401 | B32: ESCAVAÇÃO MANUAL DE VALAS
A33: 040109 | B33: Em terra compacta, prof. 0 m < h ≤ 1 m | G33: m³ | H33: =T6 -> 230.34167 | I33: =VLOOKUP(A33,'[1]TAB OGU JUN18'!$A:$G,6,"falso") -> 32.9 | J33: =VLOOKUP(A33,'[1]TAB OGU JUN18'!$A:$G,4,"falso") -> 32.9 | K33: =H33*J33 -> 7578.2408 | L33: =VLOOKUP(A33,'[1]TAB OGU JUN18'!$A:$G,5,"falso") -> 0 | N33: =H33*I33 -> 7578.2408 | O33: =N33/N36 -> 0.46263727
A34: 040110 | B34: Em terra compacta, prof. 0 m < h ≤ 2 m | G34: m³ | H34: =T7 -> 214.01126 | I34: =VLOOKUP(A34,'[1]TAB OGU JUN18'!$A:$G,6,"falso") -> 41.13 | J34: =VLOOKUP(A34,'[1]TAB OGU JUN18'!$A:$G,4,"falso") -> 41.13 | K34: =H34*J34 -> 8802.2832 | L34: =VLOOKUP(A34,'[1]TAB OGU JUN18'!$A:$G,5,"falso") -> 0 | N34: =H34*I34 -> 8802.2832 | O34: =N34/N36 -> 0.53736273
B36: Total do Bloco | N36: =SUM(N33:N34) -> 16380.524 | O36: =N36/N66 -> 0.41415615
A38: 0402 | B38: ESCAVAÇÃO MECÂNICA DE VALAS EM QUALQUER TIPO DE SOLO, EXCETO ROCHA
A39: 040201 | B39: Profundidade 0 m < h ≤ 2 m | G39: m³ | H39: =T8 -> 888.70585 | I39: =VLOOKUP(A39,'[1]TAB OGU JUN18'!$A:$G,6,"falso") -> 9.77 | J39: =VLOOKUP(A39,'[1]TAB OGU JUN18'!$A:$G,4,"falso") -> 9.77 | K39: =H39*J39 -> 8682.6562 | L39: =VLOOKUP(A39,'[1]TAB OGU JUN18'!$A:$G,5,"falso") -> 0 | N39: =H39*I39 -> 8682.6562 | O39: =N39/N42 -> 0.82689233
A40: 040202 | B40: Profundidade 0 m < h ≤ 4 m | G40: m³ | H40: =T9 -> 162.8755 | I40: =VLOOKUP(A40,'[1]TAB OGU JUN18'!$A:$G,6,"falso") -> 11.16 | J40: =VLOOKUP(A40,'[1]TAB OGU JUN18'!$A:$G,4,"falso") -> 11.16 | K40: =H40*J40 -> 1817.6905 | L40: =VLOOKUP(A40,'[1]TAB OGU JUN18'!$A:$G,5,"falso") -> 0 | N40: =H40*I40 -> 1817.6905 | O40: =N40/N42 -> 0.17310767
B42: Total do Bloco | N42: =N39+N40 -> 10500.347 | O42: =N42/N66 -> 0.26548499
A44: 0413 | B44: ATERRO/REATERRO EM VALAS E CAVAS
A45: 041301 | B45: Manual | G45: m³ | H45: =T10 -> 207.3075 | I45: =VLOOKUP(A45,'[1]TAB OGU JUN18'!$A:$G,6,"falso") -> 7.4 | J45: =VLOOKUP(A45,'[1]TAB OGU JUN18'!$A:$G,4,"falso") -> 7.4 | K45: =H45*J45 -> 1534.0755 | L45: =VLOOKUP(A45,'[1]TAB OGU JUN18'!$A:$G,5,"falso") -> 0 | N45: =H45*I45 -> 1534.0755 | O45: =N45/N48 -> 0.49177951
A46: 041302 | B46: Mecânico | G46: m³ | H46: =T11 -> 1201.0319 | I46: =VLOOKUP(A46,'[1]TAB OGU JUN18'!$A:$G,6,"falso") -> 1.32 | J46: =VLOOKUP(A46,'[1]TAB OGU JUN18'!$A:$G,4,"falso") -> 1.32 | K46: =H46*J46 -> 1585.3621 | L46: =VLOOKUP(A46,'[1]TAB OGU JUN18'!$A:$G,5,"falso") -> 0 | N46: =H46*I46 -> 1585.3621 | O46: =N46/N48 -> 0.50822049
B48: Total do Bloco | N48: =N46+N45 -> 3119.4376 | O48: =N48/N66 -> 0.078870144
A50: 0414 | B50: COMPACTAÇÃO EM VALAS
A51: 041401 | B51: Manual | G51: m³ | H51: =H45 -> 207.3075 | I51: =VLOOKUP(A51,'[1]TAB OGU JUN18'!$A:$G,6,"falso") -> 20.56 | J51: =VLOOKUP(A51,'[1]TAB OGU JUN18'!$A:$G,4,"falso") -> 20.56 | K51: =H51*J51 -> 4262.2422 | L51: =VLOOKUP(A51,'[1]TAB OGU JUN18'!$A:$G,5,"falso") -> 0 | N51: =H51*I51 -> 4262.2422 | O51: =N51/N54 -> 0.46702228
A52: 041402 | B52: Mecânico | G52: m³ | H52: =H46 -> 1201.0319 | I52: =VLOOKUP(A52,'[1]TAB OGU JUN18'!$A:$G,6,"falso") -> 4.05 | J52: =VLOOKUP(A52,'[1]TAB OGU JUN18'!$A:$G,4,"falso") -> 4.05 | K52: =H52*J52 -> 4864.1793 | L52: =VLOOKUP(A52,'[1]TAB OGU JUN18'!$A:$G,5,"falso") -> 0 | N52: =H52*I52 -> 4864.1793 | O52: =N52/N54 -> 0.53297772
B54: Total do Bloco | N54: =N52+N51 -> 9126.4215 | O54: =N54/N66 -> 0.23074742
A56: 0418 | B56: CARGA E DESCARGA DE SOLOS
A57: 041801 | B57: Qualquer tipo de solo exceto rocha | G57: m³ | H57: =T12 -> 87.594862 | I57: =VLOOKUP(A57,'[1]TAB OGU JUN18'!$A:$G,6,"falso") -> 1.85 | J57: =VLOOKUP(A57,'[1]TAB OGU JUN18'!$A:$G,4,"falso") -> 1.85 | K57: =H57*J57 -> 162.05049 | L57: =VLOOKUP(A57,'[1]TAB OGU JUN18'!$A:$G,5,"falso") -> 0 | N57: =H57*I57 -> 162.05049 | O57: =N57/N59 -> 1
B59: Total do Bloco | N59: =N57 -> 162.05049 | O59: =N59/N66 -> 0.0040971955
A61: 0419 | B61: TRANSPORTE DE SOLOS
A62: 041901 | B62: Qualquer tipo de solo exceto rocha, em rodovia ou rua | G62: m³xkm | H62: =H57*3 -> 262.78459 | I62: =VLOOKUP(A62,'[1]TAB OGU JUN18'!$A:$G,6,"falso") -> 1 | J62: =VLOOKUP(A62,'[1]TAB OGU JUN18'!$A:$G,4,"falso") -> 1 | K62: =H62*J62 -> 262.78459 | L62: =VLOOKUP(A62,'[1]TAB OGU JUN18'!$A:$G,5,"falso") -> 0 | N62: =H62*I62 -> 262.78459 | O62: =N62/N64 -> 1
B64: Total do Bloco | N64: =N62 -> 262.78459 | O64: =N64/N66 -> 0.0066441008
B66: Total do Módulo | N66: =N64+N59+N54+N48+N42+N36 -> 39551.565 | O66: =N66/N118 -> 0.46501713
A68: 05 | B68: ESCORAMENTO
A69: 0501 | B69: ESCORAMENTO DE MADEIRA
A70: 050101 | B70: Pontalete | G70: m² | H70: =0.95*S6 -> 852.76076 | I70: =VLOOKUP(A70,'[1]TAB OGU JUN18'!$A:$G,6,"falso") -> 14.81 | J70: =VLOOKUP(A70,'[1]TAB OGU JUN18'!$A:$G,4,"falso") -> 13.63 | K70: =H70*J70 -> 11623.129 | L70: =VLOOKUP(A70,'[1]TAB OGU JUN18'!$A:$G,5,"falso") -> 1.18 | M70: =H70*L70 -> 1006.2577 | N70: =H70*I70 -> 12629.387 | O70: =N70/N73 -> 0.92425686
A71: 050102 | B71: Descontínuo | G71: m² | H71: =0.05*S6 -> 44.882145 | I71: =VLOOKUP(A71,'[1]TAB OGU JUN18'!$A:$G,6,"falso") -> 23.06 | J71: =VLOOKUP(A71,'[1]TAB OGU JUN18'!$A:$G,4,"falso") -> 22.37 | K71: =H71*J71 -> 1004.0136 | L71: =VLOOKUP(A71,'[1]TAB OGU JUN18'!$A:$G,5,"falso")-0.01 -> 0.68 | M71: =H71*L71 -> 30.519859 | N71: =H71*I71 -> 1034.9823 | O71: =N71/N73 -> 0.075743143
B73: Total do Bloco | N73: =N70+N71 -> 13664.369 | O73: =N73/N80 -> 1
A75: 0503 | B75: ESCORAMENTO MISTO
A76: 050301 | B76: Tipo hamburguês | G76: m² | I76: =VLOOKUP(A76,'[1]TAB OGU JUN18'!$A:$G,6,"falso") -> 144.25 | J76: =VLOOKUP(A76,'[1]TAB OGU JUN18'!$A:$G,4,"falso") -> 134.15 | K76: =H76*J76 -> 0 | L76: =VLOOKUP(A76,'[1]TAB OGU JUN18'!$A:$G,5,"falso") -> 10.1 | M76: =H76*L76 -> 0 | N76: =H76*I76 -> 0 | O76: =N76/N78 -> #DIV/0!
B78: Total do Bloco | N78: =N76 -> 0 | O78: =N78/N80 -> 0
B80: Total do Módulo | N80: =N73+N78 -> 13664.369 | O80: =N80/N118 -> 0.16065523
A82: 06 | B82: ESGOTAMENTO
A83: 0601 | B83: ESGOTAMENTO COM BOMBAS
A84: 060101 | B84: Moto bomba | G84: h | H84: =((H14*R6*Q6)*0.06*1000)/20000 -> 4.4453176 | I84: =VLOOKUP(A84,'[1]TAB OGU JUN18'!$A:$G,6,"falso") -> 5.52 | J84: =VLOOKUP(A84,'[1]TAB OGU JUN18'!$A:$G,4,"falso") -> 5.52 | K84: =H84*J84 -> 24.538153 | L84: =VLOOKUP(A84,'[1]TAB OGU JUN18'!$A:$G,5,"falso") -> 0 | N84: =H84*I84 -> 24.538153 | O84: =N84/N86 -> 1
B86: Total do Bloco | N86: =N84 -> 24.538153 | O86: =N86/N88 -> 1
B88: Total do Módulo | N88: =N86 -> 24.538153 | O88: =N88/N118 -> 0.00028850088
A90: 09 | B90: ASSENTAMENTOS
A91: 0902 | B91: TUBULAÇÃO DE PVC JE / JEI PARA ESGOTO
A92: 090202 | B92: DN 150 | G92: m | H92: =H14-H93 -> 651.51 | I92: =VLOOKUP(A92,'[1]TAB OGU JUN18'!$A:$G,6,"falso") -> 2.64 | J92: =VLOOKUP(A92,'[1]TAB OGU JUN18'!$A:$G,4,"falso") -> 2.56 | K92: =H92*J92 -> 1667.8656 | L92: =VLOOKUP(A92,'[1]TAB OGU JUN18'!$A:$G,5,"falso") -> 0.08 | M92: =H92*L92 -> 52.1208 | N92: =H92*I92 -> 1719.9864 | O92: =N92/$N$95 -> 0.58100178
A93: 090203 | B93: DN 200 | G93: m | H93: 395.03 | I93: =VLOOKUP(A93,'[1]TAB OGU JUN18'!$A:$G,6,"falso") -> 3.14 | J93: =VLOOKUP(A93,'[1]TAB OGU JUN18'!$A:$G,4,"falso") -> 3.01 | K93: =H93*J93 -> 1189.0403 | L93: =VLOOKUP(A93,'[1]TAB OGU JUN18'!$A:$G,5,"falso") -> 0.13 | M93: =H93*L93 -> 51.3539 | N93: =H93*I93 -> 1240.3942 | O93: =N93/$N$95 -> 0.41899822
B95: Total do Bloco | N95: =SUM(N92:N93) -> 2960.3806 | O95: =N95/N108 -> 0.10388761
A97: 0917 | B97: POÇO DE VISITA TIPO C - DN 800
A98: 091701 | B98: Com profundidade até 1,00 m | G98: ud | H98: =U6 -> 20 | I98: =VLOOKUP(A98,'[1]TAB OGU JUN18'!$A:$G,6,"falso") -> 466.82 | J98: =VLOOKUP(A98,'[1]TAB OGU JUN18'!$A:$G,4,"falso") -> 143.97 | K98: =H98*J98 -> 2879.4 | L98: =VLOOKUP(A98,'[1]TAB OGU JUN18'!$A:$G,5,"falso") -> 322.85 | M98: =H98*L98 -> 6457 | N98: =H98*I98 -> 9336.4 | O98: =N98/N101 -> 0.63868733
A99: 091702 | B99: Acréscimo para prof. Superior a 1,00 m | G99: m | H99: =(Q6-1.1)*H98 -> 20.88622 | I99: =VLOOKUP(A99,'[1]TAB OGU JUN18'!$A:$G,6,"falso") -> 252.88 | J99: =VLOOKUP(A99,'[1]TAB OGU JUN18'!$A:$G,4,"falso") -> 47.83 | K99: =H99*J99 -> 998.98792 | L99: =VLOOKUP(A99,'[1]TAB OGU JUN18'!$A:$G,5,"falso") -> 205.05 | M99: =H99*L99 -> 4282.7195 | N99: =H99*I99 -> 5281.7074 | O99: =N99/N101 -> 0.36131267
B101: Total do Bloco | N101: =N99+N98 -> 14618.107 | O101: =N101/N108 -> 0.51298819
A103: 0927 | B103: EMBASAMENTO
A104: 092702 | B104: Areia | G104: m³ | H104: =H14*R6*0.1 -> 69.1025 | I104: =VLOOKUP(A104,'[1]TAB OGU JUN18'!$A:$G,6,"falso") -> 157.99 | J104: =VLOOKUP(A104,'[1]TAB OGU JUN18'!$A:$G,4,"falso") -> 39.5 | K104: =H104*J104 -> 2729.5488 | L104: =VLOOKUP(A104,'[1]TAB OGU JUN18'!$A:$G,5,"falso") -> 118.49 | M104: =H104*L104 -> 8187.9552 | N104: =H104*I104 -> 10917.504 | O104: =N104/N106 -> 1
B106: Total do Bloco | N106: =N104 -> 10917.504 | O106: =N106/N108 -> 0.38312419
B108: Total do Módulo | N108: =N106+N101+N95 -> 28495.992 | O108: =N108/N118 -> 0.33503414
A110: 16 | B110: SERVIÇOS DIVERSOS
A111: 1620 | B111: LIMPEZA DE OBRA
A112: 162004 | B112: Lavagem de rede de esgoto | G112: m | H112: =H14 -> 1046.54 | I112: =VLOOKUP(A112,'[1]TAB OGU JUN18'!$A:$G,6,"falso") -> 1.31 | J112: =VLOOKUP(A112,'[1]TAB OGU JUN18'!$A:$G,4,"falso") -> 1.14 | K112: =H112*J112 -> 1193.0556 | L112: =VLOOKUP(A112,'[1]TAB OGU JUN18'!$A:$G,5,"falso") -> 0.17 | M112: =H112*L112 -> 177.9118 | N112: =H112*I112 -> 1370.9674 | O112: =N112/N114 -> 1
B114: Total do Bloco | N114: =N112 -> 1370.9674 | O114: =N114/N116 -> 1
B116: Total do Módulo | N116: =N114 -> 1370.9674 | O116: =N116/N118 -> 0.016118789
B118: TOTAL DA UNIDADE | K118: =SUM(K12:K117) -> 64410.023 | M118: =SUM(M12:M117) -> 20643.524 | N118: =N116+N108+N88+N80+N66+N29 -> 85053.996
B120: TOTAL DA UNIDADE COM BDI | K120: =K118+(K118*O5) -> 82174.307 | M120: =M118+(M118*O7) -> 24301.556 | N120: =K120+M120 -> 106475.86 | O120: =N120/RESUMO!H95 -> 0.014703597

Sheet 09 - 1
A2: SISTEMA DE ORÇAMENTO DE OBRAS
C4: Mun./Loc.: | D4: =RESUMO!D4 -> SÃO JOSÉ DAS PALMEIRAS | G4: Data: | M4: =RESUMO!G4 -> 43657 | N4: =RESUMO!H4 -> BDI Aplicado
A5: Relatório Por U.C. | C5: Obra: | D5: =RESUMO!D5 -> SISTEMA DE ESGOTAMENTO SANITARIO - SES | G5: Nº Área: | N5: =RESUMO!H5 -> Serviços | O5: =RESUMO!I5 -> 0.2758
C6: Área Resp.: | G6: Nº USAQ: | N6: =RESUMO!H6 -> Serv Terc: | O6: =RESUMO!I6 -> 0.1772
C7: Nº U.C.: | D7: =RESUMO!A20 -> U.C. : 06 | G7: Referência: | M7: =RESUMO!G7 -> Jun18 MOS4aEd v00 | N7: =RESUMO!H7 -> Mat/Equip: | O7: =RESUMO!I7 -> 0.1772
C8: Ud. Const.: | D8: =RESUMO!B20 -> COLETOR 01
B9: Descrição | G9: Ud | H9: Qtde. | I9: Unitário | K9: Mão de Obra | M9: Materiais | N9: Total (R$) | O9: %
A11: =RESUMO!A43 -> 2 | B11: =RESUMO!B22 -> COLETOR 01 - MATERIAIS
A12: 20 | B12: MATERIAL DE CONCRETO
A13: 2010 | B13: TAMPÃO PARA POÇO DE VISITA
A14: 13255 * | B14: Tampa de concreto para PV ou caixa de inspeção, dimensões 600 X 600 X 50 mm | G14: ud | H14: ='08 - 1'!H98 -> 20 | I14: 37.84 | L14: 37.84 | M14: =H14*L14 -> 756.8 | N14: =H14*I14 -> 756.8 | O14: =N14/N16 -> 1 | P14: 13255
B16: Total do Bloco | N16: =N14 -> 756.8 | O16: =N16/N18 -> 1
B18: Total do Módulo | N18: =N16 -> 756.8 | O18: =N18/N29 -> 0.015611468
A20: 25 | B20: MATERIAL DE PVC - ESGOTO
A21: 2511 | B21: TUBO PVC
A22: 251103 | B22: Tubo PVC JEI coletor de esgoto parede maciça NBR 7362-2 DN 150 | G22: m | H22: ='08 - 1'!H92 -> 651.51 | I22: =VLOOKUP(A22,'[1]TAB OGU JUN18'!$A:$G,6,"falso") -> 37.63 | L22: =VLOOKUP(A22,'[1]TAB OGU JUN18'!$A:$G,5,"falso") -> 37.63 | M22: =H22*L22 -> 24516.321 | N22: =H22*I22 -> 24516.321 | O22: =N22/$N$25 -> 0.51374946
A23: 251104 | B23: Tubo PVC JEI coletor de esgoto parede maciça NBR 7362-2 DN 200 | G23: m | H23: ='08 - 1'!H93 -> 395.03 | I23: =VLOOKUP(A23,'[1]TAB OGU JUN18'!$A:$G,6,"falso") -> 58.74 | L23: =VLOOKUP(A23,'[1]TAB OGU JUN18'!$A:$G,5,"falso") -> 58.74 | M23: =H23*L23 -> 23204.062 | N23: =H23*I23 -> 23204.062 | O23: =N23/$N$25 -> 0.48625054
B25: Total do Bloco | N25: =N22+N23 -> 47720.383 | O25: =N25/N27 -> 1
B27: Total do Módulo | N27: =N25 -> 47720.383 | O27: =N27/N29 -> 0.98438853
B29: TOTAL DA UNIDADE | M29: =SUM(M14:M28) -> 48477.183 | N29: =N27+N18 -> 48477.183
B31: TOTAL DA UNIDADE COM BDI | M31: =M29+(M29*O7) -> 57067.34 | N31: =M31 -> 57067.34 | O31: =N31/RESUMO!H95 -> 0.0078806137

Sheet 08 - 2
A2: SISTEMA DE ORÇAMENTO DE OBRAS
C4: Mun./Loc.: | D4: =RESUMO!D4 -> SÃO JOSÉ DAS PALMEIRAS | G4: Data: | M4: =RESUMO!G4 -> 43657 | N4: =RESUMO!H4 -> BDI Aplicado | P4: comprimento da rede | Q4: profundidade média | R4: largura média | S4: escoramento | T4: movimentação de solo 0 a 4 | U4: quantidade PV
A5: Relatório Por U.C. | C5: Obra: | D5: =RESUMO!D5 -> SISTEMA DE ESGOTAMENTO SANITARIO - SES | G5: Nº Área: | N5: =RESUMO!H5 -> Serviços | O5: =RESUMO!I5 -> 0.2758
C6: Área Resp.: | G6: Nº USAQ: | N6: =RESUMO!H6 -> Serv Terc: | O6: =RESUMO!I6 -> 0.1772 | P6: 121.47 | Q6: 2.3966883 | R6: 0.69121594 | S6: 116.45029 | T6: 27.987333 | U6: 4
C7: Nº U.C.: | D7: =RESUMO!A23 -> U.C. : 07 | G7: Referência: | M7: =RESUMO!G7 -> Jun18 MOS4aEd v00 | N7: =RESUMO!H7 -> Mat/Equip: | O7: =RESUMO!I7 -> 0.1772 | T7: 27.933983
C8: Ud. Const.: | D8: =RESUMO!B23 -> COLETOR 02 | T8: 111.84263
B9: Descrição | G9: Ud | H9: Qtde. | I9: Unitário | K9: Mão de Obra | M9: Materiais | N9: Total (R$) | O9: % | T9: 33.916732
T10: 25.1886
A11: =RESUMO!A42 -> 1 | B11: =RESUMO!B24 -> COLETOR 02 - SERVIÇOS | T11: 165.94951
A12: 02 | B12: SERVIÇOS TÉCNICOS | T12: 10.542575
A13: 0201 | B13: TOPOGRAFIA E GEODÉSIA - SERVIÇOS
A14: 020137 | B14: Locação e nivelamento para assentamento de tubulação de esgoto | G14: m | H14: =P6 -> 121.47 | I14: =VLOOKUP(A14,'[1]TAB OGU JUN18'!$A:$G,6,"falso") -> 1.2 | J14: =VLOOKUP(A14,'[1]TAB OGU JUN18'!$A:$G,4,"falso") -> 0.82 | K14: =H14*J14 -> 99.6054 | L14: =VLOOKUP(A14,'[1]TAB OGU JUN18'!$A:$G,5,"falso") -> 0.38 | M14: =H14*L14 -> 46.1586 | N14: =H14*I14 -> 145.764 | O14: =N14/N17 -> 1
B15: (Ordem de serviço para execução - OSE)
B17: Total do Bloco | N17: =SUM(N14:N14) -> 145.764 | O17: =N17/N29 -> 0.64516129
A19: 0202 | B19: TOPOGRAFIA E GEODÉSIA - ESTADIA DA EQUIPE
A20: 020237 | B20: Locação e nivelamento para assentamento de tubulação de esgoto (Ordem de serviço para execução - OSE) | G20: m | H20: =H14 -> 121.47 | I20: =VLOOKUP(A20,'[1]TAB OGU JUN18'!$A:$G,6,"falso") -> 0.4 | J20: =VLOOKUP(A20,'[1]TAB OGU JUN18'!$A:$G,4,"falso") -> 0.4 | K20: =H20*J20 -> 48.588 | L20: =VLOOKUP(A20,'[1]TAB OGU JUN18'!$A:$G,5,"falso") -> 0 | N20: =H20*I20 -> 48.588 | O20: =N20/N22 -> 1
B22: Total do Bloco | N22: =N20 -> 48.588 | O22: =N22/N29 -> 0.21505376
A24: 0207 | B24: CADASTRO DE OBRAS
A25: 020702 | B25: Cadastro linear de esgoto - CAD | G25: m | H25: =H20 -> 121.47 | I25: =VLOOKUP(A25,'[1]TAB OGU JUN18'!$A:$G,6,"falso") -> 0.26 | J25: =VLOOKUP(A25,'[1]TAB OGU JUN18'!$A:$G,4,"falso") -> 0.26 | K25: =H25*J25 -> 31.5822 | L25: =VLOOKUP(A25,'[1]TAB OGU JUN18'!$A:$G,5,"falso") -> 0 | N25: =H25*I25 -> 31.5822 | O25: =N25/N27 -> 1
B27: Total do Bloco | N27: =N25 -> 31.5822 | O27: =N27/N29 -> 0.13978495
B29: Total do Módulo | N29: =N27+N17+N22 -> 225.9342 | O29: =N29/N118 -> 0.018557781
A31: 04 | B31: MOVIMENTO DE SOLOS
A32: 0401 | B32: ESCAVAÇÃO MANUAL DE VALAS
A33: 040109 | B33: Em terra compacta, prof. 0 m < h ≤ 1 m | G33: m³ | H33: =T6 -> 27.987333 | I33: =VLOOKUP(A33,'[1]TAB OGU JUN18'!$A:$G,6,"falso") -> 32.9 | J33: =VLOOKUP(A33,'[1]TAB OGU JUN18'!$A:$G,4,"falso") -> 32.9 | K33: =H33*J33 -> 920.78327 | L33: =VLOOKUP(A33,'[1]TAB OGU JUN18'!$A:$G,5,"falso") -> 0 | N33: =H33*I33 -> 920.78327 | O33: =N33/N36 -> 0.44488559
A34: 040110 | B34: Em terra compacta, prof. 0 m < h ≤ 2 m | G34: m³ | H34: =T7 -> 27.933983 | I34: =VLOOKUP(A34,'[1]TAB OGU JUN18'!$A:$G,6,"falso") -> 41.13 | J34: =VLOOKUP(A34,'[1]TAB OGU JUN18'!$A:$G,4,"falso") -> 41.13 | K34: =H34*J34 -> 1148.9247 | L34: =VLOOKUP(A34,'[1]TAB OGU JUN18'!$A:$G,5,"falso") -> 0 | N34: =H34*I34 -> 1148.9247 | O34: =N34/N36 -> 0.55511441
B36: Total do Bloco | N36: =SUM(N33:N34) -> 2069.708 | O36: =N36/N66 -> 0.39898179
A38: 0402 | B38: ESCAVAÇÃO MECÂNICA DE VALAS EM QUALQUER TIPO DE SOLO, EXCETO ROCHA
A39: 040201 | B39: Profundidade 0 m < h ≤ 2 m | G39: m³ | H39: =T8 -> 111.84263 | I39: =VLOOKUP(A39,'[1]TAB OGU JUN18'!$A:$G,6,"falso") -> 9.77 | J39: =VLOOKUP(A39,'[1]TAB OGU JUN18'!$A:$G,4,"falso") -> 9.77 | K39: =H39*J39 -> 1092.7025 | L39: =VLOOKUP(A39,'[1]TAB OGU JUN18'!$A:$G,5,"falso") -> 0 | N39: =H39*I39 -> 1092.7025 | O39: =N39/N42 -> 0.74272205
A40: 040202 | B40: Profundidade 0 m < h ≤ 4 m | G40: m³ | H40: =T9 -> 33.916732 | I40: =VLOOKUP(A40,'[1]TAB OGU JUN18'!$A:$G,6,"falso") -> 11.16 | J40: =VLOOKUP(A40,'[1]TAB OGU JUN18'!$A:$G,4,"falso") -> 11.16 | K40: =H40*J40 -> 378.51073 | L40: =VLOOKUP(A40,'[1]TAB OGU JUN18'!$A:$G,5,"falso") -> 0 | N40: =H40*I40 -> 378.51073 | O40: =N40/N42 -> 0.25727795
B42: Total do Bloco | N42: =N39+N40 -> 1471.2133 | O42: =N42/N66 -> 0.28360875
A44: 0413 | B44: ATERRO/REATERRO EM VALAS E CAVAS
A45: 041301 | B45: Manual | G45: m³ | H45: =T10 -> 25.1886 | I45: =VLOOKUP(A45,'[1]TAB OGU JUN18'!$A:$G,6,"falso") -> 7.4 | J45: =VLOOKUP(A45,'[1]TAB OGU JUN18'!$A:$G,4,"falso") -> 7.4 | K45: =H45*J45 -> 186.39564 | L45: =VLOOKUP(A45,'[1]TAB OGU JUN18'!$A:$G,5,"falso") -> 0 | N45: =H45*I45 -> 186.39564 | O45: =N45/N48 -> 0.45972649
A46: 041302 | B46: Mecânico | G46: m³ | H46: =T11 -> 165.94951 | I46: =VLOOKUP(A46,'[1]TAB OGU JUN18'!$A:$G,6,"falso") -> 1.32 | J46: =VLOOKUP(A46,'[1]TAB OGU JUN18'!$A:$G,4,"falso") -> 1.32 | K46: =H46*J46 -> 219.05335 | L46: =VLOOKUP(A46,'[1]TAB OGU JUN18'!$A:$G,5,"falso") -> 0 | N46: =H46*I46 -> 219.05335 | O46: =N46/N48 -> 0.54027351
B48: Total do Bloco | N48: =N46+N45 -> 405.44899 | O48: =N48/N66 -> 0.07815922
A50: 0414 | B50: COMPACTAÇÃO EM VALAS
A51: 041401 | B51: Manual | G51: m³ | H51: =H45 -> 25.1886 | I51: =VLOOKUP(A51,'[1]TAB OGU JUN18'!$A:$G,6,"falso") -> 20.56 | J51: =VLOOKUP(A51,'[1]TAB OGU JUN18'!$A:$G,4,"falso") -> 20.56 | K51: =H51*J51 -> 517.87762 | L51: =VLOOKUP(A51,'[1]TAB OGU JUN18'!$A:$G,5,"falso") -> 0 | N51: =H51*I51 -> 517.87762 | O51: =N51/N54 -> 0.4352011
A52: 041402 | B52: Mecânico | G52: m³ | H52: =H46 -> 165.94951 | I52: =VLOOKUP(A52,'[1]TAB OGU JUN18'!$A:$G,6,"falso") -> 4.05 | J52: =VLOOKUP(A52,'[1]TAB OGU JUN18'!$A:$G,4,"falso") -> 4.05 | K52: =H52*J52 -> 672.09551 | L52: =VLOOKUP(A52,'[1]TAB OGU JUN18'!$A:$G,5,"falso") -> 0 | N52: =H52*I52 -> 672.09551 | O52: =N52/N54 -> 0.5647989
B54: Total do Bloco | N54: =N52+N51 -> 1189.9731 | O54: =N54/N66 -> 0.22939352
A56: 0418 | B56: CARGA E DESCARGA DE SOLOS
A57: 041801 | B57: Qualquer tipo de solo exceto rocha | G57: m³ | H57: =T12 -> 10.542575 | I57: =VLOOKUP(A57,'[1]TAB OGU JUN18'!$A:$G,6,"falso") -> 1.85 | J57: =VLOOKUP(A57,'[1]TAB OGU JUN18'!$A:$G,4,"falso") -> 1.85 | K57: =H57*J57 -> 19.503764 | L57: =VLOOKUP(A57,'[1]TAB OGU JUN18'!$A:$G,5,"falso") -> 0 | N57: =H57*I57 -> 19.503764 | O57: =N57/N59 -> 1
B59: Total do Bloco | N59: =N57 -> 19.503764 | O59: =N59/N66 -> 0.0037597799
A61: 0419 | B61: TRANSPORTE DE SOLOS
A62: 041901 | B62: Qualquer tipo de solo exceto rocha, em rodovia ou rua | G62: m³xkm | H62: =H57*3 -> 31.627725 | I62: =VLOOKUP(A62,'[1]TAB OGU JUN18'!$A:$G,6,"falso") -> 1 | J62: =VLOOKUP(A62,'[1]TAB OGU JUN18'!$A:$G,4,"falso") -> 1 | K62: =H62*J62 -> 31.627725 | L62: =VLOOKUP(A62,'[1]TAB OGU JUN18'!$A:$G,5,"falso") -> 0 | N62: =H62*I62 -> 31.627725 | O62: =N62/N64 -> 1
B64: Total do Bloco | N64: =N62 -> 31.627725 | O64: =N64/N66 -> 0.0060969403
B66: Total do Módulo | N66: =N64+N59+N54+N48+N42+N36 -> 5187.4749 | O66: =N66/N118 -> 0.42608876
A68: 05 | B68: ESCORAMENTO
A69: 0501 | B69: ESCORAMENTO DE MADEIRA
A70: 050101 | B70: Pontalete | G70: m² | H70: =0.95*S6 -> 110.62778 | I70: =VLOOKUP(A70,'[1]TAB OGU JUN18'!$A:$G,6,"falso") -> 14.81 | J70: =VLOOKUP(A70,'[1]TAB OGU JUN18'!$A:$G,4,"falso") -> 13.63 | K70: =H70*J70 -> 1507.8566 | L70: =VLOOKUP(A70,'[1]TAB OGU JUN18'!$A:$G,5,"falso") -> 1.18 | M70: =H70*L70 -> 130.54078 | N70: =H70*I70 -> 1638.3974 | O70: =N70/N73 -> 0.92425686
A71: 050102 | B71: Descontínuo | G71: m² | H71: =0.05*S6 -> 5.8225145 | I71: =VLOOKUP(A71,'[1]TAB OGU JUN18'!$A:$G,6,"falso") -> 23.06 | J71: =VLOOKUP(A71,'[1]TAB OGU JUN18'!$A:$G,4,"falso") -> 22.37 | K71: =H71*J71 -> 130.24965 | L71: =VLOOKUP(A71,'[1]TAB OGU JUN18'!$A:$G,5,"falso")-0.01 -> 0.68 | M71: =H71*L71 -> 3.9593099 | N71: =H71*I71 -> 134.26718 | O71: =N71/N73 -> 0.075743143
B73: Total do Bloco | N73: =N70+N71 -> 1772.6645 | O73: =N73/N80 -> 1
A75: 0503 | B75: ESCORAMENTO MISTO
A76: 050301 | B76: Tipo hamburguês | G76: m² | I76: =VLOOKUP(A76,'[1]TAB OGU JUN18'!$A:$G,6,"falso") -> 144.25 | J76: =VLOOKUP(A76,'[1]TAB OGU JUN18'!$A:$G,4,"falso") -> 134.15 | K76: =H76*J76 -> 0 | L76: =VLOOKUP(A76,'[1]TAB OGU JUN18'!$A:$G,5,"falso") -> 10.1 | M76: =H76*L76 -> 0 | N76: =H76*I76 -> 0 | O76: =N76/N78 -> #DIV/0!
B78: Total do Bloco | N78: =N76 -> 0 | O78: =N78/N80 -> 0
B80: Total do Módulo | N80: =N73+N78 -> 1772.6645 | O80: =N80/N118 -> 0.1456031
A82: 06 | B82: ESGOTAMENTO
A83: 0601 | B83: ESGOTAMENTO COM BOMBAS
A84: 060101 | B84: Moto bomba | G84: h | H84: =((H14*R6*Q6)*0.06*1000)/20000 -> 0.60369222 | I84: =VLOOKUP(A84,'[1]TAB OGU JUN18'!$A:$G,6,"falso") -> 5.52 | J84: =VLOOKUP(A84,'[1]TAB OGU JUN18'!$A:$G,4,"falso") -> 5.52 | K84: =H84*J84 -> 3.3323811 | L84: =VLOOKUP(A84,'[1]TAB OGU JUN18'!$A:$G,5,"falso") -> 0 | N84: =H84*I84 -> 3.3323811 | O84: =N84/N86 -> 1
B86: Total do Bloco | N86: =N84 -> 3.3323811 | O86: =N86/N88 -> 1
B88: Total do Módulo | N88: =N86 -> 3.3323811 | O88: =N88/N118 -> 0.00027371509
A90: 09 | B90: ASSENTAMENTOS
A91: 0902 | B91: TUBULAÇÃO DE PVC JE / JEI PARA ESGOTO
A92: 090202 | B92: DN 150 | G92: m | H92: =H14-H93 -> 121.47 | I92: =VLOOKUP(A92,'[1]TAB OGU JUN18'!$A:$G,6,"falso") -> 2.64 | J92: =VLOOKUP(A92,'[1]TAB OGU JUN18'!$A:$G,4,"falso") -> 2.56 | K92: =H92*J92 -> 310.9632 | L92: =VLOOKUP(A92,'[1]TAB OGU JUN18'!$A:$G,5,"falso") -> 0.08 | M92: =H92*L92 -> 9.7176 | N92: =H92*I92 -> 320.6808 | O92: =N92/$N$95 -> 1
A93: 090203 | B93: DN 200 | G93: m | H93: 0 | I93: =VLOOKUP(A93,'[1]TAB OGU JUN18'!$A:$G,6,"falso") -> 3.14 | J93: =VLOOKUP(A93,'[1]TAB OGU JUN18'!$A:$G,4,"falso") -> 3.01 | K93: =H93*J93 -> 0 | L93: =VLOOKUP(A93,'[1]TAB OGU JUN18'!$A:$G,5,"falso") -> 0.13 | M93: =H93*L93 -> 0 | N93: =H93*I93 -> 0 | O93: =N93/$N$95 -> 0
B95: Total do Bloco | N95: =SUM(N92:N93) -> 320.6808 | O95: =N95/N108 -> 0.066447158
A97: 0917 | B97: POÇO DE VISITA TIPO C - DN 800
A98: 091701 | B98: Com profundidade até 1,00 m | G98: ud | H98: =U6 -> 4 | I98: =VLOOKUP(A98,'[1]TAB OGU JUN18'!$A:$G,6,"falso") -> 466.82 | J98: =VLOOKUP(A98,'[1]TAB OGU JUN18'!$A:$G,4,"falso") -> 143.97 | K98: =H98*J98 -> 575.88 | L98: =VLOOKUP(A98,'[1]TAB OGU JUN18'!$A:$G,5,"falso") -> 322.85 | M98: =H98*L98 -> 1291.4 | N98: =H98*I98 -> 1867.28 | O98: =N98/N101 -> 0.58739702
A99: 091702 | B99: Acréscimo para prof. Superior a 1,00 m | G99: m | H99: =(Q6-1.1)*H98 -> 5.1867531 | I99: =VLOOKUP(A99,'[1]TAB OGU JUN18'!$A:$G,6,"falso") -> 252.88 | J99: =VLOOKUP(A99,'[1]TAB OGU JUN18'!$A:$G,4,"falso") -> 47.83 | K99: =H99*J99 -> 248.0824 | L99: =VLOOKUP(A99,'[1]TAB OGU JUN18'!$A:$G,5,"falso") -> 205.05 | M99: =H99*L99 -> 1063.5437 | N99: =H99*I99 -> 1311.6261 | O99: =N99/N101 -> 0.41260298
B101: Total do Bloco | N101: =N99+N98 -> 3178.9061 | O101: =N101/N108 -> 0.65869013
A103: 0927 | B103: EMBASAMENTO
A104: 092702 | B104: Areia | G104: m³ | H104: =H14*R6*0.1 -> 8.3962 | I104: =VLOOKUP(A104,'[1]TAB OGU JUN18'!$A:$G,6,"falso") -> 157.99 | J104: =VLOOKUP(A104,'[1]TAB OGU JUN18'!$A:$G,4,"falso") -> 39.5 | K104: =H104*J104 -> 331.6499 | L104: =VLOOKUP(A104,'[1]TAB OGU JUN18'!$A:$G,5,"falso") -> 118.49 | M104: =H104*L104 -> 994.86574 | N104: =H104*I104 -> 1326.5156 | O104: =N104/N106 -> 1
B106: Total do Bloco | N106: =N104 -> 1326.5156 | O106: =N106/N108 -> 0.27486271
B108: Total do Módulo | N108: =N106+N101+N95 -> 4826.1026 | O108: =N108/N118 -> 0.39640637
A110: 16 | B110: SERVIÇOS DIVERSOS
A111: 1620 | B111: LIMPEZA DE OBRA
A112: 162004 | B112: Lavagem de rede de esgoto | G112: m | H112: =H14 -> 121.47 | I112: =VLOOKUP(A112,'[1]TAB OGU JUN18'!$A:$G,6,"falso") -> 1.31 | J112: =VLOOKUP(A112,'[1]TAB OGU JUN18'!$A:$G,4,"falso") -> 1.14 | K112: =H112*J112 -> 138.4758 | L112: =VLOOKUP(A112,'[1]TAB OGU JUN18'!$A:$G,5,"falso") -> 0.17 | M112: =H112*L112 -> 20.6499 | N112: =H112*I112 -> 159.1257 | O112: =N112/N114 -> 1
B114: Total do Bloco | N114: =N112 -> 159.1257 | O114: =N114/N116 -> 1
B116: Total do Módulo | N116: =N114 -> 159.1257 | O116: =N116/N118 -> 0.013070265
B118: TOTAL DA UNIDADE | K118: =SUM(K12:K117) -> 8613.7404 | M118: =SUM(M12:M117) -> 3560.8356 | N118: =N116+N108+N88+N80+N66+N29 -> 12174.634
B120: TOTAL DA UNIDADE COM BDI | K120: =K118+(K118*O5) -> 10989.41 | M120: =M118+(M118*O7) -> 4191.8157 | N120: =K120+M120 -> 15181.226 | O120: =N120/RESUMO!H95 -> 0.0020964246

Sheet 09 - 2
A2: SISTEMA DE ORÇAMENTO DE OBRAS
C4: Mun./Loc.: | D4: =RESUMO!D4 -> SÃO JOSÉ DAS PALMEIRAS | G4: Data: | M4: =RESUMO!G4 -> 43657 | N4: =RESUMO!H4 -> BDI Aplicado
A5: Relatório Por U.C. | C5: Obra: | D5: =RESUMO!D5 -> SISTEMA DE ESGOTAMENTO SANITARIO - SES | G5: Nº Área: | N5: =RESUMO!H5 -> Serviços | O5: =RESUMO!I5 -> 0.2758
C6: Área Resp.: | G6: Nº USAQ: | N6: =RESUMO!H6 -> Serv Terc: | O6: =RESUMO!I6 -> 0.1772
C7: Nº U.C.: | D7: =RESUMO!A23 -> U.C. : 07 | G7: Referência: | M7: =RESUMO!G7 -> Jun18 MOS4aEd v00 | N7: =RESUMO!H7 -> Mat/Equip: | O7: =RESUMO!I7 -> 0.1772
C8: Ud. Const.: | D8: =RESUMO!B23 -> COLETOR 02
B9: Descrição | G9: Ud | H9: Qtde. | I9: Unitário | K9: Mão de Obra | M9: Materiais | N9: Total (R$) | O9: %
A11: =RESUMO!A43 -> 2 | B11: =RESUMO!B25 -> COLETOR 02 - MATERIAIS
A12: 20 | B12: MATERIAL DE CONCRETO
A13: 2010 | B13: TAMPÃO PARA POÇO DE VISITA
A14: 13255 * | B14: Tampa de concreto para PV ou caixa de inspeção, dimensões 600 X 600 X 50 mm | G14: ud | H14: ='08 - 2'!H98 -> 4 | I14: 37.84 | L14: 37.84 | M14: =H14*L14 -> 151.36 | N14: =H14*I14 -> 151.36 | O14: =N14/N16 -> 1 | P14: 13255
B16: Total do Bloco | N16: =N14 -> 151.36 | O16: =N16/N18 -> 1
B18: Total do Módulo | N18: =N16 -> 151.36 | O18: =N18/N29 -> 0.03205234
A20: 25 | B20: MATERIAL DE PVC - ESGOTO
A21: 2511 | B21: TUBO PVC
A22: 251103 | B22: Tubo PVC JEI coletor de esgoto parede maciça NBR 7362-2 DN 150 | G22: m | H22: ='08 - 2'!H92 -> 121.47 | I22: =VLOOKUP(A22,'[1]TAB OGU JUN18'!$A:$G,6,"falso") -> 37.63 | L22: =VLOOKUP(A22,'[1]TAB OGU JUN18'!$A:$G,5,"falso") -> 37.63 | M22: =H22*L22 -> 4570.9161 | N22: =H22*I22 -> 4570.9161 | O22: =N22/$N$25 -> 1
A23: 251104 | B23: Tubo PVC JEI coletor de esgoto parede maciça NBR 7362-2 DN 200 | G23: m | H23: ='08 - 2'!H93 -> 0 | I23: =VLOOKUP(A23,'[1]TAB OGU JUN18'!$A:$G,6,"falso") -> 58.74 | L23: =VLOOKUP(A23,'[1]TAB OGU JUN18'!$A:$G,5,"falso") -> 58.74 | M23: =H23*L23 -> 0 | N23: =H23*I23 -> 0 | O23: =N23/$N$25 -> 0
B25: Total do Bloco | N25: =N22+N23 -> 4570.9161 | O25: =N25/N27 -> 1
B27: Total do Módulo | N27: =N25 -> 4570.9161 | O27: =N27/N29 -> 0.96794766
B29: TOTAL DA UNIDADE | M29: =SUM(M14:M28) -> 4722.2761 | N29: =N27+N18 -> 4722.2761
B31: TOTAL DA UNIDADE COM BDI | M31: =M29+(M29*O7) -> 5559.0634 | N31: =M31 -> 5559.0634 | O31: =N31/RESUMO!H95 -> 0.00076766905

Sheet 08 - 3
A2: SISTEMA DE ORÇAMENTO DE OBRAS
C4: Mun./Loc.: | D4: =RESUMO!D4 -> SÃO JOSÉ DAS PALMEIRAS | G4: Data: | M4: =RESUMO!G4 -> 43657 | N4: =RESUMO!H4 -> BDI Aplicado | P4: comprimento da rede | Q4: profundidade média | R4: largura média | S4: escoramento | T4: movimentação de solo 0 a 4 | U4: quantidade PV
A5: Relatório Por U.C. | C5: Obra: | D5: =RESUMO!D5 -> SISTEMA DE ESGOTAMENTO SANITARIO - SES | G5: Nº Área: | N5: =RESUMO!H5 -> Serviços | O5: =RESUMO!I5 -> 0.2758
C6: Área Resp.: | G6: Nº USAQ: | N6: =RESUMO!H6 -> Serv Terc: | O6: =RESUMO!I6 -> 0.1772 | P6: 993.74 | Q6: 2.4059087 | R6: 0.65275726 | S6: 956.33909 | T6: 216.22367 | U6: 16
C7: Nº U.C.: | D7: =RESUMO!A26 -> U.C. : 08 | G7: Referência: | M7: =RESUMO!G7 -> Jun18 MOS4aEd v00 | N7: =RESUMO!H7 -> Mat/Equip: | O7: =RESUMO!I7 -> 0.1772 | T7: 179.95518
C8: Ud. Const.: | D8: =RESUMO!B26 -> COLETOR 03 | T8: 792.35769
B9: Descrição | G9: Ud | H9: Qtde. | I9: Unitário | K9: Mão de Obra | M9: Materiais | N9: Total (R$) | O9: % | T9: 409.2971
T10: 194.6013
A11: =RESUMO!A42 -> 1 | B11: =RESUMO!B27 -> COLETOR 03 - SERVIÇOS | T11: 1320.8059
A12: 02 | B12: SERVIÇOS TÉCNICOS | T12: 82.426486
A13: 0201 | B13: TOPOGRAFIA E GEODÉSIA - SERVIÇOS
A14: 020137 | B14: Locação e nivelamento para assentamento de tubulação de esgoto | G14: m | H14: =P6 -> 993.74 | I14: =VLOOKUP(A14,'[1]TAB OGU JUN18'!$A:$G,6,"falso") -> 1.2 | J14: =VLOOKUP(A14,'[1]TAB OGU JUN18'!$A:$G,4,"falso") -> 0.82 | K14: =H14*J14 -> 814.8668 | L14: =VLOOKUP(A14,'[1]TAB OGU JUN18'!$A:$G,5,"falso") -> 0.38 | M14: =H14*L14 -> 377.6212 | N14: =H14*I14 -> 1192.488 | O14: =N14/N17 -> 1
B15: (Ordem de serviço para execução - OSE)
B17: Total do Bloco | N17: =SUM(N14:N14) -> 1192.488 | O17: =N17/N29 -> 0.64516129
A19: 0202 | B19: TOPOGRAFIA E GEODÉSIA - ESTADIA DA EQUIPE
A20: 020237 | B20: Locação e nivelamento para assentamento de tubulação de esgoto (Ordem de serviço para execução - OSE) | G20: m | H20: =H14 -> 993.74 | I20: =VLOOKUP(A20,'[1]TAB OGU JUN18'!$A:$G,6,"falso") -> 0.4 | J20: =VLOOKUP(A20,'[1]TAB OGU JUN18'!$A:$G,4,"falso") -> 0.4 | K20: =H20*J20 -> 397.496 | L20: =VLOOKUP(A20,'[1]TAB OGU JUN18'!$A:$G,5,"falso") -> 0 | N20: =H20*I20 -> 397.496 | O20: =N20/N22 -> 1
B22: Total do Bloco | N22: =N20 -> 397.496 | O22: =N22/N29 -> 0.21505376
A24: 0207 | B24: CADASTRO DE OBRAS
A25: 020702 | B25: Cadastro linear de esgoto - CAD | G25: m | H25: =H20 -> 993.74 | I25: =VLOOKUP(A25,'[1]TAB OGU JUN18'!$A:$G,6,"falso") -> 0.26 | J25: =VLOOKUP(A25,'[1]TAB OGU JUN18'!$A:$G,4,"falso") -> 0.26 | K25: =H25*J25 -> 258.3724 | L25: =VLOOKUP(A25,'[1]TAB OGU JUN18'!$A:$G,5,"falso") -> 0 | N25: =H25*I25 -> 258.3724 | O25: =N25/N27 -> 1
B27: Total do Bloco | N27: =N25 -> 258.3724 | O27: =N27/N29 -> 0.13978495
B29: Total do Módulo | N29: =N27+N17+N22 -> 1848.3564 | O29: =N29/N118 -> 0.022238118
A31: 04 | B31: MOVIMENTO DE SOLOS
A32: 0401 | B32: ESCAVAÇÃO MANUAL DE VALAS
A33: 040109 | B33: Em terra compacta, prof. 0 m < h ≤ 1 m | G33: m³ | H33: =T6 -> 216.22367 | I33: =VLOOKUP(A33,'[1]TAB OGU JUN18'!$A:$G,6,"falso") -> 32.9 | J33: =VLOOKUP(A33,'[1]TAB OGU JUN18'!$A:$G,4,"falso") -> 32.9 | K33: =H33*J33 -> 7113.7586 | L33: =VLOOKUP(A33,'[1]TAB OGU JUN18'!$A:$G,5,"falso") -> 0 | N33: =H33*I33 -> 7113.7586 | O33: =N33/N36 -> 0.4900864
A34: 040110 | B34: Em terra compacta, prof. 0 m < h ≤ 2 m | G34: m³ | H34: =T7 -> 179.95518 | I34: =VLOOKUP(A34,'[1]TAB OGU JUN18'!$A:$G,6,"falso") -> 41.13 | J34: =VLOOKUP(A34,'[1]TAB OGU JUN18'!$A:$G,4,"falso") -> 41.13 | K34: =H34*J34 -> 7401.5566 | L34: =VLOOKUP(A34,'[1]TAB OGU JUN18'!$A:$G,5,"falso") -> 0 | N34: =H34*I34 -> 7401.5566 | O34: =N34/N36 -> 0.5099136
B36: Total do Bloco | N36: =SUM(N33:N34) -> 14515.315 | O36: =N36/N66 -> 0.36509211
A38: 0402 | B38: ESCAVAÇÃO MECÂNICA DE VALAS EM QUALQUER TIPO DE SOLO, EXCETO ROCHA
A39: 040201 | B39: Profundidade 0 m < h ≤ 2 m | G39: m³ | H39: =T8 -> 792.35769 | I39: =VLOOKUP(A39,'[1]TAB OGU JUN18'!$A:$G,6,"falso") -> 9.77 | J39: =VLOOKUP(A39,'[1]TAB OGU JUN18'!$A:$G,4,"falso") -> 9.77 | K39: =H39*J39 -> 7741.3347 | L39: =VLOOKUP(A39,'[1]TAB OGU JUN18'!$A:$G,5,"falso") -> 0 | N39: =H39*I39 -> 7741.3347 | O39: =N39/N42 -> 0.628912
A40: 040202 | B40: Profundidade 0 m < h ≤ 4 m | G40: m³ | H40: =T9 -> 409.2971 | I40: =VLOOKUP(A40,'[1]TAB OGU JUN18'!$A:$G,6,"falso") -> 11.16 | J40: =VLOOKUP(A40,'[1]TAB OGU JUN18'!$A:$G,4,"falso") -> 11.16 | K40: =H40*J40 -> 4567.7557 | L40: =VLOOKUP(A40,'[1]TAB OGU JUN18'!$A:$G,5,"falso") -> 0 | N40: =H40*I40 -> 4567.7557 | O40: =N40/N42 -> 0.371088
B42: Total do Bloco | N42: =N39+N40 -> 12309.09 | O42: =N42/N66 -> 0.3096007
A44: 0413 | B44: ATERRO/REATERRO EM VALAS E CAVAS
A45: 041301 | B45: Manual | G45: m³ | H45: =T10 -> 194.6013 | I45: =VLOOKUP(A45,'[1]TAB OGU JUN18'!$A:$G,6,"falso") -> 7.4 | J45: =VLOOKUP(A45,'[1]TAB OGU JUN18'!$A:$G,4,"falso") -> 7.4 | K45: =H45*J45 -> 1440.0496 | L45: =VLOOKUP(A45,'[1]TAB OGU JUN18'!$A:$G,5,"falso") -> 0 | N45: =H45*I45 -> 1440.0496 | O45: =N45/N48 -> 0.45234603
A46: 041302 | B46: Mecânico | G46: m³ | H46: =T11 -> 1320.8059 | I46: =VLOOKUP(A46,'[1]TAB OGU JUN18'!$A:$G,6,"falso") -> 1.32 | J46: =VLOOKUP(A46,'[1]TAB OGU JUN18'!$A:$G,4,"falso") -> 1.32 | K46: =H46*J46 -> 1743.4637 | L46: =VLOOKUP(A46,'[1]TAB OGU JUN18'!$A:$G,5,"falso") -> 0 | N46: =H46*I46 -> 1743.4637 | O46: =N46/N48 -> 0.54765397
B48: Total do Bloco | N48: =N46+N45 -> 3183.5134 | O48: =N48/N66 -> 0.080072364
A50: 0414 | B50: COMPACTAÇÃO EM VALAS
A51: 041401 | B51: Manual | G51: m³ | H51: =H45 -> 194.6013 | I51: =VLOOKUP(A51,'[1]TAB OGU JUN18'!$A:$G,6,"falso") -> 20.56 | J51: =VLOOKUP(A51,'[1]TAB OGU JUN18'!$A:$G,4,"falso") -> 20.56 | K51: =H51*J51 -> 4001.0027 | L51: =VLOOKUP(A51,'[1]TAB OGU JUN18'!$A:$G,5,"falso") -> 0 | N51: =H51*I51 -> 4001.0027 | O51: =N51/N54 -> 0.42790254
A52: 041402 | B52: Mecânico | G52: m³ | H52: =H46 -> 1320.8059 | I52: =VLOOKUP(A52,'[1]TAB OGU JUN18'!$A:$G,6,"falso") -> 4.05 | J52: =VLOOKUP(A52,'[1]TAB OGU JUN18'!$A:$G,4,"falso") -> 4.05 | K52: =H52*J52 -> 5349.2637 | L52: =VLOOKUP(A52,'[1]TAB OGU JUN18'!$A:$G,5,"falso") -> 0 | N52: =H52*I52 -> 5349.2637 | O52: =N52/N54 -> 0.57209746
B54: Total do Bloco | N54: =N52+N51 -> 9350.2665 | O54: =N54/N66 -> 0.23517977
A56: 0418 | B56: CARGA E DESCARGA DE SOLOS
A57: 041801 | B57: Qualquer tipo de solo exceto rocha | G57: m³ | H57: =T12 -> 82.426486 | I57: =VLOOKUP(A57,'[1]TAB OGU JUN18'!$A:$G,6,"falso") -> 1.85 | J57: =VLOOKUP(A57,'[1]TAB OGU JUN18'!$A:$G,4,"falso") -> 1.85 | K57: =H57*J57 -> 152.489 | L57: =VLOOKUP(A57,'[1]TAB OGU JUN18'!$A:$G,5,"falso") -> 0 | N57: =H57*I57 -> 152.489 | O57: =N57/N59 -> 1
B59: Total do Bloco | N59: =N57 -> 152.489 | O59: =N59/N66 -> 0.0038354338
A61: 0419 | B61: TRANSPORTE DE SOLOS
A62: 041901 | B62: Qualquer tipo de solo exceto rocha, em rodovia ou rua | G62: m³xkm | H62: =H57*3 -> 247.27946 | I62: =VLOOKUP(A62,'[1]TAB OGU JUN18'!$A:$G,6,"falso") -> 1 | J62: =VLOOKUP(A62,'[1]TAB OGU JUN18'!$A:$G,4,"falso") -> 1 | K62: =H62*J62 -> 247.27946 | L62: =VLOOKUP(A62,'[1]TAB OGU JUN18'!$A:$G,5,"falso") -> 0 | N62: =H62*I62 -> 247.27946 | O62: =N62/N64 -> 1
B64: Total do Bloco | N64: =N62 -> 247.27946 | O64: =N64/N66 -> 0.0062196223
B66: Total do Módulo | N66: =N64+N59+N54+N48+N42+N36 -> 39757.954 | O66: =N66/N118 -> 0.47833961
A68: 05 | B68: ESCORAMENTO
A69: 0501 | B69: ESCORAMENTO DE MADEIRA
A70: 050101 | B70: Pontalete | G70: m² | H70: =0.95*S6 -> 908.52213 | I70: =VLOOKUP(A70,'[1]TAB OGU JUN18'!$A:$G,6,"falso") -> 14.81 | J70: =VLOOKUP(A70,'[1]TAB OGU JUN18'!$A:$G,4,"falso") -> 13.63 | K70: =H70*J70 -> 12383.157 | L70: =VLOOKUP(A70,'[1]TAB OGU JUN18'!$A:$G,5,"falso") -> 1.18 | M70: =H70*L70 -> 1072.0561 | N70: =H70*I70 -> 13455.213 | O70: =N70/N73 -> 0.92425686
A71: 050102 | B71: Descontínuo | G71: m² | H71: =0.05*S6 -> 47.816954 | I71: =VLOOKUP(A71,'[1]TAB OGU JUN18'!$A:$G,6,"falso") -> 23.06 | J71: =VLOOKUP(A71,'[1]TAB OGU JUN18'!$A:$G,4,"falso") -> 22.37 | K71: =H71*J71 -> 1069.6653 | L71: =VLOOKUP(A71,'[1]TAB OGU JUN18'!$A:$G,5,"falso")-0.01 -> 0.68 | M71: =H71*L71 -> 32.515529 | N71: =H71*I71 -> 1102.659 | O71: =N71/N73 -> 0.075743143
B73: Total do Bloco | N73: =N70+N71 -> 14557.872 | O73: =N73/N80 -> 1
A75: 0503 | B75: ESCORAMENTO MISTO
A76: 050301 | B76: Tipo hamburguês | G76: m² | I76: =VLOOKUP(A76,'[1]TAB OGU JUN18'!$A:$G,6,"falso") -> 144.25 | J76: =VLOOKUP(A76,'[1]TAB OGU JUN18'!$A:$G,4,"falso") -> 134.15 | K76: =H76*J76 -> 0 | L76: =VLOOKUP(A76,'[1]TAB OGU JUN18'!$A:$G,5,"falso") -> 10.1 | M76: =H76*L76 -> 0 | N76: =H76*I76 -> 0 | O76: =N76/N78 -> #DIV/0!
B78: Total do Bloco | N78: =N76 -> 0 | O78: =N78/N80 -> 0
B80: Total do Módulo | N80: =N73+N78 -> 14557.872 | O80: =N80/N118 -> 0.17515003
A82: 06 | B82: ESGOTAMENTO
A83: 0601 | B83: ESGOTAMENTO COM BOMBAS
A84: 060101 | B84: Moto bomba | G84: h | H84: =((H14*R6*Q6)*0.06*1000)/20000 -> 4.6819296 | I84: =VLOOKUP(A84,'[1]TAB OGU JUN18'!$A:$G,6,"falso") -> 5.52 | J84: =VLOOKUP(A84,'[1]TAB OGU JUN18'!$A:$G,4,"falso") -> 5.52 | K84: =H84*J84 -> 25.844251 | L84: =VLOOKUP(A84,'[1]TAB OGU JUN18'!$A:$G,5,"falso") -> 0 | N84: =H84*I84 -> 25.844251 | O84: =N84/N86 -> 1
B86: Total do Bloco | N86: =N84 -> 25.844251 | O86: =N86/N88 -> 1
B88: Total do Módulo | N88: =N86 -> 25.844251 | O88: =N88/N118 -> 0.00031093977
A90: 09 | B90: ASSENTAMENTOS
A91: 0902 | B91: TUBULAÇÃO DE PVC JE / JEI PARA ESGOTO
A92: 090202 | B92: DN 150 | G92: m | H92: =H14-H93 -> 993.74 | I92: =VLOOKUP(A92,'[1]TAB OGU JUN18'!$A:$G,6,"falso") -> 2.64 | J92: =VLOOKUP(A92,'[1]TAB OGU JUN18'!$A:$G,4,"falso") -> 2.56 | K92: =H92*J92 -> 2543.9744 | L92: =VLOOKUP(A92,'[1]TAB OGU JUN18'!$A:$G,5,"falso") -> 0.08 | M92: =H92*L92 -> 79.4992 | N92: =H92*I92 -> 2623.4736 | O92: =N92/$N$95 -> 1
A93: 090203 | B93: DN 200 | G93: m | H93: 0 | I93: =VLOOKUP(A93,'[1]TAB OGU JUN18'!$A:$G,6,"falso") -> 3.14 | J93: =VLOOKUP(A93,'[1]TAB OGU JUN18'!$A:$G,4,"falso") -> 3.01 | K93: =H93*J93 -> 0 | L93: =VLOOKUP(A93,'[1]TAB OGU JUN18'!$A:$G,5,"falso") -> 0.13 | M93: =H93*L93 -> 0 | N93: =H93*I93 -> 0 | O93: =N93/$N$95 -> 0
B95: Total do Bloco | N95: =SUM(N92:N93) -> 2623.4736 | O95: =N95/N108 -> 0.10238043
A97: 0917 | B97: POÇO DE VISITA TIPO C - DN 800
A98: 091701 | B98: Com profundidade até 1,00 m | G98: ud | H98: =U6 -> 16 | I98: =VLOOKUP(A98,'[1]TAB OGU JUN18'!$A:$G,6,"falso") -> 466.82 | J98: =VLOOKUP(A98,'[1]TAB OGU JUN18'!$A:$G,4,"falso") -> 143.97 | K98: =H98*J98 -> 2303.52 | L98: =VLOOKUP(A98,'[1]TAB OGU JUN18'!$A:$G,5,"falso") -> 322.85 | M98: =H98*L98 -> 5165.6 | N98: =H98*I98 -> 7469.12 | O98: =N98/N101 -> 0.58567869
A99: 091702 | B99: Acréscimo para prof. Superior a 1,00 m | G99: m | H99: =(Q6-1.1)*H98 -> 20.894539 | I99: =VLOOKUP(A99,'[1]TAB OGU JUN18'!$A:$G,6,"falso") -> 252.88 | J99: =VLOOKUP(A99,'[1]TAB OGU JUN18'!$A:$G,4,"falso") -> 47.83 | K99: =H99*J99 -> 999.38581 | L99: =VLOOKUP(A99,'[1]TAB OGU JUN18'!$A:$G,5,"falso") -> 205.05 | M99: =H99*L99 -> 4284.4253 | N99: =H99*I99 -> 5283.8111 | O99: =N99/N101 -> 0.41432131
B101: Total do Bloco | N101: =N99+N98 -> 12752.931 | O101: =N101/N108 -> 0.49768006
A103: 0927 | B103: EMBASAMENTO
A104: 092702 | B104: Areia | G104: m³ | H104: =H14*R6*0.1 -> 64.8671 | I104: =VLOOKUP(A104,'[1]TAB OGU JUN18'!$A:$G,6,"falso") -> 157.99 | J104: =VLOOKUP(A104,'[1]TAB OGU JUN18'!$A:$G,4,"falso") -> 39.5 | K104: =H104*J104 -> 2562.2505 | L104: =VLOOKUP(A104,'[1]TAB OGU JUN18'!$A:$G,5,"falso") -> 118.49 | M104: =H104*L104 -> 7686.1027 | N104: =H104*I104 -> 10248.353 | O104: =N104/N106 -> 1
B106: Total do Bloco | N106: =N104 -> 10248.353 | O106: =N106/N108 -> 0.39993951
B108: Total do Módulo | N108: =N106+N101+N95 -> 25624.758 | O108: =N108/N118 -> 0.30829898
A110: 16 | B110: SERVIÇOS DIVERSOS
A111: 1620 | B111: LIMPEZA DE OBRA
A112: 162004 | B112: Lavagem de rede de esgoto | G112: m | H112: =H14 -> 993.74 | I112: =VLOOKUP(A112,'[1]TAB OGU JUN18'!$A:$G,6,"falso") -> 1.31 | J112: =VLOOKUP(A112,'[1]TAB OGU JUN18'!$A:$G,4,"falso") -> 1.14 | K112: =H112*J112 -> 1132.8636 | L112: =VLOOKUP(A112,'[1]TAB OGU JUN18'!$A:$G,5,"falso") -> 0.17 | M112: =H112*L112 -> 168.9358 | N112: =H112*I112 -> 1301.7994 | O112: =N112/N114 -> 1
B114: Total do Bloco | N114: =N112 -> 1301.7994 | O114: =N114/N116 -> 1
B116: Total do Módulo | N116: =N114 -> 1301.7994 | O116: =N116/N118 -> 0.015662331
B118: TOTAL DA UNIDADE | K118: =SUM(K12:K117) -> 64249.349 | M118: =SUM(M12:M117) -> 18866.756 | N118: =N116+N108+N88+N80+N66+N29 -> 83116.583
B120: TOTAL DA UNIDADE COM BDI | K120: =K118+(K118*O5) -> 81969.32 | M120: =M118+(M118*O7) -> 22209.945 | N120: =K120+M120 -> 104179.26 | O120: =N120/RESUMO!H95 -> 0.014386452

Sheet 09 - 3
A2: SISTEMA DE ORÇAMENTO DE OBRAS
C4: Mun./Loc.: | D4: =RESUMO!D4 -> SÃO JOSÉ DAS PALMEIRAS | G4: Data: | M4: =RESUMO!G4 -> 43657 | N4: =RESUMO!H4 -> BDI Aplicado
A5: Relatório Por U.C. | C5: Obra: | D5: =RESUMO!D5 -> SISTEMA DE ESGOTAMENTO SANITARIO - SES | G5: Nº Área: | N5: =RESUMO!H5 -> Serviços | O5: =RESUMO!I5 -> 0.2758
C6: Área Resp.: | G6: Nº USAQ: | N6: =RESUMO!H6 -> Serv Terc: | O6: =RESUMO!I6 -> 0.1772
C7: Nº U.C.: | D7: =RESUMO!A26 -> U.C. : 08 | G7: Referência: | M7: =RESUMO!G7 -> Jun18 MOS4aEd v00 | N7: =RESUMO!H7 -> Mat/Equip: | O7: =RESUMO!I7 -> 0.1772
C8: Ud. Const.: | D8: =RESUMO!B26 -> COLETOR 03
B9: Descrição | G9: Ud | H9: Qtde. | I9: Unitário | K9: Mão de Obra | M9: Materiais | N9: Total (R$) | O9: %
A11: =RESUMO!A43 -> 2 | B11: =RESUMO!B28 -> COLETOR 03 - MATERIAIS
A12: 20 | B12: MATERIAL DE CONCRETO
A13: 2010 | B13: TAMPÃO PARA POÇO DE VISITA
A14: 13255 * | B14: Tampa de concreto para PV ou caixa de inspeção, dimensões 600 X 600 X 50 mm | G14: ud | H14: ='08 - 3'!H98 -> 16 | I14: 37.84 | L14: 37.84 | M14: =H14*L14 -> 605.44 | N14: =H14*I14 -> 605.44 | O14: =N14/N16 -> 1 | P14: 13255
B16: Total do Bloco | N16: =N14 -> 605.44 | O16: =N16/N18 -> 1
B18: Total do Módulo | N18: =N16 -> 605.44 | O18: =N18/N29 -> 0.015932683
A20: 25 | B20: MATERIAL DE PVC - ESGOTO
A21: 2511 | B21: TUBO PVC
A22: 251103 | B22: Tubo PVC JEI coletor de esgoto parede maciça NBR 7362-2 DN 150 | G22: m | H22: ='08 - 3'!H92 -> 993.74 | I22: =VLOOKUP(A22,'[1]TAB OGU JUN18'!$A:$G,6,"falso") -> 37.63 | L22: =VLOOKUP(A22,'[1]TAB OGU JUN18'!$A:$G,5,"falso") -> 37.63 | M22: =H22*L22 -> 37394.436 | N22: =H22*I22 -> 37394.436 | O22: =N22/$N$25 -> 1
A23: 251104 | B23: Tubo PVC JEI coletor de esgoto parede maciça NBR 7362-2 DN 200 | G23: m | H23: ='08 - 3'!H93 -> 0 | I23: =VLOOKUP(A23,'[1]TAB OGU JUN18'!$A:$G,6,"falso") -> 58.74 | L23: =VLOOKUP(A23,'[1]TAB OGU JUN18'!$A:$G,5,"falso") -> 58.74 | M23: =H23*L23 -> 0 | N23: =H23*I23 -> 0 | O23: =N23/$N$25 -> 0
B25: Total do Bloco | N25: =N22+N23 -> 37394.436 | O25: =N25/N27 -> 1
B27: Total do Módulo | N27: =N25 -> 37394.436 | O27: =N27/N29 -> 0.98406732
B29: TOTAL DA UNIDADE | M29: =SUM(M14:M28) -> 37999.876 | N29: =N27+N18 -> 37999.876
B31: TOTAL DA UNIDADE COM BDI | M31: =M29+(M29*O7) -> 44733.454 | N31: =M31 -> 44733.454 | O31: =N31/RESUMO!H95 -> 0.0061773874

Sheet 08 - 4
A2: SISTEMA DE ORÇAMENTO DE OBRAS
C4: Mun./Loc.: | D4: =RESUMO!D4 -> SÃO JOSÉ DAS PALMEIRAS | G4: Data: | M4: =RESUMO!G4 -> 43657 | N4: =RESUMO!H4 -> BDI Aplicado | P4: comprimento da rede | Q4: profundidade média | R4: largura média | S4: escoramento | T4: movimentação de solo 0 a 4 | U4: quantidade PV
A5: Relatório Por U.C. | C5: Obra: | D5: =RESUMO!D5 -> SISTEMA DE ESGOTAMENTO SANITARIO - SES | G5: Nº Área: | N5: =RESUMO!H5 -> Serviços | O5: =RESUMO!I5 -> 0.2758
C6: Área Resp.: | G6: Nº USAQ: | N6: =RESUMO!H6 -> Serv Terc: | O6: =RESUMO!I6 -> 0.1772 | P6: 1873.76 | Q6: 2.5799065 | R6: 0.68675658 | S6: 1933.6502 | T6: 428.939 | U6: 30
C7: Nº U.C.: | D7: =RESUMO!A29 -> U.C. : 09 | G7: Referência: | M7: =RESUMO!G7 -> Jun18 MOS4aEd v00 | N7: =RESUMO!H7 -> Mat/Equip: | O7: =RESUMO!I7 -> 0.1772 | T7: 416.99379
C8: Ud. Const.: | D8: =RESUMO!B29 -> COLETOR 04 | T8: 1691.8656
B9: Descrição | G9: Ud | H9: Qtde. | I9: Unitário | K9: Mão de Obra | M9: Materiais | N9: Total (R$) | O9: % | T9: 802.43211
T10: 386.0451
A11: =RESUMO!A42 -> 1 | B11: =RESUMO!B30 -> COLETOR 04 - SERVIÇOS | T11: 2792.3943
A12: 02 | B12: SERVIÇOS TÉCNICOS | T12: 161.79104
A13: 0201 | B13: TOPOGRAFIA E GEODÉSIA - SERVIÇOS
A14: 020137 | B14: Locação e nivelamento para assentamento de tubulação de esgoto | G14: m | H14: =P6 -> 1873.76 | I14: =VLOOKUP(A14,'[1]TAB OGU JUN18'!$A:$G,6,"falso") -> 1.2 | J14: =VLOOKUP(A14,'[1]TAB OGU JUN18'!$A:$G,4,"falso") -> 0.82 | K14: =H14*J14 -> 1536.4832 | L14: =VLOOKUP(A14,'[1]TAB OGU JUN18'!$A:$G,5,"falso") -> 0.38 | M14: =H14*L14 -> 712.0288 | N14: =H14*I14 -> 2248.512 | O14: =N14/N17 -> 1
B15: (Ordem de serviço para execução - OSE)
B17: Total do Bloco | N17: =SUM(N14:N14) -> 2248.512 | O17: =N17/N29 -> 0.64516129
A19: 0202 | B19: TOPOGRAFIA E GEODÉSIA - ESTADIA DA EQUIPE
A20: 020237 | B20: Locação e nivelamento para assentamento de tubulação de esgoto (Ordem de serviço para execução - OSE) | G20: m | H20: =H14 -> 1873.76 | I20: =VLOOKUP(A20,'[1]TAB OGU JUN18'!$A:$G,6,"falso") -> 0.4 | J20: =VLOOKUP(A20,'[1]TAB OGU JUN18'!$A:$G,4,"falso") -> 0.4 | K20: =H20*J20 -> 749.504 | L20: =VLOOKUP(A20,'[1]TAB OGU JUN18'!$A:$G,5,"falso") -> 0 | N20: =H20*I20 -> 749.504 | O20: =N20/N22 -> 1
B22: Total do Bloco | N22: =N20 -> 749.504 | O22: =N22/N29 -> 0.21505376
A24: 0207 | B24: CADASTRO DE OBRAS
A25: 020702 | B25: Cadastro linear de esgoto - CAD | G25: m | H25: =H20 -> 1873.76 | I25: =VLOOKUP(A25,'[1]TAB OGU JUN18'!$A:$G,6,"falso") -> 0.26 | J25: =VLOOKUP(A25,'[1]TAB OGU JUN18'!$A:$G,4,"falso") -> 0.26 | K25: =H25*J25 -> 487.1776 | L25: =VLOOKUP(A25,'[1]TAB OGU JUN18'!$A:$G,5,"falso") -> 0 | N25: =H25*I25 -> 487.1776 | O25: =N25/N27 -> 1
B27: Total do Bloco | N27: =N25 -> 487.1776 | O27: =N27/N29 -> 0.13978495
B29: Total do Módulo | N29: =N27+N17+N22 -> 3485.1936 | O29: =N29/N118 -> 0.02059076
A31: 04 | B31: MOVIMENTO DE SOLOS
A32: 0401 | B32: ESCAVAÇÃO MANUAL DE VALAS
A33: 040109 | B33: Em terra compacta, prof. 0 m < h ≤ 1 m | G33: m³ | H33: =T6 -> 428.939 | I33: =VLOOKUP(A33,'[1]TAB OGU JUN18'!$A:$G,6,"falso") -> 32.9 | J33: =VLOOKUP(A33,'[1]TAB OGU JUN18'!$A:$G,4,"falso") -> 32.9 | K33: =H33*J33 -> 14112.093 | L33: =VLOOKUP(A33,'[1]TAB OGU JUN18'!$A:$G,5,"falso") -> 0 | N33: =H33*I33 -> 14112.093 | O33: =N33/N36 -> 0.45139851
A34: 040110 | B34: Em terra compacta, prof. 0 m < h ≤ 2 m | G34: m³ | H34: =T7 -> 416.99379 | I34: =VLOOKUP(A34,'[1]TAB OGU JUN18'!$A:$G,6,"falso") -> 41.13 | J34: =VLOOKUP(A34,'[1]TAB OGU JUN18'!$A:$G,4,"falso") -> 41.13 | K34: =H34*J34 -> 17150.955 | L34: =VLOOKUP(A34,'[1]TAB OGU JUN18'!$A:$G,5,"falso") -> 0 | N34: =H34*I34 -> 17150.955 | O34: =N34/N36 -> 0.54860149
B36: Total do Bloco | N36: =SUM(N33:N34) -> 31263.048 | O36: =N36/N66 -> 0.37521038
A38: 0402 | B38: ESCAVAÇÃO MECÂNICA DE VALAS EM QUALQUER TIPO DE SOLO, EXCETO ROCHA
A39: 040201 | B39: Profundidade 0 m < h ≤ 2 m | G39: m³ | H39: =T8 -> 1691.8656 | I39: =VLOOKUP(A39,'[1]TAB OGU JUN18'!$A:$G,6,"falso") -> 9.77 | J39: =VLOOKUP(A39,'[1]TAB OGU JUN18'!$A:$G,4,"falso") -> 9.77 | K39: =H39*J39 -> 16529.527 | L39: =VLOOKUP(A39,'[1]TAB OGU JUN18'!$A:$G,5,"falso") -> 0 | N39: =H39*I39 -> 16529.527 | O39: =N39/N42 -> 0.64860669
A40: 040202 | B40: Profundidade 0 m < h ≤ 4 m | G40: m³ | H40: =T9 -> 802.43211 | I40: =VLOOKUP(A40,'[1]TAB OGU JUN18'!$A:$G,6,"falso") -> 11.16 | J40: =VLOOKUP(A40,'[1]TAB OGU JUN18'!$A:$G,4,"falso") -> 11.16 | K40: =H40*J40 -> 8955.1423 | L40: =VLOOKUP(A40,'[1]TAB OGU JUN18'!$A:$G,5,"falso") -> 0 | N40: =H40*I40 -> 8955.1423 | O40: =N40/N42 -> 0.35139331
B42: Total do Bloco | N42: =N39+N40 -> 25484.669 | O42: =N42/N66 -> 0.30585989
A44: 0413 | B44: ATERRO/REATERRO EM VALAS E CAVAS
A45: 041301 | B45: Manual | G45: m³ | H45: =T10 -> 386.0451 | I45: =VLOOKUP(A45,'[1]TAB OGU JUN18'!$A:$G,6,"falso") -> 7.4 | J45: =VLOOKUP(A45,'[1]TAB OGU JUN18'!$A:$G,4,"falso") -> 7.4 | K45: =H45*J45 -> 2856.7337 | L45: =VLOOKUP(A45,'[1]TAB OGU JUN18'!$A:$G,5,"falso") -> 0 | N45: =H45*I45 -> 2856.7337 | O45: =N45/N48 -> 0.43662956
A46: 041302 | B46: Mecânico | G46: m³ | H46: =T11 -> 2792.3943 | I46: =VLOOKUP(A46,'[1]TAB OGU JUN18'!$A:$G,6,"falso") -> 1.32 | J46: =VLOOKUP(A46,'[1]TAB OGU JUN18'!$A:$G,4,"falso") -> 1.32 | K46: =H46*J46 -> 3685.9605 | L46: =VLOOKUP(A46,'[1]TAB OGU JUN18'!$A:$G,5,"falso") -> 0 | N46: =H46*I46 -> 3685.9605 | O46: =N46/N48 -> 0.56337044
B48: Total do Bloco | N48: =N46+N45 -> 6542.6943 | O48: =N48/N66 -> 0.078523593
A50: 0414 | B50: COMPACTAÇÃO EM VALAS
A51: 041401 | B51: Manual | G51: m³ | H51: =H45 -> 386.0451 | I51: =VLOOKUP(A51,'[1]TAB OGU JUN18'!$A:$G,6,"falso") -> 20.56 | J51: =VLOOKUP(A51,'[1]TAB OGU JUN18'!$A:$G,4,"falso") -> 20.56 | K51: =H51*J51 -> 7937.0873 | L51: =VLOOKUP(A51,'[1]TAB OGU JUN18'!$A:$G,5,"falso") -> 0 | N51: =H51*I51 -> 7937.0873 | O51: =N51/N54 -> 0.41239582
A52: 041402 | B52: Mecânico | G52: m³ | H52: =H46 -> 2792.3943 | I52: =VLOOKUP(A52,'[1]TAB OGU JUN18'!$A:$G,6,"falso") -> 4.05 | J52: =VLOOKUP(A52,'[1]TAB OGU JUN18'!$A:$G,4,"falso") -> 4.05 | K52: =H52*J52 -> 11309.197 | L52: =VLOOKUP(A52,'[1]TAB OGU JUN18'!$A:$G,5,"falso") -> 0 | N52: =H52*I52 -> 11309.197 | O52: =N52/N54 -> 0.58760418
B54: Total do Bloco | N54: =N52+N51 -> 19246.284 | O54: =N54/N66 -> 0.23098854
A56: 0418 | B56: CARGA E DESCARGA DE SOLOS
A57: 041801 | B57: Qualquer tipo de solo exceto rocha | G57: m³ | H57: =T12 -> 161.79104 | I57: =VLOOKUP(A57,'[1]TAB OGU JUN18'!$A:$G,6,"falso") -> 1.85 | J57: =VLOOKUP(A57,'[1]TAB OGU JUN18'!$A:$G,4,"falso") -> 1.85 | K57: =H57*J57 -> 299.31342 | L57: =VLOOKUP(A57,'[1]TAB OGU JUN18'!$A:$G,5,"falso") -> 0 | N57: =H57*I57 -> 299.31342 | O57: =N57/N59 -> 1
B59: Total do Bloco | N59: =N57 -> 299.31342 | O59: =N59/N66 -> 0.0035922763
A61: 0419 | B61: TRANSPORTE DE SOLOS
A62: 041901 | B62: Qualquer tipo de solo exceto rocha, em rodovia ou rua | G62: m³xkm | H62: =H57*3 -> 485.37312 | I62: =VLOOKUP(A62,'[1]TAB OGU JUN18'!$A:$G,6,"falso") -> 1 | J62: =VLOOKUP(A62,'[1]TAB OGU JUN18'!$A:$G,4,"falso") -> 1 | K62: =H62*J62 -> 485.37312 | L62: =VLOOKUP(A62,'[1]TAB OGU JUN18'!$A:$G,5,"falso") -> 0 | N62: =H62*I62 -> 485.37312 | O62: =N62/N64 -> 1
B64: Total do Bloco | N64: =N62 -> 485.37312 | O64: =N64/N66 -> 0.0058253129
B66: Total do Módulo | N66: =N64+N59+N54+N48+N42+N36 -> 83321.382 | O66: =N66/N118 -> 0.49226836
A68: 05 | B68: ESCORAMENTO
A69: 0501 | B69: ESCORAMENTO DE MADEIRA
A70: 050101 | B70: Pontalete | G70: m² | H70: =0.95*S6 -> 1836.9677 | I70: =VLOOKUP(A70,'[1]TAB OGU JUN18'!$A:$G,6,"falso") -> 14.81 | J70: =VLOOKUP(A70,'[1]TAB OGU JUN18'!$A:$G,4,"falso") -> 13.63 | K70: =H70*J70 -> 25037.87 | L70: =VLOOKUP(A70,'[1]TAB OGU JUN18'!$A:$G,5,"falso") -> 1.18 | M70: =H70*L70 -> 2167.6219 | N70: =H70*I70 -> 27205.492 | O70: =N70/N73 -> 0.92425686
A71: 050102 | B71: Descontínuo | G71: m² | H71: =0.05*S6 -> 96.682511 | I71: =VLOOKUP(A71,'[1]TAB OGU JUN18'!$A:$G,6,"falso") -> 23.06 | J71: =VLOOKUP(A71,'[1]TAB OGU JUN18'!$A:$G,4,"falso") -> 22.37 | K71: =H71*J71 -> 2162.7878 | L71: =VLOOKUP(A71,'[1]TAB OGU JUN18'!$A:$G,5,"falso")-0.01 -> 0.68 | M71: =H71*L71 -> 65.744107 | N71: =H71*I71 -> 2229.4987 | O71: =N71/N73 -> 0.075743143
B73: Total do Bloco | N73: =N70+N71 -> 29434.99 | O73: =N73/N80 -> 1
A75: 0503 | B75: ESCORAMENTO MISTO
A76: 050301 | B76: Tipo hamburguês | G76: m² | I76: =VLOOKUP(A76,'[1]TAB OGU JUN18'!$A:$G,6,"falso") -> 144.25 | J76: =VLOOKUP(A76,'[1]TAB OGU JUN18'!$A:$G,4,"falso") -> 134.15 | K76: =H76*J76 -> 0 | L76: =VLOOKUP(A76,'[1]TAB OGU JUN18'!$A:$G,5,"falso") -> 10.1 | M76: =H76*L76 -> 0 | N76: =H76*I76 -> 0 | O76: =N76/N78 -> #DIV/0!
B78: Total do Bloco | N78: =N76 -> 0 | O78: =N78/N80 -> 0
B80: Total do Módulo | N80: =N73+N78 -> 29434.99 | O80: =N80/N118 -> 0.17390391
A82: 06 | B82: ESGOTAMENTO
A83: 0601 | B83: ESGOTAMENTO COM BOMBAS
A84: 060101 | B84: Moto bomba | G84: h | H84: =((H14*R6*Q6)*0.06*1000)/20000 -> 9.9596025 | I84: =VLOOKUP(A84,'[1]TAB OGU JUN18'!$A:$G,6,"falso") -> 5.52 | J84: =VLOOKUP(A84,'[1]TAB OGU JUN18'!$A:$G,4,"falso") -> 5.52 | K84: =H84*J84 -> 54.977006 | L84: =VLOOKUP(A84,'[1]TAB OGU JUN18'!$A:$G,5,"falso") -> 0 | N84: =H84*I84 -> 54.977006 | O84: =N84/N86 -> 1
B86: Total do Bloco | N86: =N84 -> 54.977006 | O86: =N86/N88 -> 1
B88: Total do Módulo | N88: =N86 -> 54.977006 | O88: =N88/N118 -> 0.00032480787
A90: 09 | B90: ASSENTAMENTOS
A91: 0902 | B91: TUBULAÇÃO DE PVC JE / JEI PARA ESGOTO
A92: 090202 | B92: DN 150 | G92: m | H92: =H14-H93 -> 1873.76 | I92: =VLOOKUP(A92,'[1]TAB OGU JUN18'!$A:$G,6,"falso") -> 2.64 | J92: =VLOOKUP(A92,'[1]TAB OGU JUN18'!$A:$G,4,"falso") -> 2.56 | K92: =H92*J92 -> 4796.8256 | L92: =VLOOKUP(A92,'[1]TAB OGU JUN18'!$A:$G,5,"falso") -> 0.08 | M92: =H92*L92 -> 149.9008 | N92: =H92*I92 -> 4946.7264 | O92: =N92/$N$95 -> 1
A93: 090203 | B93: DN 200 | G93: m | H93: 0 | I93: =VLOOKUP(A93,'[1]TAB OGU JUN18'!$A:$G,6,"falso") -> 3.14 | J93: =VLOOKUP(A93,'[1]TAB OGU JUN18'!$A:$G,4,"falso") -> 3.01 | K93: =H93*J93 -> 0 | L93: =VLOOKUP(A93,'[1]TAB OGU JUN18'!$A:$G,5,"falso") -> 0.13 | M93: =H93*L93 -> 0 | N93: =H93*I93 -> 0 | O93: =N93/$N$95 -> 0
B95: Total do Bloco | N95: =SUM(N92:N93) -> 4946.7264 | O95: =N95/N108 -> 0.097937697
A97: 0917 | B97: POÇO DE VISITA TIPO C - DN 800
A98: 091701 | B98: Com profundidade até 1,00 m | G98: ud | H98: =U6 -> 30 | I98: =VLOOKUP(A98,'[1]TAB OGU JUN18'!$A:$G,6,"falso") -> 466.82 | J98: =VLOOKUP(A98,'[1]TAB OGU JUN18'!$A:$G,4,"falso") -> 143.97 | K98: =H98*J98 -> 4319.1 | L98: =VLOOKUP(A98,'[1]TAB OGU JUN18'!$A:$G,5,"falso") -> 322.85 | M98: =H98*L98 -> 9685.5 | N98: =H98*I98 -> 14004.6 | O98: =N98/N101 -> 0.55503852
A99: 091702 | B99: Acréscimo para prof. Superior a 1,00 m | G99: m | H99: =(Q6-1.1)*H98 -> 44.397194 | I99: =VLOOKUP(A99,'[1]TAB OGU JUN18'!$A:$G,6,"falso") -> 252.88 | J99: =VLOOKUP(A99,'[1]TAB OGU JUN18'!$A:$G,4,"falso") -> 47.83 | K99: =H99*J99 -> 2123.5178 | L99: =VLOOKUP(A99,'[1]TAB OGU JUN18'!$A:$G,5,"falso") -> 205.05 | M99: =H99*L99 -> 9103.6446 | N99: =H99*I99 -> 11227.162 | O99: =N99/N101 -> 0.44496148
B101: Total do Bloco | N101: =N99+N98 -> 25231.762 | O101: =N101/N108 -> 0.49955072
A103: 0927 | B103: EMBASAMENTO
A104: 092702 | B104: Areia | G104: m³ | H104: =H14*R6*0.1 -> 128.6817 | I104: =VLOOKUP(A104,'[1]TAB OGU JUN18'!$A:$G,6,"falso") -> 157.99 | J104: =VLOOKUP(A104,'[1]TAB OGU JUN18'!$A:$G,4,"falso") -> 39.5 | K104: =H104*J104 -> 5082.9271 | L104: =VLOOKUP(A104,'[1]TAB OGU JUN18'!$A:$G,5,"falso") -> 118.49 | M104: =H104*L104 -> 15247.495 | N104: =H104*I104 -> 20330.422 | O104: =N104/N106 -> 1
B106: Total do Bloco | N106: =N104 -> 20330.422 | O106: =N106/N108 -> 0.40251159
B108: Total do Módulo | N108: =N106+N101+N95 -> 50508.911 | O108: =N108/N118 -> 0.29841006
A110: 16 | B110: SERVIÇOS DIVERSOS
A111: 1620 | B111: LIMPEZA DE OBRA
A112: 162004 | B112: Lavagem de rede de esgoto | G112: m | H112: =H14 -> 1873.76 | I112: =VLOOKUP(A112,'[1]TAB OGU JUN18'!$A:$G,6,"falso") -> 1.31 | J112: =VLOOKUP(A112,'[1]TAB OGU JUN18'!$A:$G,4,"falso") -> 1.14 | K112: =H112*J112 -> 2136.0864 | L112: =VLOOKUP(A112,'[1]TAB OGU JUN18'!$A:$G,5,"falso") -> 0.17 | M112: =H112*L112 -> 318.5392 | N112: =H112*I112 -> 2454.6256 | O112: =N112/N114 -> 1
B114: Total do Bloco | N114: =N112 -> 2454.6256 | O114: =N114/N116 -> 1
B116: Total do Módulo | N116: =N114 -> 2454.6256 | O116: =N116/N118 -> 0.014502094
B118: TOTAL DA UNIDADE | K118: =SUM(K12:K117) -> 131808.64 | M118: =SUM(M12:M117) -> 37450.474 | N118: =N116+N108+N88+N80+N66+N29 -> 169260.08
B120: TOTAL DA UNIDADE COM BDI | K120: =K118+(K118*O5) -> 168161.46 | M120: =M118+(M118*O7) -> 44086.698 | N120: =K120+M120 -> 212248.16 | O120: =N120/RESUMO!H95 -> 0.029310035

Sheet 09 - 4
A2: SISTEMA DE ORÇAMENTO DE OBRAS
C4: Mun./Loc.: | D4: =RESUMO!D4 -> SÃO JOSÉ DAS PALMEIRAS | G4: Data: | M4: =RESUMO!G4 -> 43657 | N4: =RESUMO!H4 -> BDI Aplicado
A5: Relatório Por U.C. | C5: Obra: | D5: =RESUMO!D5 -> SISTEMA DE ESGOTAMENTO SANITARIO - SES | G5: Nº Área: | N5: =RESUMO!H5 -> Serviços | O5: =RESUMO!I5 -> 0.2758
C6: Área Resp.: | G6: Nº USAQ: | N6: =RESUMO!H6 -> Serv Terc: | O6: =RESUMO!I6 -> 0.1772
C7: Nº U.C.: | D7: =RESUMO!A29 -> U.C. : 09 | G7: Referência: | M7: =RESUMO!G7 -> Jun18 MOS4aEd v00 | N7: =RESUMO!H7 -> Mat/Equip: | O7: =RESUMO!I7 -> 0.1772
C8: Ud. Const.: | D8: =RESUMO!B29 -> COLETOR 04
B9: Descrição | G9: Ud | H9: Qtde. | I9: Unitário | K9: Mão de Obra | M9: Materiais | N9: Total (R$) | O9: %
A11: =RESUMO!A43 -> 2 | B11: =RESUMO!B31 -> COLETOR 04 - MATERIAIS
A12: 20 | B12: MATERIAL DE CONCRETO
A13: 2010 | B13: TAMPÃO PARA POÇO DE VISITA
A14: 13255 * | B14: Tampa de concreto para PV ou caixa de inspeção, dimensões 600 X 600 X 50 mm | G14: ud | H14: ='08 - 4'!H98 -> 30 | I14: 37.84 | L14: 37.84 | M14: =H14*L14 -> 1135.2 | N14: =H14*I14 -> 1135.2 | O14: =N14/N16 -> 1 | P14: 13255
B16: Total do Bloco | N16: =N14 -> 1135.2 | O16: =N16/N18 -> 1
B18: Total do Módulo | N18: =N16 -> 1135.2 | O18: =N18/N29 -> 0.015844837
A20: 25 | B20: MATERIAL DE PVC - ESGOTO
A21: 2511 | B21: TUBO PVC
A22: 251103 | B22: Tubo PVC JEI coletor de esgoto parede maciça NBR 7362-2 DN 150 | G22: m | H22: ='08 - 4'!H92 -> 1873.76 | I22: =VLOOKUP(A22,'[1]TAB OGU JUN18'!$A:$G,6,"falso") -> 37.63 | L22: =VLOOKUP(A22,'[1]TAB OGU JUN18'!$A:$G,5,"falso") -> 37.63 | M22: =H22*L22 -> 70509.589 | N22: =H22*I22 -> 70509.589 | O22: =N22/$N$25 -> 1
A23: 251104 | B23: Tubo PVC JEI coletor de esgoto parede maciça NBR 7362-2 DN 200 | G23: m | H23: ='08 - 4'!H93 -> 0 | I23: =VLOOKUP(A23,'[1]TAB OGU JUN18'!$A:$G,6,"falso") -> 58.74 | L23: =VLOOKUP(A23,'[1]TAB OGU JUN18'!$A:$G,5,"falso") -> 58.74 | M23: =H23*L23 -> 0 | N23: =H23*I23 -> 0 | O23: =N23/$N$25 -> 0
B25: Total do Bloco | N25: =N22+N23 -> 70509.589 | O25: =N25/N27 -> 1
B27: Total do Módulo | N27: =N25 -> 70509.589 | O27: =N27/N29 -> 0.98415516
B29: TOTAL DA UNIDADE | M29: =SUM(M14:M28) -> 71644.789 | N29: =N27+N18 -> 71644.789
B31: TOTAL DA UNIDADE COM BDI | M31: =M29+(M29*O7) -> 84340.245 | N31: =M31 -> 84340.245 | O31: =N31/RESUMO!H95 -> 0.011646817

Sheet 08 - 5
A2: SISTEMA DE ORÇAMENTO DE OBRAS
C4: Mun./Loc.: | D4: =RESUMO!D4 -> SÃO JOSÉ DAS PALMEIRAS | G4: Data: | M4: =RESUMO!G4 -> 43657 | N4: =RESUMO!H4 -> BDI Aplicado | P4: comprimento da rede | Q4: profundidade média | R4: largura média | S4: escoramento | T4: movimentação de solo 0 a 4 | U4: quantidade PV
A5: Relatório Por U.C. | C5: Obra: | D5: =RESUMO!D5 -> SISTEMA DE ESGOTAMENTO SANITARIO - SES | G5: Nº Área: | N5: =RESUMO!H5 -> Serviços | O5: =RESUMO!I5 -> 0.2758
C6: Área Resp.: | G6: Nº USAQ: | N6: =RESUMO!H6 -> Serv Terc: | O6: =RESUMO!I6 -> 0.1772 | P6: 199.01 | Q6: 1.6372853 | R6: 0.6 | S6: 130.33446 | T6: 39.802 | U6: 4
C7: Nº U.C.: | D7: =RESUMO!A32 -> U.C. : 10 | G7: Referência: | M7: =RESUMO!G7 -> Jun18 MOS4aEd v00 | N7: =RESUMO!H7 -> Mat/Equip: | O7: =RESUMO!I7 -> 0.1772 | T7: 25.365228
C8: Ud. Const.: | D8: =RESUMO!B32 -> COLETOR 05 | T8: 130.33446
B9: Descrição | G9: Ud | H9: Qtde. | I9: Unitário | K9: Mão de Obra | M9: Materiais | N9: Total (R$) | O9: % | T9: 0
T10: 35.8218
A11: =RESUMO!A42 -> 1 | B11: =RESUMO!B33 -> COLETOR 05 - SERVIÇOS | T11: 144.22278
A12: 02 | B12: SERVIÇOS TÉCNICOS | T12: 15.457107
A13: 0201 | B13: TOPOGRAFIA E GEODÉSIA - SERVIÇOS
A14: 020137 | B14: Locação e nivelamento para assentamento de tubulação de esgoto | G14: m | H14: =P6 -> 199.01 | I14: =VLOOKUP(A14,'[1]TAB OGU JUN18'!$A:$G,6,"falso") -> 1.2 | J14: =VLOOKUP(A14,'[1]TAB OGU JUN18'!$A:$G,4,"falso") -> 0.82 | K14: =H14*J14 -> 163.1882 | L14: =VLOOKUP(A14,'[1]TAB OGU JUN18'!$A:$G,5,"falso") -> 0.38 | M14: =H14*L14 -> 75.6238 | N14: =H14*I14 -> 238.812 | O14: =N14/N17 -> 1
B15: (Ordem de serviço para execução - OSE)
B17: Total do Bloco | N17: =SUM(N14:N14) -> 238.812 | O17: =N17/N29 -> 0.64516129
A19: 0202 | B19: TOPOGRAFIA E GEODÉSIA - ESTADIA DA EQUIPE
A20: 020237 | B20: Locação e nivelamento para assentamento de tubulação de esgoto (Ordem de serviço para execução - OSE) | G20: m | H20: =H14 -> 199.01 | I20: =VLOOKUP(A20,'[1]TAB OGU JUN18'!$A:$G,6,"falso") -> 0.4 | J20: =VLOOKUP(A20,'[1]TAB OGU JUN18'!$A:$G,4,"falso") -> 0.4 | K20: =H20*J20 -> 79.604 | L20: =VLOOKUP(A20,'[1]TAB OGU JUN18'!$A:$G,5,"falso") -> 0 | N20: =H20*I20 -> 79.604 | O20: =N20/N22 -> 1
B22: Total do Bloco | N22: =N20 -> 79.604 | O22: =N22/N29 -> 0.21505376
A24: 0207 | B24: CADASTRO DE OBRAS
A25: 020702 | B25: Cadastro linear de esgoto - CAD | G25: m | H25: =H20 -> 199.01 | I25: =VLOOKUP(A25,'[1]TAB OGU JUN18'!$A:$G,6,"falso") -> 0.26 | J25: =VLOOKUP(A25,'[1]TAB OGU JUN18'!$A:$G,4,"falso") -> 0.26 | K25: =H25*J25 -> 51.7426 | L25: =VLOOKUP(A25,'[1]TAB OGU JUN18'!$A:$G,5,"falso") -> 0 | N25: =H25*I25 -> 51.7426 | O25: =N25/N27 -> 1
B27: Total do Bloco | N27: =N25 -> 51.7426 | O27: =N27/N29 -> 0.13978495
B29: Total do Módulo | N29: =N27+N17+N22 -> 370.1586 | O29: =N29/N118 -> 0.028654708
A31: 04 | B31: MOVIMENTO DE SOLOS
A32: 0401 | B32: ESCAVAÇÃO MANUAL DE VALAS
A33: 040109 | B33: Em terra compacta, prof. 0 m < h ≤ 1 m | G33: m³ | H33: =T6 -> 39.802 | I33: =VLOOKUP(A33,'[1]TAB OGU JUN18'!$A:$G,6,"falso") -> 32.9 | J33: =VLOOKUP(A33,'[1]TAB OGU JUN18'!$A:$G,4,"falso") -> 32.9 | K33: =H33*J33 -> 1309.4858 | L33: =VLOOKUP(A33,'[1]TAB OGU JUN18'!$A:$G,5,"falso") -> 0 | N33: =H33*I33 -> 1309.4858 | O33: =N33/N36 -> 0.55657488
A34: 040110 | B34: Em terra compacta, prof. 0 m < h ≤ 2 m | G34: m³ | H34: =T7 -> 25.365228 | I34: =VLOOKUP(A34,'[1]TAB OGU JUN18'!$A:$G,6,"falso") -> 41.13 | J34: =VLOOKUP(A34,'[1]TAB OGU JUN18'!$A:$G,4,"falso") -> 41.13 | K34: =H34*J34 -> 1043.2718 | L34: =VLOOKUP(A34,'[1]TAB OGU JUN18'!$A:$G,5,"falso") -> 0 | N34: =H34*I34 -> 1043.2718 | O34: =N34/N36 -> 0.44342512
B36: Total do Bloco | N36: =SUM(N33:N34) -> 2352.7576 | O36: =N36/N66 -> 0.42955904
A38: 0402 | B38: ESCAVAÇÃO MECÂNICA DE VALAS EM QUALQUER TIPO DE SOLO, EXCETO ROCHA
A39: 040201 | B39: Profundidade 0 m < h ≤ 2 m | G39: m³ | H39: =T8 -> 130.33446 | I39: =VLOOKUP(A39,'[1]TAB OGU JUN18'!$A:$G,6,"falso") -> 9.77 | J39: =VLOOKUP(A39,'[1]TAB OGU JUN18'!$A:$G,4,"falso") -> 9.77 | K39: =H39*J39 -> 1273.3676 | L39: =VLOOKUP(A39,'[1]TAB OGU JUN18'!$A:$G,5,"falso") -> 0 | N39: =H39*I39 -> 1273.3676 | O39: =N39/N42 -> 1
A40: 040202 | B40: Profundidade 0 m < h ≤ 4 m | G40: m³ | H40: =T9 -> 0 | I40: =VLOOKUP(A40,'[1]TAB OGU JUN18'!$A:$G,6,"falso") -> 11.16 | J40: =VLOOKUP(A40,'[1]TAB OGU JUN18'!$A:$G,4,"falso") -> 11.16 | K40: =H40*J40 -> 0 | L40: =VLOOKUP(A40,'[1]TAB OGU JUN18'!$A:$G,5,"falso") -> 0 | N40: =H40*I40 -> 0 | O40: =N40/N42 -> 0
B42: Total do Bloco | N42: =N39+N40 -> 1273.3676 | O42: =N42/N66 -> 0.23248743
A44: 0413 | B44: ATERRO/REATERRO EM VALAS E CAVAS
A45: 041301 | B45: Manual | G45: m³ | H45: =T10 -> 35.8218 | I45: =VLOOKUP(A45,'[1]TAB OGU JUN18'!$A:$G,6,"falso") -> 7.4 | J45: =VLOOKUP(A45,'[1]TAB OGU JUN18'!$A:$G,4,"falso") -> 7.4 | K45: =H45*J45 -> 265.08132 | L45: =VLOOKUP(A45,'[1]TAB OGU JUN18'!$A:$G,5,"falso") -> 0 | N45: =H45*I45 -> 265.08132 | O45: =N45/N48 -> 0.5820138
A46: 041302 | B46: Mecânico | G46: m³ | H46: =T11 -> 144.22278 | I46: =VLOOKUP(A46,'[1]TAB OGU JUN18'!$A:$G,6,"falso") -> 1.32 | J46: =VLOOKUP(A46,'[1]TAB OGU JUN18'!$A:$G,4,"falso") -> 1.32 | K46: =H46*J46 -> 190.37407 | L46: =VLOOKUP(A46,'[1]TAB OGU JUN18'!$A:$G,5,"falso") -> 0 | N46: =H46*I46 -> 190.37407 | O46: =N46/N48 -> 0.4179862
B48: Total do Bloco | N48: =N46+N45 -> 455.45539 | O48: =N48/N66 -> 0.083155603
A50: 0414 | B50: COMPACTAÇÃO EM VALAS
A51: 041401 | B51: Manual | G51: m³ | H51: =H45 -> 35.8218 | I51: =VLOOKUP(A51,'[1]TAB OGU JUN18'!$A:$G,6,"falso") -> 20.56 | J51: =VLOOKUP(A51,'[1]TAB OGU JUN18'!$A:$G,4,"falso") -> 20.56 | K51: =H51*J51 -> 736.49621 | L51: =VLOOKUP(A51,'[1]TAB OGU JUN18'!$A:$G,5,"falso") -> 0 | N51: =H51*I51 -> 736.49621 | O51: =N51/N54 -> 0.55769883
A52: 041402 | B52: Mecânico | G52: m³ | H52: =H46 -> 144.22278 | I52: =VLOOKUP(A52,'[1]TAB OGU JUN18'!$A:$G,6,"falso") -> 4.05 | J52: =VLOOKUP(A52,'[1]TAB OGU JUN18'!$A:$G,4,"falso") -> 4.05 | K52: =H52*J52 -> 584.10225 | L52: =VLOOKUP(A52,'[1]TAB OGU JUN18'!$A:$G,5,"falso") -> 0 | N52: =H52*I52 -> 584.10225 | O52: =N52/N54 -> 0.44230117
B54: Total do Bloco | N54: =N52+N51 -> 1320.5985 | O54: =N54/N66 -> 0.24111069
A56: 0418 | B56: CARGA E DESCARGA DE SOLOS
A57: 041801 | B57: Qualquer tipo de solo exceto rocha | G57: m³ | H57: =T12 -> 15.457107 | I57: =VLOOKUP(A57,'[1]TAB OGU JUN18'!$A:$G,6,"falso") -> 1.85 | J57: =VLOOKUP(A57,'[1]TAB OGU JUN18'!$A:$G,4,"falso") -> 1.85 | K57: =H57*J57 -> 28.595647 | L57: =VLOOKUP(A57,'[1]TAB OGU JUN18'!$A:$G,5,"falso") -> 0 | N57: =H57*I57 -> 28.595647 | O57: =N57/N59 -> 1
B59: Total do Bloco | N59: =N57 -> 28.595647 | O59: =N59/N66 -> 0.0052209028
A61: 0419 | B61: TRANSPORTE DE SOLOS
A62: 041901 | B62: Qualquer tipo de solo exceto rocha, em rodovia ou rua | G62: m³xkm | H62: =H57*3 -> 46.37132 | I62: =VLOOKUP(A62,'[1]TAB OGU JUN18'!$A:$G,6,"falso") -> 1 | J62: =VLOOKUP(A62,'[1]TAB OGU JUN18'!$A:$G,4,"falso") -> 1 | K62: =H62*J62 -> 46.37132 | L62: =VLOOKUP(A62,'[1]TAB OGU JUN18'!$A:$G,5,"falso") -> 0 | N62: =H62*I62 -> 46.37132 | O62: =N62/N64 -> 1
B64: Total do Bloco | N64: =N62 -> 46.37132 | O64: =N64/N66 -> 0.0084663289
B66: Total do Módulo | N66: =N64+N59+N54+N48+N42+N36 -> 5477.1461 | O66: =N66/N118 -> 0.42399669
A68: 05 | B68: ESCORAMENTO
A69: 0501 | B69: ESCORAMENTO DE MADEIRA
A70: 050101 | B70: Pontalete | G70: m² | H70: =0.95*S6 -> 123.81773 | I70: =VLOOKUP(A70,'[1]TAB OGU JUN18'!$A:$G,6,"falso") -> 14.81 | J70: =VLOOKUP(A70,'[1]TAB OGU JUN18'!$A:$G,4,"falso") -> 13.63 | K70: =H70*J70 -> 1687.6357 | L70: =VLOOKUP(A70,'[1]TAB OGU JUN18'!$A:$G,5,"falso") -> 1.18 | M70: =H70*L70 -> 146.10493 | N70: =H70*I70 -> 1833.7406 | O70: =N70/N73 -> 0.92425686
A71: 050102 | B71: Descontínuo | G71: m² | H71: =0.05*S6 -> 6.5167228 | I71: =VLOOKUP(A71,'[1]TAB OGU JUN18'!$A:$G,6,"falso") -> 23.06 | J71: =VLOOKUP(A71,'[1]TAB OGU JUN18'!$A:$G,4,"falso") -> 22.37 | K71: =H71*J71 -> 145.77909 | L71: =VLOOKUP(A71,'[1]TAB OGU JUN18'!$A:$G,5,"falso")-0.01 -> 0.68 | M71: =H71*L71 -> 4.4313715 | N71: =H71*I71 -> 150.27563 | O71: =N71/N73 -> 0.075743143
B73: Total do Bloco | N73: =N70+N71 -> 1984.0163 | O73: =N73/N80 -> 1
A75: 0503 | B75: ESCORAMENTO MISTO
A76: 050301 | B76: Tipo hamburguês | G76: m² | I76: =VLOOKUP(A76,'[1]TAB OGU JUN18'!$A:$G,6,"falso") -> 144.25 | J76: =VLOOKUP(A76,'[1]TAB OGU JUN18'!$A:$G,4,"falso") -> 134.15 | K76: =H76*J76 -> 0 | L76: =VLOOKUP(A76,'[1]TAB OGU JUN18'!$A:$G,5,"falso") -> 10.1 | M76: =H76*L76 -> 0 | N76: =H76*I76 -> 0 | O76: =N76/N78 -> #DIV/0!
B78: Total do Bloco | N78: =N76 -> 0 | O78: =N78/N80 -> 0
B80: Total do Módulo | N80: =N73+N78 -> 1984.0163 | O80: =N80/N118 -> 0.15358662
A82: 06 | B82: ESGOTAMENTO
A83: 0601 | B83: ESGOTAMENTO COM BOMBAS
A84: 060101 | B84: Moto bomba | G84: h | H84: =((H14*R6*Q6)*0.06*1000)/20000 -> 0.58650505 | I84: =VLOOKUP(A84,'[1]TAB OGU JUN18'!$A:$G,6,"falso") -> 5.52 | J84: =VLOOKUP(A84,'[1]TAB OGU JUN18'!$A:$G,4,"falso") -> 5.52 | K84: =H84*J84 -> 3.2375079 | L84: =VLOOKUP(A84,'[1]TAB OGU JUN18'!$A:$G,5,"falso") -> 0 | N84: =H84*I84 -> 3.2375079 | O84: =N84/N86 -> 1
B86: Total do Bloco | N86: =N84 -> 3.2375079 | O86: =N86/N88 -> 1
B88: Total do Módulo | N88: =N86 -> 3.2375079 | O88: =N88/N118 -> 0.00025062188
A90: 09 | B90: ASSENTAMENTOS
A91: 0902 | B91: TUBULAÇÃO DE PVC JE / JEI PARA ESGOTO
A92: 090202 | B92: DN 150 | G92: m | H92: =H14-H93 -> 199.01 | I92: =VLOOKUP(A92,'[1]TAB OGU JUN18'!$A:$G,6,"falso") -> 2.64 | J92: =VLOOKUP(A92,'[1]TAB OGU JUN18'!$A:$G,4,"falso") -> 2.56 | K92: =H92*J92 -> 509.4656 | L92: =VLOOKUP(A92,'[1]TAB OGU JUN18'!$A:$G,5,"falso") -> 0.08 | M92: =H92*L92 -> 15.9208 | N92: =H92*I92 -> 525.3864 | O92: =N92/$N$95 -> 1
A93: 090203 | B93: DN 200 | G93: m | H93: 0 | I93: =VLOOKUP(A93,'[1]TAB OGU JUN18'!$A:$G,6,"falso") -> 3.14 | J93: =VLOOKUP(A93,'[1]TAB OGU JUN18'!$A:$G,4,"falso") -> 3.01 | K93: =H93*J93 -> 0 | L93: =VLOOKUP(A93,'[1]TAB OGU JUN18'!$A:$G,5,"falso") -> 0.13 | M93: =H93*L93 -> 0 | N93: =H93*I93 -> 0 | O93: =N93/$N$95 -> 0
B95: Total do Bloco | N95: =SUM(N92:N93) -> 525.3864 | O95: =N95/N108 -> 0.10894174
A97: 0917 | B97: POÇO DE VISITA TIPO C - DN 800
A98: 091701 | B98: Com profundidade até 1,00 m | G98: ud | H98: =U6 -> 4 | I98: =VLOOKUP(A98,'[1]TAB OGU JUN18'!$A:$G,6,"falso") -> 466.82 | J98: =VLOOKUP(A98,'[1]TAB OGU JUN18'!$A:$G,4,"falso") -> 143.97 | K98: =H98*J98 -> 575.88 | L98: =VLOOKUP(A98,'[1]TAB OGU JUN18'!$A:$G,5,"falso") -> 322.85 | M98: =H98*L98 -> 1291.4 | N98: =H98*I98 -> 1867.28 | O98: =N98/N101 -> 0.77456239
A99: 091702 | B99: Acréscimo para prof. Superior a 1,00 m | G99: m | H99: =(Q6-1.1)*H98 -> 2.149141 | I99: =VLOOKUP(A99,'[1]TAB OGU JUN18'!$A:$G,6,"falso") -> 252.88 | J99: =VLOOKUP(A99,'[1]TAB OGU JUN18'!$A:$G,4,"falso") -> 47.83 | K99: =H99*J99 -> 102.79342 | L99: =VLOOKUP(A99,'[1]TAB OGU JUN18'!$A:$G,5,"falso") -> 205.05 | M99: =H99*L99 -> 440.68137 | N99: =H99*I99 -> 543.47479 | O99: =N99/N101 -> 0.22543761
B101: Total do Bloco | N101: =N99+N98 -> 2410.7548 | O101: =N101/N108 -> 0.49988315
A103: 0927 | B103: EMBASAMENTO
A104: 092702 | B104: Areia | G104: m³ | H104: =H14*R6*0.1 -> 11.9406 | I104: =VLOOKUP(A104,'[1]TAB OGU JUN18'!$A:$G,6,"falso") -> 157.99 | J104: =VLOOKUP(A104,'[1]TAB OGU JUN18'!$A:$G,4,"falso") -> 39.5 | K104: =H104*J104 -> 471.6537 | L104: =VLOOKUP(A104,'[1]TAB OGU JUN18'!$A:$G,5,"falso") -> 118.49 | M104: =H104*L104 -> 1414.8417 | N104: =H104*I104 -> 1886.4954 | O104: =N104/N106 -> 1
B106: Total do Bloco | N106: =N104 -> 1886.4954 | O106: =N106/N108 -> 0.39117511
B108: Total do Módulo | N108: =N106+N101+N95 -> 4822.6366 | O108: =N108/N118 -> 0.37332982
A110: 16 | B110: SERVIÇOS DIVERSOS
A111: 1620 | B111: LIMPEZA DE OBRA
A112: 162004 | B112: Lavagem de rede de esgoto | G112: m | H112: =H14 -> 199.01 | I112: =VLOOKUP(A112,'[1]TAB OGU JUN18'!$A:$G,6,"falso") -> 1.31 | J112: =VLOOKUP(A112,'[1]TAB OGU JUN18'!$A:$G,4,"falso") -> 1.14 | K112: =H112*J112 -> 226.8714 | L112: =VLOOKUP(A112,'[1]TAB OGU JUN18'!$A:$G,5,"falso") -> 0.17 | M112: =H112*L112 -> 33.8317 | N112: =H112*I112 -> 260.7031 | O112: =N112/N114 -> 1
B114: Total do Bloco | N114: =N112 -> 260.7031 | O114: =N114/N116 -> 1
B116: Total do Módulo | N116: =N114 -> 260.7031 | O116: =N116/N118 -> 0.020181542
B118: TOTAL DA UNIDADE | K118: =SUM(K12:K117) -> 9494.9973 | M118: =SUM(M12:M117) -> 3422.8357 | N118: =N116+N108+N88+N80+N66+N29 -> 12917.898
B120: TOTAL DA UNIDADE COM BDI | K120: =K118+(K118*O5) -> 12113.718 | M120: =M118+(M118*O7) -> 4029.3621 | N120: =K120+M120 -> 16143.08 | O120: =N120/RESUMO!H95 -> 0.0022292501

Sheet 09 - 5
A2: SISTEMA DE ORÇAMENTO DE OBRAS
C4: Mun./Loc.: | D4: =RESUMO!D4 -> SÃO JOSÉ DAS PALMEIRAS | G4: Data: | M4: =RESUMO!G4 -> 43657 | N4: =RESUMO!H4 -> BDI Aplicado
A5: Relatório Por U.C. | C5: Obra: | D5: =RESUMO!D5 -> SISTEMA DE ESGOTAMENTO SANITARIO - SES | G5: Nº Área: | N5: =RESUMO!H5 -> Serviços | O5: =RESUMO!I5 -> 0.2758
C6: Área Resp.: | G6: Nº USAQ: | N6: =RESUMO!H6 -> Serv Terc: | O6: =RESUMO!I6 -> 0.1772
C7: Nº U.C.: | D7: =RESUMO!A32 -> U.C. : 10 | G7: Referência: | M7: =RESUMO!G7 -> Jun18 MOS4aEd v00 | N7: =RESUMO!H7 -> Mat/Equip: | O7: =RESUMO!I7 -> 0.1772
C8: Ud. Const.: | D8: =RESUMO!B32 -> COLETOR 05
B9: Descrição | G9: Ud | H9: Qtde. | I9: Unitário | K9: Mão de Obra | M9: Materiais | N9: Total (R$) | O9: %
A11: =RESUMO!A43 -> 2 | B11: =RESUMO!B34 -> COLETOR 05 - MATERIAIS
A12: 20 | B12: MATERIAL DE CONCRETO
A13: 2010 | B13: TAMPÃO PARA POÇO DE VISITA
A14: 13255 * | B14: Tampa de concreto para PV ou caixa de inspeção, dimensões 600 X 600 X 50 mm | G14: ud | H14: ='08 - 5'!H98 -> 4 | I14: 37.84 | L14: 37.84 | M14: =H14*L14 -> 151.36 | N14: =H14*I14 -> 151.36 | O14: =N14/N16 -> 1 | P14: 13255
B16: Total do Bloco | N16: =N14 -> 151.36 | O16: =N16/N18 -> 1
B18: Total do Módulo | N18: =N16 -> 151.36 | O18: =N18/N29 -> 0.019811243
A20: 25 | B20: MATERIAL DE PVC - ESGOTO
A21: 2511 | B21: TUBO PVC
A22: 251103 | B22: Tubo PVC JEI coletor de esgoto parede maciça NBR 7362-2 DN 150 | G22: m | H22: ='08 - 5'!H92 -> 199.01 | I22: =VLOOKUP(A22,'[1]TAB OGU JUN18'!$A:$G,6,"falso") -> 37.63 | L22: =VLOOKUP(A22,'[1]TAB OGU JUN18'!$A:$G,5,"falso") -> 37.63 | M22: =H22*L22 -> 7488.7463 | N22: =H22*I22 -> 7488.7463 | O22: =N22/$N$25 -> 1
A23: 251104 | B23: Tubo PVC JEI coletor de esgoto parede maciça NBR 7362-2 DN 200 | G23: m | H23: ='08 - 5'!H93 -> 0 | I23: =VLOOKUP(A23,'[1]TAB OGU JUN18'!$A:$G,6,"falso") -> 58.74 | L23: =VLOOKUP(A23,'[1]TAB OGU JUN18'!$A:$G,5,"falso") -> 58.74 | M23: =H23*L23 -> 0 | N23: =H23*I23 -> 0 | O23: =N23/$N$25 -> 0
B25: Total do Bloco | N25: =N22+N23 -> 7488.7463 | O25: =N25/N27 -> 1
B27: Total do Módulo | N27: =N25 -> 7488.7463 | O27: =N27/N29 -> 0.98018876
B29: TOTAL DA UNIDADE | M29: =SUM(M14:M28) -> 7640.1063 | N29: =N27+N18 -> 7640.1063
B31: TOTAL DA UNIDADE COM BDI | M31: =M29+(M29*O7) -> 8993.9331 | N31: =M31 -> 8993.9331 | O31: =N31/RESUMO!H95 -> 0.0012420013

Sheet 08 - 6
A2: SISTEMA DE ORÇAMENTO DE OBRAS
C4: Mun./Loc.: | D4: =RESUMO!D4 -> SÃO JOSÉ DAS PALMEIRAS | G4: Data: | M4: =RESUMO!G4 -> 43657 | N4: =RESUMO!H4 -> BDI Aplicado | P4: comprimento da rede | Q4: profundidade média | R4: largura média | S4: escoramento | T4: movimentação de solo 0 a 4 | U4: quantidade PV
A5: Relatório Por U.C. | C5: Obra: | D5: =RESUMO!D5 -> SISTEMA DE ESGOTAMENTO SANITARIO - SES | G5: Nº Área: | N5: =RESUMO!H5 -> Serviços | O5: =RESUMO!I5 -> 0.2758
C6: Área Resp.: | G6: Nº USAQ: | N6: =RESUMO!H6 -> Serv Terc: | O6: =RESUMO!I6 -> 0.1772 | P6: 0 | Q6: 0 | R6: 0 | S6: 0 | T6: 0 | U6: 0
C7: Nº U.C.: | D7: =RESUMO!A35 -> U.C. : 09 | G7: Referência: | M7: =RESUMO!G7 -> Jun18 MOS4aEd v00 | N7: =RESUMO!H7 -> Mat/Equip: | O7: =RESUMO!I7 -> 0.1772 | T7: 0
C8: Ud. Const.: | D8: =RESUMO!B35 -> COLETOR 06 | T8: 0
B9: Descrição | G9: Ud | H9: Qtde. | I9: Unitário | K9: Mão de Obra | M9: Materiais | N9: Total (R$) | O9: % | T9: 0
T10: 0
A11: =RESUMO!A42 -> 1 | B11: =RESUMO!B36 -> COLETOR 06 - SERVIÇOS | T11: 0
A12: 02 | B12: SERVIÇOS TÉCNICOS | T12: 0
A13: 0201 | B13: TOPOGRAFIA E GEODÉSIA - SERVIÇOS
A14: 020137 | B14: Locação e nivelamento para assentamento de tubulação de esgoto | G14: m | H14: =P6 -> 0 | I14: =VLOOKUP(A14,'[1]TAB OGU JUN18'!$A:$G,6,"falso") -> 1.2 | J14: =VLOOKUP(A14,'[1]TAB OGU JUN18'!$A:$G,4,"falso") -> 0.82 | K14: =H14*J14 -> 0 | L14: =VLOOKUP(A14,'[1]TAB OGU JUN18'!$A:$G,5,"falso") -> 0.38 | M14: =H14*L14 -> 0 | N14: =H14*I14 -> 0 | O14: =N14/N17 -> #DIV/0!
B15: (Ordem de serviço para execução - OSE)
B17: Total do Bloco | N17: =SUM(N14:N14) -> 0 | O17: =N17/N29 -> #DIV/0!
A19: 0202 | B19: TOPOGRAFIA E GEODÉSIA - ESTADIA DA EQUIPE
A20: 020237 | B20: Locação e nivelamento para assentamento de tubulação de esgoto (Ordem de serviço para execução - OSE) | G20: m | H20: =H14 -> 0 | I20: =VLOOKUP(A20,'[1]TAB OGU JUN18'!$A:$G,6,"falso") -> 0.4 | J20: =VLOOKUP(A20,'[1]TAB OGU JUN18'!$A:$G,4,"falso") -> 0.4 | K20: =H20*J20 -> 0 | L20: =VLOOKUP(A20,'[1]TAB OGU JUN18'!$A:$G,5,"falso") -> 0 | N20: =H20*I20 -> 0 | O20: =N20/N22 -> #DIV/0!
B22: Total do Bloco | N22: =N20 -> 0 | O22: =N22/N29 -> #DIV/0!
A24: 0207 | B24: CADASTRO DE OBRAS
A25: 020702 | B25: Cadastro linear de esgoto - CAD | G25: m | H25: =H20 -> 0 | I25: =VLOOKUP(A25,'[1]TAB OGU JUN18'!$A:$G,6,"falso") -> 0.26 | J25: =VLOOKUP(A25,'[1]TAB OGU JUN18'!$A:$G,4,"falso") -> 0.26 | K25: =H25*J25 -> 0 | L25: =VLOOKUP(A25,'[1]TAB OGU JUN18'!$A:$G,5,"falso") -> 0 | N25: =H25*I25 -> 0 | O25: =N25/N27 -> #DIV/0!
B27: Total do Bloco | N27: =N25 -> 0 | O27: =N27/N29 -> #DIV/0!
B29: Total do Módulo | N29: =N27+N17+N22 -> 0 | O29: =N29/N118 -> #DIV/0!
A31: 04 | B31: MOVIMENTO DE SOLOS
A32: 0401 | B32: ESCAVAÇÃO MANUAL DE VALAS
A33: 040109 | B33: Em terra compacta, prof. 0 m < h ≤ 1 m | G33: m³ | H33: =T6 -> 0 | I33: =VLOOKUP(A33,'[1]TAB OGU JUN18'!$A:$G,6,"falso") -> 32.9 | J33: =VLOOKUP(A33,'[1]TAB OGU JUN18'!$A:$G,4,"falso") -> 32.9 | K33: =H33*J33 -> 0 | L33: =VLOOKUP(A33,'[1]TAB OGU JUN18'!$A:$G,5,"falso") -> 0 | N33: =H33*I33 -> 0 | O33: =N33/N36 -> #DIV/0!
A34: 040110 | B34: Em terra compacta, prof. 0 m < h ≤ 2 m | G34: m³ | H34: =T7 -> 0 | I34: =VLOOKUP(A34,'[1]TAB OGU JUN18'!$A:$G,6,"falso") -> 41.13 | J34: =VLOOKUP(A34,'[1]TAB OGU JUN18'!$A:$G,4,"falso") -> 41.13 | K34: =H34*J34 -> 0 | L34: =VLOOKUP(A34,'[1]TAB OGU JUN18'!$A:$G,5,"falso") -> 0 | N34: =H34*I34 -> 0 | O34: =N34/N36 -> #DIV/0!
B36: Total do Bloco | N36: =SUM(N33:N34) -> 0 | O36: =N36/N66 -> #DIV/0!
A38: 0402 | B38: ESCAVAÇÃO MECÂNICA DE VALAS EM QUALQUER TIPO DE SOLO, EXCETO ROCHA
A39: 040201 | B39: Profundidade 0 m < h ≤ 2 m | G39: m³ | H39: =T8 -> 0 | I39: =VLOOKUP(A39,'[1]TAB OGU JUN18'!$A:$G,6,"falso") -> 9.77 | J39: =VLOOKUP(A39,'[1]TAB OGU JUN18'!$A:$G,4,"falso") -> 9.77 | K39: =H39*J39 -> 0 | L39: =VLOOKUP(A39,'[1]TAB OGU JUN18'!$A:$G,5,"falso") -> 0 | N39: =H39*I39 -> 0 | O39: =N39/N42 -> #DIV/0!
A40: 040202 | B40: Profundidade 0 m < h ≤ 4 m | G40: m³ | H40: =T9 -> 0 | I40: =VLOOKUP(A40,'[1]TAB OGU JUN18'!$A:$G,6,"falso") -> 11.16 | J40: =VLOOKUP(A40,'[1]TAB OGU JUN18'!$A:$G,4,"falso") -> 11.16 | K40: =H40*J40 -> 0 | L40: =VLOOKUP(A40,'[1]TAB OGU JUN18'!$A:$G,5,"falso") -> 0 | N40: =H40*I40 -> 0 | O40: =N40/N42 -> #DIV/0!
B42: Total do Bloco | N42: =N39+N40 -> 0 | O42: =N42/N66 -> #DIV/0!
A44: 0413 | B44: ATERRO/REATERRO EM VALAS E CAVAS
A45: 041301 | B45: Manual | G45: m³ | H45: =T10 -> 0 | I45: =VLOOKUP(A45,'[1]TAB OGU JUN18'!$A:$G,6,"falso") -> 7.4 | J45: =VLOOKUP(A45,'[1]TAB OGU JUN18'!$A:$G,4,"falso") -> 7.4 | K45: =H45*J45 -> 0 | L45: =VLOOKUP(A45,'[1]TAB OGU JUN18'!$A:$G,5,"falso") -> 0 | N45: =H45*I45 -> 0 | O45: =N45/N48 -> #DIV/0!
A46: 041302 | B46: Mecânico | G46: m³ | H46: =T11 -> 0 | I46: =VLOOKUP(A46,'[1]TAB OGU JUN18'!$A:$G,6,"falso") -> 1.32 | J46: =VLOOKUP(A46,'[1]TAB OGU JUN18'!$A:$G,4,"falso") -> 1.32 | K46: =H46*J46 -> 0 | L46: =VLOOKUP(A46,'[1]TAB OGU JUN18'!$A:$G,5,"falso") -> 0 | N46: =H46*I46 -> 0 | O46: =N46/N48 -> #DIV/0!
B48: Total do Bloco | N48: =N46+N45 -> 0 | O48: =N48/N66 -> #DIV/0!
A50: 0414 | B50: COMPACTAÇÃO EM VALAS
A51: 041401 | B51: Manual | G51: m³ | H51: =H45 -> 0 | I51: =VLOOKUP(A51,'[1]TAB OGU JUN18'!$A:$G,6,"falso") -> 20.56 | J51: =VLOOKUP(A51,'[1]TAB OGU JUN18'!$A:$G,4,"falso") -> 20.56 | K51: =H51*J51 -> 0 | L51: =VLOOKUP(A51,'[1]TAB OGU JUN18'!$A:$G,5,"falso") -> 0 | N51: =H51*I51 -> 0 | O51: =N51/N54 -> #DIV/0!
A52: 041402 | B52: Mecânico | G52: m³ | H52: =H46 -> 0 | I52: =VLOOKUP(A52,'[1]TAB OGU JUN18'!$A:$G,6,"falso") -> 4.05 | J52: =VLOOKUP(A52,'[1]TAB OGU JUN18'!$A:$G,4,"falso") -> 4.05 | K52: =H52*J52 -> 0 | L52: =VLOOKUP(A52,'[1]TAB OGU JUN18'!$A:$G,5,"falso") -> 0 | N52: =H52*I52 -> 0 | O52: =N52/N54 -> #DIV/0!
B54: Total do Bloco | N54: =N52+N51 -> 0 | O54: =N54/N66 -> #DIV/0!
A56: 0418 | B56: CARGA E DESCARGA DE SOLOS
A57: 041801 | B57: Qualquer tipo de solo exceto rocha | G57: m³ | H57: =T12 -> 0 | I57: =VLOOKUP(A57,'[1]TAB OGU JUN18'!$A:$G,6,"falso") -> 1.85 | J57: =VLOOKUP(A57,'[1]TAB OGU JUN18'!$A:$G,4,"falso") -> 1.85 | K57: =H57*J57 -> 0 | L57: =VLOOKUP(A57,'[1]TAB OGU JUN18'!$A:$G,5,"falso") -> 0 | N57: =H57*I57 -> 0 | O57: =N57/N59 -> #DIV/0!
B59: Total do Bloco | N59: =N57 -> 0 | O59: =N59/N66 -> #DIV/0!
A61: 0419 | B61: TRANSPORTE DE SOLOS
A62: 041901 | B62: Qualquer tipo de solo exceto rocha, em rodovia ou rua | G62: m³xkm | H62: =H57*3 -> 0 | I62: =VLOOKUP(A62,'[1]TAB OGU JUN18'!$A:$G,6,"falso") -> 1 | J62: =VLOOKUP(A62,'[1]TAB OGU JUN18'!$A:$G,4,"falso") -> 1 | K62: =H62*J62 -> 0 | L62: =VLOOKUP(A62,'[1]TAB OGU JUN18'!$A:$G,5,"falso") -> 0 | N62: =H62*I62 -> 0 | O62: =N62/N64 -> #DIV/0!
B64: Total do Bloco | N64: =N62 -> 0 | O64: =N64/N66 -> #DIV/0!
B66: Total do Módulo | N66: =N64+N59+N54+N48+N42+N36 -> 0 | O66: =N66/N118 -> #DIV/0!
A68: 05 | B68: ESCORAMENTO
A69: 0501 | B69: ESCORAMENTO DE MADEIRA
A70: 050101 | B70: Pontalete | G70: m² | H70: =0.95*S6 -> 0 | I70: =VLOOKUP(A70,'[1]TAB OGU JUN18'!$A:$G,6,"falso") -> 14.81 | J70: =VLOOKUP(A70,'[1]TAB OGU JUN18'!$A:$G,4,"falso") -> 13.63 | K70: =H70*J70 -> 0 | L70: =VLOOKUP(A70,'[1]TAB OGU JUN18'!$A:$G,5,"falso") -> 1.18 | M70: =H70*L70 -> 0 | N70: =H70*I70 -> 0 | O70: =N70/N73 -> #DIV/0!
A71: 050102 | B71: Descontínuo | G71: m² | H71: =0.05*S6 -> 0 | I71: =VLOOKUP(A71,'[1]TAB OGU JUN18'!$A:$G,6,"falso") -> 23.06 | J71: =VLOOKUP(A71,'[1]TAB OGU JUN18'!$A:$G,4,"falso") -> 22.37 | K71: =H71*J71 -> 0 | L71: =VLOOKUP(A71,'[1]TAB OGU JUN18'!$A:$G,5,"falso")-0.01 -> 0.68 | M71: =H71*L71 -> 0 | N71: =H71*I71 -> 0 | O71: =N71/N73 -> #DIV/0!
B73: Total do Bloco | N73: =N70+N71 -> 0 | O73: =N73/N80 -> #DIV/0!
A75: 0503 | B75: ESCORAMENTO MISTO
A76: 050301 | B76: Tipo hamburguês | G76: m² | I76: =VLOOKUP(A76,'[1]TAB OGU JUN18'!$A:$G,6,"falso") -> 144.25 | J76: =VLOOKUP(A76,'[1]TAB OGU JUN18'!$A:$G,4,"falso") -> 134.15 | K76: =H76*J76 -> 0 | L76: =VLOOKUP(A76,'[1]TAB OGU JUN18'!$A:$G,5,"falso") -> 10.1 | M76: =H76*L76 -> 0 | N76: =H76*I76 -> 0 | O76: =N76/N78 -> #DIV/0!
B78: Total do Bloco | N78: =N76 -> 0 | O78: =N78/N80 -> #DIV/0!
B80: Total do Módulo | N80: =N73+N78 -> 0 | O80: =N80/N118 -> #DIV/0!
A82: 06 | B82: ESGOTAMENTO
A83: 0601 | B83: ESGOTAMENTO COM BOMBAS
A84: 060101 | B84: Moto bomba | G84: h | H84: =((H14*R6*Q6)*0.06*1000)/20000 -> 0 | I84: =VLOOKUP(A84,'[1]TAB OGU JUN18'!$A:$G,6,"falso") -> 5.52 | J84: =VLOOKUP(A84,'[1]TAB OGU JUN18'!$A:$G,4,"falso") -> 5.52 | K84: =H84*J84 -> 0 | L84: =VLOOKUP(A84,'[1]TAB OGU JUN18'!$A:$G,5,"falso") -> 0 | N84: =H84*I84 -> 0 | O84: =N84/N86 -> #DIV/0!
B86: Total do Bloco | N86: =N84 -> 0 | O86: =N86/N88 -> #DIV/0!
B88: Total do Módulo | N88: =N86 -> 0 | O88: =N88/N118 -> #DIV/0!
A90: 09 | B90: ASSENTAMENTOS
A91: 0902 | B91: TUBULAÇÃO DE PVC JE / JEI PARA ESGOTO
A92: 090202 | B92: DN 150 | G92: m | H92: =H14-H93 -> 0 | I92: =VLOOKUP(A92,'[1]TAB OGU JUN18'!$A:$G,6,"falso") -> 2.64 | J92: =VLOOKUP(A92,'[1]TAB OGU JUN18'!$A:$G,4,"falso") -> 2.56 | K92: =H92*J92 -> 0 | L92: =VLOOKUP(A92,'[1]TAB OGU JUN18'!$A:$G,5,"falso") -> 0.08 | M92: =H92*L92 -> 0 | N92: =H92*I92 -> 0 | O92: =N92/$N$95 -> #DIV/0!
A93: 090203 | B93: DN 200 | G93: m | H93: 0 | I93: =VLOOKUP(A93,'[1]TAB OGU JUN18'!$A:$G,6,"falso") -> 3.14 | J93: =VLOOKUP(A93,'[1]TAB OGU JUN18'!$A:$G,4,"falso") -> 3.01 | K93: =H93*J93 -> 0 | L93: =VLOOKUP(A93,'[1]TAB OGU JUN18'!$A:$G,5,"falso") -> 0.13 | M93: =H93*L93 -> 0 | N93: =H93*I93 -> 0 | O93: =N93/$N$95 -> #DIV/0!
B95: Total do Bloco | N95: =SUM(N92:N93) -> 0 | O95: =N95/N108 -> #DIV/0!
A97: 0917 | B97: POÇO DE VISITA TIPO C - DN 800
A98: 091701 | B98: Com profundidade até 1,00 m | G98: ud | H98: =U6 -> 0 | I98: =VLOOKUP(A98,'[1]TAB OGU JUN18'!$A:$G,6,"falso") -> 466.82 | J98: =VLOOKUP(A98,'[1]TAB OGU JUN18'!$A:$G,4,"falso") -> 143.97 | K98: =H98*J98 -> 0 | L98: =VLOOKUP(A98,'[1]TAB OGU JUN18'!$A:$G,5,"falso") -> 322.85 | M98: =H98*L98 -> 0 | N98: =H98*I98 -> 0 | O98: =N98/N101 -> #DIV/0!
A99: 091702 | B99: Acréscimo para prof. Superior a 1,00 m | G99: m | H99: =(Q6-1.1)*H98 -> 0 | I99: =VLOOKUP(A99,'[1]TAB OGU JUN18'!$A:$G,6,"falso") -> 252.88 | J99: =VLOOKUP(A99,'[1]TAB OGU JUN18'!$A:$G,4,"falso") -> 47.83 | K99: =H99*J99 -> 0 | L99: =VLOOKUP(A99,'[1]TAB OGU JUN18'!$A:$G,5,"falso") -> 205.05 | M99: =H99*L99 -> 0 | N99: =H99*I99 -> 0 | O99: =N99/N101 -> #DIV/0!
B101: Total do Bloco | N101: =N99+N98 -> 0 | O101: =N101/N108 -> #DIV/0!
A103: 0927 | B103: EMBASAMENTO
A104: 092702 | B104: Areia | G104: m³ | H104: =H14*R6*0.1 -> 0 | I104: =VLOOKUP(A104,'[1]TAB OGU JUN18'!$A:$G,6,"falso") -> 157.99 | J104: =VLOOKUP(A104,'[1]TAB OGU JUN18'!$A:$G,4,"falso") -> 39.5 | K104: =H104*J104 -> 0 | L104: =VLOOKUP(A104,'[1]TAB OGU JUN18'!$A:$G,5,"falso") -> 118.49 | M104: =H104*L104 -> 0 | N104: =H104*I104 -> 0 | O104: =N104/N106 -> #DIV/0!
B106: Total do Bloco | N106: =N104 -> 0 | O106: =N106/N108 -> #DIV/0!
B108: Total do Módulo | N108: =N106+N101+N95 -> 0 | O108: =N108/N118 -> #DIV/0!
A110: 16 | B110: SERVIÇOS DIVERSOS
A111: 1620 | B111: LIMPEZA DE OBRA
A112: 162004 | B112: Lavagem de rede de esgoto | G112: m | H112: =H14 -> 0 | I112: =VLOOKUP(A112,'[1]TAB OGU JUN18'!$A:$G,6,"falso") -> 1.31 | J112: =VLOOKUP(A112,'[1]TAB OGU JUN18'!$A:$G,4,"falso") -> 1.14 | K112: =H112*J112 -> 0 | L112: =VLOOKUP(A112,'[1]TAB OGU JUN18'!$A:$G,5,"falso") -> 0.17 | M112: =H112*L112 -> 0 | N112: =H112*I112 -> 0 | O112: =N112/N114 -> #DIV/0!
B114: Total do Bloco | N114: =N112 -> 0 | O114: =N114/N116 -> #DIV/0!
B116: Total do Módulo | N116: =N114 -> 0 | O116: =N116/N118 -> #DIV/0!
B118: TOTAL DA UNIDADE | K118: =SUM(K12:K117) -> 0 | M118: =SUM(M12:M117) -> 0 | N118: =N116+N108+N88+N80+N66+N29 -> 0
B120: TOTAL DA UNIDADE COM BDI | K120: =K118+(K118*O5) -> 0 | M120: =M118+(M118*O7) -> 0 | N120: =K120+M120 -> 0 | O120: =N120/RESUMO!H95 -> 0

Sheet 09 - 6
A2: SISTEMA DE ORÇAMENTO DE OBRAS
C4: Mun./Loc.: | D4: =RESUMO!D4 -> SÃO JOSÉ DAS PALMEIRAS | G4: Data: | M4: =RESUMO!G4 -> 43657 | N4: =RESUMO!H4 -> BDI Aplicado
A5: Relatório Por U.C. | C5: Obra: | D5: =RESUMO!D5 -> SISTEMA DE ESGOTAMENTO SANITARIO - SES | G5: Nº Área: | N5: =RESUMO!H5 -> Serviços | O5: =RESUMO!I5 -> 0.2758
C6: Área Resp.: | G6: Nº USAQ: | N6: =RESUMO!H6 -> Serv Terc: | O6: =RESUMO!I6 -> 0.1772
C7: Nº U.C.: | D7: =RESUMO!A35 -> U.C. : 09 | G7: Referência: | M7: =RESUMO!G7 -> Jun18 MOS4aEd v00 | N7: =RESUMO!H7 -> Mat/Equip: | O7: =RESUMO!I7 -> 0.1772
C8: Ud. Const.: | D8: =RESUMO!B35 -> COLETOR 06
B9: Descrição | G9: Ud | H9: Qtde. | I9: Unitário | K9: Mão de Obra | M9: Materiais | N9: Total (R$) | O9: %
A11: =RESUMO!A43 -> 2 | B11: =RESUMO!B37 -> COLETOR 06 - MATERIAIS
A12: 20 | B12: MATERIAL DE CONCRETO
A13: 2010 | B13: TAMPÃO PARA POÇO DE VISITA
A14: 13255 * | B14: Tampa de concreto para PV ou caixa de inspeção, dimensões 600 X 600 X 50 mm | G14: ud | H14: ='08 - 6'!H98 -> 0 | I14: 37.84 | L14: 37.84 | M14: =H14*L14 -> 0 | N14: =H14*I14 -> 0 | O14: =N14/N16 -> #DIV/0! | P14: 13255
B16: Total do Bloco | N16: =N14 -> 0 | O16: =N16/N18 -> #DIV/0!
B18: Total do Módulo | N18: =N16 -> 0 | O18: =N18/N29 -> #DIV/0!
A20: 25 | B20: MATERIAL DE PVC - ESGOTO
A21: 2511 | B21: TUBO PVC
A22: 251103 | B22: Tubo PVC JEI coletor de esgoto parede maciça NBR 7362-2 DN 150 | G22: m | H22: ='08 - 6'!H92 -> 0 | I22: =VLOOKUP(A22,'[1]TAB OGU JUN18'!$A:$G,6,"falso") -> 37.63 | L22: =VLOOKUP(A22,'[1]TAB OGU JUN18'!$A:$G,5,"falso") -> 37.63 | M22: =H22*L22 -> 0 | N22: =H22*I22 -> 0 | O22: =N22/$N$25 -> #DIV/0!
A23: 251104 | B23: Tubo PVC JEI coletor de esgoto parede maciça NBR 7362-2 DN 200 | G23: m | H23: ='08 - 6'!H93 -> 0 | I23: =VLOOKUP(A23,'[1]TAB OGU JUN18'!$A:$G,6,"falso") -> 58.74 | L23: =VLOOKUP(A23,'[1]TAB OGU JUN18'!$A:$G,5,"falso") -> 58.74 | M23: =H23*L23 -> 0 | N23: =H23*I23 -> 0 | O23: =N23/$N$25 -> #DIV/0!
B25: Total do Bloco | N25: =N22+N23 -> 0 | O25: =N25/N27 -> #DIV/0!
B27: Total do Módulo | N27: =N25 -> 0 | O27: =N27/N29 -> #DIV/0!
B29: TOTAL DA UNIDADE | M29: =SUM(M14:M28) -> 0 | N29: =N27+N18 -> 0
B31: TOTAL DA UNIDADE COM BDI | M31: =M29+(M29*O7) -> 0 | N31: =M31 -> 0 | O31: =N31/RESUMO!H95 -> 0

Sheet 08 - 7
A2: SISTEMA DE ORÇAMENTO DE OBRAS
C4: Mun./Loc.: | D4: =RESUMO!D4 -> SÃO JOSÉ DAS PALMEIRAS | G4: Data: | M4: =RESUMO!G4 -> 43657 | N4: =RESUMO!H4 -> BDI Aplicado | P4: comprimento da rede | Q4: profundidade média | R4: largura média | S4: escoramento | T4: movimentação de solo 0 a 4 | U4: quantidade PV
A5: Relatório Por U.C. | C5: Obra: | D5: =RESUMO!D5 -> SISTEMA DE ESGOTAMENTO SANITARIO - SES | G5: Nº Área: | N5: =RESUMO!H5 -> Serviços | O5: =RESUMO!I5 -> 0.2758
C6: Área Resp.: | G6: Nº USAQ: | N6: =RESUMO!H6 -> Serv Terc: | O6: =RESUMO!I6 -> 0.1772 | P6: 0 | Q6: 0 | R6: 0 | S6: 0 | T6: 0 | U6: 0
C7: Nº U.C.: | D7: =RESUMO!A38 -> U.C. : 09 | G7: Referência: | M7: =RESUMO!G7 -> Jun18 MOS4aEd v00 | N7: =RESUMO!H7 -> Mat/Equip: | O7: =RESUMO!I7 -> 0.1772 | T7: 0
C8: Ud. Const.: | D8: =RESUMO!B38 -> COLETOR 07 | T8: 0
B9: Descrição | G9: Ud | H9: Qtde. | I9: Unitário | K9: Mão de Obra | M9: Materiais | N9: Total (R$) | O9: % | T9: 0
T10: 0
A11: =RESUMO!A42 -> 1 | B11: =RESUMO!B39 -> COLETOR 07 - SERVIÇOS | T11: 0
A12: 02 | B12: SERVIÇOS TÉCNICOS | T12: 0
A13: 0201 | B13: TOPOGRAFIA E GEODÉSIA - SERVIÇOS
A14: 020137 | B14: Locação e nivelamento para assentamento de tubulação de esgoto | G14: m | H14: =P6 -> 0 | I14: =VLOOKUP(A14,'[1]TAB OGU JUN18'!$A:$G,6,"falso") -> 1.2 | J14: =VLOOKUP(A14,'[1]TAB OGU JUN18'!$A:$G,4,"falso") -> 0.82 | K14: =H14*J14 -> 0 | L14: =VLOOKUP(A14,'[1]TAB OGU JUN18'!$A:$G,5,"falso") -> 0.38 | M14: =H14*L14 -> 0 | N14: =H14*I14 -> 0 | O14: =N14/N17 -> #DIV/0!
B15: (Ordem de serviço para execução - OSE)
B17: Total do Bloco | N17: =SUM(N14:N14) -> 0 | O17: =N17/N29 -> #DIV/0!
A19: 0202 | B19: TOPOGRAFIA E GEODÉSIA - ESTADIA DA EQUIPE
A20: 020237 | B20: Locação e nivelamento para assentamento de tubulação de esgoto (Ordem de serviço para execução - OSE) | G20: m | H20: =H14 -> 0 | I20: =VLOOKUP(A20,'[1]TAB OGU JUN18'!$A:$G,6,"falso") -> 0.4 | J20: =VLOOKUP(A20,'[1]TAB OGU JUN18'!$A:$G,4,"falso") -> 0.4 | K20: =H20*J20 -> 0 | L20: =VLOOKUP(A20,'[1]TAB OGU JUN18'!$A:$G,5,"falso") -> 0 | N20: =H20*I20 -> 0 | O20: =N20/N22 -> #DIV/0!
B22: Total do Bloco | N22: =N20 -> 0 | O22: =N22/N29 -> #DIV/0!
A24: 0207 | B24: CADASTRO DE OBRAS
A25: 020702 | B25: Cadastro linear de esgoto - CAD | G25: m | H25: =H20 -> 0 | I25: =VLOOKUP(A25,'[1]TAB OGU JUN18'!$A:$G,6,"falso") -> 0.26 | J25: =VLOOKUP(A25,'[1]TAB OGU JUN18'!$A:$G,4,"falso") -> 0.26 | K25: =H25*J25 -> 0 | L25: =VLOOKUP(A25,'[1]TAB OGU JUN18'!$A:$G,5,"falso") -> 0 | N25: =H25*I25 -> 0 | O25: =N25/N27 -> #DIV/0!
B27: Total do Bloco | N27: =N25 -> 0 | O27: =N27/N29 -> #DIV/0!
B29: Total do Módulo | N29: =N27+N17+N22 -> 0 | O29: =N29/N118 -> #DIV/0!
A31: 04 | B31: MOVIMENTO DE SOLOS
A32: 0401 | B32: ESCAVAÇÃO MANUAL DE VALAS
A33: 040109 | B33: Em terra compacta, prof. 0 m < h ≤ 1 m | G33: m³ | H33: =T6 -> 0 | I33: =VLOOKUP(A33,'[1]TAB OGU JUN18'!$A:$G,6,"falso") -> 32.9 | J33: =VLOOKUP(A33,'[1]TAB OGU JUN18'!$A:$G,4,"falso") -> 32.9 | K33: =H33*J33 -> 0 | L33: =VLOOKUP(A33,'[1]TAB OGU JUN18'!$A:$G,5,"falso") -> 0 | N33: =H33*I33 -> 0 | O33: =N33/N36 -> #DIV/0!
A34: 040110 | B34: Em terra compacta, prof. 0 m < h ≤ 2 m | G34: m³ | H34: =T7 -> 0 | I34: =VLOOKUP(A34,'[1]TAB OGU JUN18'!$A:$G,6,"falso") -> 41.13 | J34: =VLOOKUP(A34,'[1]TAB OGU JUN18'!$A:$G,4,"falso") -> 41.13 | K34: =H34*J34 -> 0 | L34: =VLOOKUP(A34,'[1]TAB OGU JUN18'!$A:$G,5,"falso") -> 0 | N34: =H34*I34 -> 0 | O34: =N34/N36 -> #DIV/0!
B36: Total do Bloco | N36: =SUM(N33:N34) -> 0 | O36: =N36/N66 -> #DIV/0!
A38: 0402 | B38: ESCAVAÇÃO MECÂNICA DE VALAS EM QUALQUER TIPO DE SOLO, EXCETO ROCHA
A39: 040201 | B39: Profundidade 0 m < h ≤ 2 m | G39: m³ | H39: =T8 -> 0 | I39: =VLOOKUP(A39,'[1]TAB OGU JUN18'!$A:$G,6,"falso") -> 9.77 | J39: =VLOOKUP(A39,'[1]TAB OGU JUN18'!$A:$G,4,"falso") -> 9.77 | K39: =H39*J39 -> 0 | L39: =VLOOKUP(A39,'[1]TAB OGU JUN18'!$A:$G,5,"falso") -> 0 | N39: =H39*I39 -> 0 | O39: =N39/N42 -> #DIV/0!
A40: 040202 | B40: Profundidade 0 m < h ≤ 4 m | G40: m³ | H40: =T9 -> 0 | I40: =VLOOKUP(A40,'[1]TAB OGU JUN18'!$A:$G,6,"falso") -> 11.16 | J40: =VLOOKUP(A40,'[1]TAB OGU JUN18'!$A:$G,4,"falso") -> 11.16 | K40: =H40*J40 -> 0 | L40: =VLOOKUP(A40,'[1]TAB OGU JUN18'!$A:$G,5,"falso") -> 0 | N40: =H40*I40 -> 0 | O40: =N40/N42 -> #DIV/0!
B42: Total do Bloco | N42: =N39+N40 -> 0 | O42: =N42/N66 -> #DIV/0!
A44: 0413 | B44: ATERRO/REATERRO EM VALAS E CAVAS
A45: 041301 | B45: Manual | G45: m³ | H45: =T10 -> 0 | I45: =VLOOKUP(A45,'[1]TAB OGU JUN18'!$A:$G,6,"falso") -> 7.4 | J45: =VLOOKUP(A45,'[1]TAB OGU JUN18'!$A:$G,4,"falso") -> 7.4 | K45: =H45*J45 -> 0 | L45: =VLOOKUP(A45,'[1]TAB OGU JUN18'!$A:$G,5,"falso") -> 0 | N45: =H45*I45 -> 0 | O45: =N45/N48 -> #DIV/0!
A46: 041302 | B46: Mecânico | G46: m³ | H46: =T11 -> 0 | I46: =VLOOKUP(A46,'[1]TAB OGU JUN18'!$A:$G,6,"falso") -> 1.32 | J46: =VLOOKUP(A46,'[1]TAB OGU JUN18'!$A:$G,4,"falso") -> 1.32 | K46: =H46*J46 -> 0 | L46: =VLOOKUP(A46,'[1]TAB OGU JUN18'!$A:$G,5,"falso") -> 0 | N46: =H46*I46 -> 0 | O46: =N46/N48 -> #DIV/0!
B48: Total do Bloco | N48: =N46+N45 -> 0 | O48: =N48/N66 -> #DIV/0!
A50: 0414 | B50: COMPACTAÇÃO EM VALAS
A51: 041401 | B51: Manual | G51: m³ | H51: =H45 -> 0 | I51: =VLOOKUP(A51,'[1]TAB OGU JUN18'!$A:$G,6,"falso") -> 20.56 | J51: =VLOOKUP(A51,'[1]TAB OGU JUN18'!$A:$G,4,"falso") -> 20.56 | K51: =H51*J51 -> 0 | L51: =VLOOKUP(A51,'[1]TAB OGU JUN18'!$A:$G,5,"falso") -> 0 | N51: =H51*I51 -> 0 | O51: =N51/N54 -> #DIV/0!
A52: 041402 | B52: Mecânico | G52: m³ | H52: =H46 -> 0 | I52: =VLOOKUP(A52,'[1]TAB OGU JUN18'!$A:$G,6,"falso") -> 4.05 | J52: =VLOOKUP(A52,'[1]TAB OGU JUN18'!$A:$G,4,"falso") -> 4.05 | K52: =H52*J52 -> 0 | L52: =VLOOKUP(A52,'[1]TAB OGU JUN18'!$A:$G,5,"falso") -> 0 | N52: =H52*I52 -> 0 | O52: =N52/N54 -> #DIV/0!
B54: Total do Bloco | N54: =N52+N51 -> 0 | O54: =N54/N66 -> #DIV/0!
A56: 0418 | B56: CARGA E DESCARGA DE SOLOS
A57: 041801 | B57: Qualquer tipo de solo exceto rocha | G57: m³ | H57: =T12 -> 0 | I57: =VLOOKUP(A57,'[1]TAB OGU JUN18'!$A:$G,6,"falso") -> 1.85 | J57: =VLOOKUP(A57,'[1]TAB OGU JUN18'!$A:$G,4,"falso") -> 1.85 | K57: =H57*J57 -> 0 | L57: =VLOOKUP(A57,'[1]TAB OGU JUN18'!$A:$G,5,"falso") -> 0 | N57: =H57*I57 -> 0 | O57: =N57/N59 -> #DIV/0!
B59: Total do Bloco | N59: =N57 -> 0 | O59: =N59/N66 -> #DIV/0!
A61: 0419 | B61: TRANSPORTE DE SOLOS
A62: 041901 | B62: Qualquer tipo de solo exceto rocha, em rodovia ou rua | G62: m³xkm | H62: =H57*3 -> 0 | I62: =VLOOKUP(A62,'[1]TAB OGU JUN18'!$A:$G,6,"falso") -> 1 | J62: =VLOOKUP(A62,'[1]TAB OGU JUN18'!$A:$G,4,"falso") -> 1 | K62: =H62*J62 -> 0 | L62: =VLOOKUP(A62,'[1]TAB OGU JUN18'!$A:$G,5,"falso") -> 0 | N62: =H62*I62 -> 0 | O62: =N62/N64 -> #DIV/0!
B64: Total do Bloco | N64: =N62 -> 0 | O64: =N64/N66 -> #DIV/0!
B66: Total do Módulo | N66: =N64+N59+N54+N48+N42+N36 -> 0 | O66: =N66/N118 -> #DIV/0!
A68: 05 | B68: ESCORAMENTO
A69: 0501 | B69: ESCORAMENTO DE MADEIRA
A70: 050101 | B70: Pontalete | G70: m² | H70: =0.95*S6 -> 0 | I70: =VLOOKUP(A70,'[1]TAB OGU JUN18'!$A:$G,6,"falso") -> 14.81 | J70: =VLOOKUP(A70,'[1]TAB OGU JUN18'!$A:$G,4,"falso") -> 13.63 | K70: =H70*J70 -> 0 | L70: =VLOOKUP(A70,'[1]TAB OGU JUN18'!$A:$G,5,"falso") -> 1.18 | M70: =H70*L70 -> 0 | N70: =H70*I70 -> 0 | O70: =N70/N73 -> #DIV/0!
A71: 050102 | B71: Descontínuo | G71: m² | H71: =0.05*S6 -> 0 | I71: =VLOOKUP(A71,'[1]TAB OGU JUN18'!$A:$G,6,"falso") -> 23.06 | J71: =VLOOKUP(A71,'[1]TAB OGU JUN18'!$A:$G,4,"falso") -> 22.37 | K71: =H71*J71 -> 0 | L71: =VLOOKUP(A71,'[1]TAB OGU JUN18'!$A:$G,5,"falso")-0.01 -> 0.68 | M71: =H71*L71 -> 0 | N71: =H71*I71 -> 0 | O71: =N71/N73 -> #DIV/0!
B73: Total do Bloco | N73: =N70+N71 -> 0 | O73: =N73/N80 -> #DIV/0!
A75: 0503 | B75: ESCORAMENTO MISTO
A76: 050301 | B76: Tipo hamburguês | G76: m² | I76: =VLOOKUP(A76,'[1]TAB OGU JUN18'!$A:$G,6,"falso") -> 144.25 | J76: =VLOOKUP(A76,'[1]TAB OGU JUN18'!$A:$G,4,"falso") -> 134.15 | K76: =H76*J76 -> 0 | L76: =VLOOKUP(A76,'[1]TAB OGU JUN18'!$A:$G,5,"falso") -> 10.1 | M76: =H76*L76 -> 0 | N76: =H76*I76 -> 0 | O76: =N76/N78 -> #DIV/0!
B78: Total do Bloco | N78: =N76 -> 0 | O78: =N78/N80 -> #DIV/0!
B80: Total do Módulo | N80: =N73+N78 -> 0 | O80: =N80/N118 -> #DIV/0!
A82: 06 | B82: ESGOTAMENTO
A83: 0601 | B83: ESGOTAMENTO COM BOMBAS
A84: 060101 | B84: Moto bomba | G84: h | H84: =((H14*R6*Q6)*0.06*1000)/20000 -> 0 | I84: =VLOOKUP(A84,'[1]TAB OGU JUN18'!$A:$G,6,"falso") -> 5.52 | J84: =VLOOKUP(A84,'[1]TAB OGU JUN18'!$A:$G,4,"falso") -> 5.52 | K84: =H84*J84 -> 0 | L84: =VLOOKUP(A84,'[1]TAB OGU JUN18'!$A:$G,5,"falso") -> 0 | N84: =H84*I84 -> 0 | O84: =N84/N86 -> #DIV/0!
B86: Total do Bloco | N86: =N84 -> 0 | O86: =N86/N88 -> #DIV/0!
B88: Total do Módulo | N88: =N86 -> 0 | O88: =N88/N118 -> #DIV/0!
A90: 09 | B90: ASSENTAMENTOS
A91: 0902 | B91: TUBULAÇÃO DE PVC JE / JEI PARA ESGOTO
A92: 090202 | B92: DN 150 | G92: m | H92: =H14-H93 -> 0 | I92: =VLOOKUP(A92,'[1]TAB OGU JUN18'!$A:$G,6,"falso") -> 2.64 | J92: =VLOOKUP(A92,'[1]TAB OGU JUN18'!$A:$G,4,"falso") -> 2.56 | K92: =H92*J92 -> 0 | L92: =VLOOKUP(A92,'[1]TAB OGU JUN18'!$A:$G,5,"falso") -> 0.08 | M92: =H92*L92 -> 0 | N92: =H92*I92 -> 0 | O92: =N92/$N$95 -> #DIV/0!
A93: 090203 | B93: DN 200 | G93: m | H93: 0 | I93: =VLOOKUP(A93,'[1]TAB OGU JUN18'!$A:$G,6,"falso") -> 3.14 | J93: =VLOOKUP(A93,'[1]TAB OGU JUN18'!$A:$G,4,"falso") -> 3.01 | K93: =H93*J93 -> 0 | L93: =VLOOKUP(A93,'[1]TAB OGU JUN18'!$A:$G,5,"falso") -> 0.13 | M93: =H93*L93 -> 0 | N93: =H93*I93 -> 0 | O93: =N93/$N$95 -> #DIV/0!
B95: Total do Bloco | N95: =SUM(N92:N93) -> 0 | O95: =N95/N108 -> #DIV/0!
A97: 0917 | B97: POÇO DE VISITA TIPO C - DN 800
A98: 091701 | B98: Com profundidade até 1,00 m | G98: ud | H98: =U6 -> 0 | I98: =VLOOKUP(A98,'[1]TAB OGU JUN18'!$A:$G,6,"falso") -> 466.82 | J98: =VLOOKUP(A98,'[1]TAB OGU JUN18'!$A:$G,4,"falso") -> 143.97 | K98: =H98*J98 -> 0 | L98: =VLOOKUP(A98,'[1]TAB OGU JUN18'!$A:$G,5,"falso") -> 322.85 | M98: =H98*L98 -> 0 | N98: =H98*I98 -> 0 | O98: =N98/N101 -> #DIV/0!
A99: 091702 | B99: Acréscimo para prof. Superior a 1,00 m | G99: m | H99: =(Q6-1.1)*H98 -> 0 | I99: =VLOOKUP(A99,'[1]TAB OGU JUN18'!$A:$G,6,"falso") -> 252.88 | J99: =VLOOKUP(A99,'[1]TAB OGU JUN18'!$A:$G,4,"falso") -> 47.83 | K99: =H99*J99 -> 0 | L99: =VLOOKUP(A99,'[1]TAB OGU JUN18'!$A:$G,5,"falso") -> 205.05 | M99: =H99*L99 -> 0 | N99: =H99*I99 -> 0 | O99: =N99/N101 -> #DIV/0!
B101: Total do Bloco | N101: =N99+N98 -> 0 | O101: =N101/N108 -> #DIV/0!
A103: 0927 | B103: EMBASAMENTO
A104: 092702 | B104: Areia | G104: m³ | H104: =H14*R6*0.1 -> 0 | I104: =VLOOKUP(A104,'[1]TAB OGU JUN18'!$A:$G,6,"falso") -> 157.99 | J104: =VLOOKUP(A104,'[1]TAB OGU JUN18'!$A:$G,4,"falso") -> 39.5 | K104: =H104*J104 -> 0 | L104: =VLOOKUP(A104,'[1]TAB OGU JUN18'!$A:$G,5,"falso") -> 118.49 | M104: =H104*L104 -> 0 | N104: =H104*I104 -> 0 | O104: =N104/N106 -> #DIV/0!
B106: Total do Bloco | N106: =N104 -> 0 | O106: =N106/N108 -> #DIV/0!
B108: Total do Módulo | N108: =N106+N101+N95 -> 0 | O108: =N108/N118 -> #DIV/0!
A110: 16 | B110: SERVIÇOS DIVERSOS
A111: 1620 | B111: LIMPEZA DE OBRA
A112: 162004 | B112: Lavagem de rede de esgoto | G112: m | H112: =H14 -> 0 | I112: =VLOOKUP(A112,'[1]TAB OGU JUN18'!$A:$G,6,"falso") -> 1.31 | J112: =VLOOKUP(A112,'[1]TAB OGU JUN18'!$A:$G,4,"falso") -> 1.14 | K112: =H112*J112 -> 0 | L112: =VLOOKUP(A112,'[1]TAB OGU JUN18'!$A:$G,5,"falso") -> 0.17 | M112: =H112*L112 -> 0 | N112: =H112*I112 -> 0 | O112: =N112/N114 -> #DIV/0!
B114: Total do Bloco | N114: =N112 -> 0 | O114: =N114/N116 -> #DIV/0!
B116: Total do Módulo | N116: =N114 -> 0 | O116: =N116/N118 -> #DIV/0!
B118: TOTAL DA UNIDADE | K118: =SUM(K12:K117) -> 0 | M118: =SUM(M12:M117) -> 0 | N118: =N116+N108+N88+N80+N66+N29 -> 0
B120: TOTAL DA UNIDADE COM BDI | K120: =K118+(K118*O5) -> 0 | M120: =M118+(M118*O7) -> 0 | N120: =K120+M120 -> 0 | O120: =N120/RESUMO!H95 -> 0

Sheet 09 - 7
A2: SISTEMA DE ORÇAMENTO DE OBRAS
C4: Mun./Loc.: | D4: =RESUMO!D4 -> SÃO JOSÉ DAS PALMEIRAS | G4: Data: | M4: =RESUMO!G4 -> 43657 | N4: =RESUMO!H4 -> BDI Aplicado
A5: Relatório Por U.C. | C5: Obra: | D5: =RESUMO!D5 -> SISTEMA DE ESGOTAMENTO SANITARIO - SES | G5: Nº Área: | N5: =RESUMO!H5 -> Serviços | O5: =RESUMO!I5 -> 0.2758
C6: Área Resp.: | G6: Nº USAQ: | N6: =RESUMO!H6 -> Serv Terc: | O6: =RESUMO!I6 -> 0.1772
C7: Nº U.C.: | D7: =RESUMO!A38 -> U.C. : 09 | G7: Referência: | M7: =RESUMO!G7 -> Jun18 MOS4aEd v00 | N7: =RESUMO!H7 -> Mat/Equip: | O7: =RESUMO!I7 -> 0.1772
C8: Ud. Const.: | D8: =RESUMO!B38 -> COLETOR 07
B9: Descrição | G9: Ud | H9: Qtde. | I9: Unitário | K9: Mão de Obra | M9: Materiais | N9: Total (R$) | O9: %
A11: =RESUMO!A43 -> 2 | B11: =RESUMO!B40 -> COLETOR 07 - MATERIAIS
A12: 20 | B12: MATERIAL DE CONCRETO
A13: 2010 | B13: TAMPÃO PARA POÇO DE VISITA
A14: 13255 * | B14: Tampa de concreto para PV ou caixa de inspeção, dimensões 600 X 600 X 50 mm | G14: ud | H14: ='08 - 7'!H98 -> 0 | I14: 37.84 | L14: 37.84 | M14: =H14*L14 -> 0 | N14: =H14*I14 -> 0 | O14: =N14/N16 -> #DIV/0! | P14: 13255
B16: Total do Bloco | N16: =N14 -> 0 | O16: =N16/N18 -> #DIV/0!
B18: Total do Módulo | N18: =N16 -> 0 | O18: =N18/N29 -> #DIV/0!
A20: 25 | B20: MATERIAL DE PVC - ESGOTO
A21: 2511 | B21: TUBO PVC
A22: 251103 | B22: Tubo PVC JEI coletor de esgoto parede maciça NBR 7362-2 DN 150 | G22: m | H22: ='08 - 7'!H92 -> 0 | I22: =VLOOKUP(A22,'[1]TAB OGU JUN18'!$A:$G,6,"falso") -> 37.63 | L22: =VLOOKUP(A22,'[1]TAB OGU JUN18'!$A:$G,5,"falso") -> 37.63 | M22: =H22*L22 -> 0 | N22: =H22*I22 -> 0 | O22: =N22/$N$25 -> #DIV/0!
A23: 251104 | B23: Tubo PVC JEI coletor de esgoto parede maciça NBR 7362-2 DN 200 | G23: m | H23: ='08 - 7'!H93 -> 0 | I23: =VLOOKUP(A23,'[1]TAB OGU JUN18'!$A:$G,6,"falso") -> 58.74 | L23: =VLOOKUP(A23,'[1]TAB OGU JUN18'!$A:$G,5,"falso") -> 58.74 | M23: =H23*L23 -> 0 | N23: =H23*I23 -> 0 | O23: =N23/$N$25 -> #DIV/0!
B25: Total do Bloco | N25: =N22+N23 -> 0 | O25: =N25/N27 -> #DIV/0!
B27: Total do Módulo | N27: =N25 -> 0 | O27: =N27/N29 -> #DIV/0!
B29: TOTAL DA UNIDADE | M29: =SUM(M14:M28) -> 0 | N29: =N27+N18 -> 0
B31: TOTAL DA UNIDADE COM BDI | M31: =M29+(M29*O7) -> 0 | N31: =M31 -> 0 | O31: =N31/RESUMO!H95 -> 0

Sheet 08 - INT
A2: SISTEMA DE ORÇAMENTO DE OBRAS
C4: Mun./Loc.: | D4: =RESUMO!D4 -> SÃO JOSÉ DAS PALMEIRAS | G4: Data: | M4: =RESUMO!G4 -> 43657 | N4: =RESUMO!H4 -> BDI Aplicado | P4: comprimento da rede | Q4: profundidade média | R4: largura média | S4: escoramento | T4: movimentação de solo 0 a 4 | U4: quantidade PV
A5: Relatório Por U.C. | C5: Obra: | D5: =RESUMO!D5 -> SISTEMA DE ESGOTAMENTO SANITARIO - SES | G5: Nº Área: | N5: =RESUMO!H5 -> Serviços | O5: =RESUMO!I5 -> 0.2758
C6: Área Resp.: | G6: Nº USAQ: | N6: =RESUMO!H6 -> Serv Terc: | O6: =RESUMO!I6 -> 0.1772 | P6: 3136.26 | Q6: 1.8588111 | R6: 0.6292954 | S6: 2264.2732 | T6: 657.878 | U6: 62
C7: Nº U.C.: | D7: =RESUMO!A41 -> U.C. : 11 | G7: Referência: | M7: =RESUMO!G7 -> Jun18 MOS4aEd v00 | N7: =RESUMO!H7 -> Mat/Equip: | O7: =RESUMO!I7 -> 0.1772 | T7: 471.21117
C8: Ud. Const.: | D8: =RESUMO!B41 -> INTERCEPTOR | T8: 2258.1783
B9: Descrição | G9: Ud | H9: Qtde. | I9: Unitário | K9: Mão de Obra | M9: Materiais | N9: Total (R$) | O9: % | T9: 369.54203
T10: 592.0902
A11: =RESUMO!A42 -> 1 | B11: =RESUMO!B42 -> INTERCEPTOR - SERVIÇOS | T11: 2911.9382
A12: 02 | B12: SERVIÇOS TÉCNICOS | T12: 252.78111
A13: 0201 | B13: TOPOGRAFIA E GEODÉSIA - SERVIÇOS
A14: 020137 | B14: Locação e nivelamento para assentamento de tubulação de esgoto | G14: m | H14: =P6 -> 3136.26 | I14: =VLOOKUP(A14,'[1]TAB OGU JUN18'!$A:$G,6,"falso") -> 1.2 | J14: =VLOOKUP(A14,'[1]TAB OGU JUN18'!$A:$G,4,"falso") -> 0.82 | K14: =H14*J14 -> 2571.7332 | L14: =VLOOKUP(A14,'[1]TAB OGU JUN18'!$A:$G,5,"falso") -> 0.38 | M14: =H14*L14 -> 1191.7788 | N14: =H14*I14 -> 3763.512 | O14: =N14/N17 -> 1
B15: (Ordem de serviço para execução - OSE)
B17: Total do Bloco | N17: =SUM(N14:N14) -> 3763.512 | O17: =N17/N29 -> 0.64516129
A19: 0202 | B19: TOPOGRAFIA E GEODÉSIA - ESTADIA DA EQUIPE
A20: 020237 | B20: Locação e nivelamento para assentamento de tubulação de esgoto (Ordem de serviço para execução - OSE) | G20: m | H20: =H14 -> 3136.26 | I20: =VLOOKUP(A20,'[1]TAB OGU JUN18'!$A:$G,6,"falso") -> 0.4 | J20: =VLOOKUP(A20,'[1]TAB OGU JUN18'!$A:$G,4,"falso") -> 0.4 | K20: =H20*J20 -> 1254.504 | L20: =VLOOKUP(A20,'[1]TAB OGU JUN18'!$A:$G,5,"falso") -> 0 | N20: =H20*I20 -> 1254.504 | O20: =N20/N22 -> 1
B22: Total do Bloco | N22: =N20 -> 1254.504 | O22: =N22/N29 -> 0.21505376
A24: 0207 | B24: CADASTRO DE OBRAS
A25: 020702 | B25: Cadastro linear de esgoto - CAD | G25: m | H25: =H20 -> 3136.26 | I25: =VLOOKUP(A25,'[1]TAB OGU JUN18'!$A:$G,6,"falso") -> 0.26 | J25: =VLOOKUP(A25,'[1]TAB OGU JUN18'!$A:$G,4,"falso") -> 0.26 | K25: =H25*J25 -> 815.4276 | L25: =VLOOKUP(A25,'[1]TAB OGU JUN18'!$A:$G,5,"falso") -> 0 | N25: =H25*I25 -> 815.4276 | O25: =N25/N27 -> 1
B27: Total do Bloco | N27: =N25 -> 815.4276 | O27: =N27/N29 -> 0.13978495
B29: Total do Módulo | N29: =N27+N17+N22 -> 5833.4436 | O29: =N29/N118 -> 0.025789074
A31: 04 | B31: MOVIMENTO DE SOLOS
A32: 0401 | B32: ESCAVAÇÃO MANUAL DE VALAS
A33: 040109 | B33: Em terra compacta, prof. 0 m < h ≤ 1 m | G33: m³ | H33: =T6 -> 657.878 | I33: =VLOOKUP(A33,'[1]TAB OGU JUN18'!$A:$G,6,"falso") -> 32.9 | J33: =VLOOKUP(A33,'[1]TAB OGU JUN18'!$A:$G,4,"falso") -> 32.9 | K33: =H33*J33 -> 21644.186 | L33: =VLOOKUP(A33,'[1]TAB OGU JUN18'!$A:$G,5,"falso") -> 0 | N33: =H33*I33 -> 21644.186 | O33: =N33/N36 -> 0.52758398
A34: 040110 | B34: Em terra compacta, prof. 0 m < h ≤ 2 m | G34: m³ | H34: =T7 -> 471.21117 | I34: =VLOOKUP(A34,'[1]TAB OGU JUN18'!$A:$G,6,"falso") -> 41.13 | J34: =VLOOKUP(A34,'[1]TAB OGU JUN18'!$A:$G,4,"falso") -> 41.13 | K34: =H34*J34 -> 19380.915 | L34: =VLOOKUP(A34,'[1]TAB OGU JUN18'!$A:$G,5,"falso") -> 0 | N34: =H34*I34 -> 19380.915 | O34: =N34/N36 -> 0.47241602
B36: Total do Bloco | N36: =SUM(N33:N34) -> 41025.102 | O36: =N36/N66 -> 0.40768451
A38: 0402 | B38: ESCAVAÇÃO MECÂNICA DE VALAS EM QUALQUER TIPO DE SOLO, EXCETO ROCHA
A39: 040201 | B39: Profundidade 0 m < h ≤ 2 m | G39: m³ | H39: =T8 -> 2258.1783 | I39: =VLOOKUP(A39,'[1]TAB OGU JUN18'!$A:$G,6,"falso") -> 9.77 | J39: =VLOOKUP(A39,'[1]TAB OGU JUN18'!$A:$G,4,"falso") -> 9.77 | K39: =H39*J39 -> 22062.402 | L39: =VLOOKUP(A39,'[1]TAB OGU JUN18'!$A:$G,5,"falso") -> 0 | N39: =H39*I39 -> 22062.402 | O39: =N39/N42 -> 0.84251082
A40: 040202 | B40: Profundidade 0 m < h ≤ 4 m | G40: m³ | H40: =T9 -> 369.54203 | I40: =VLOOKUP(A40,'[1]TAB OGU JUN18'!$A:$G,6,"falso") -> 11.16 | J40: =VLOOKUP(A40,'[1]TAB OGU JUN18'!$A:$G,4,"falso") -> 11.16 | K40: =H40*J40 -> 4124.089 | L40: =VLOOKUP(A40,'[1]TAB OGU JUN18'!$A:$G,5,"falso") -> 0 | N40: =H40*I40 -> 4124.089 | O40: =N40/N42 -> 0.15748918
B42: Total do Bloco | N42: =N39+N40 -> 26186.491 | O42: =N42/N66 -> 0.2602267
A44: 0413 | B44: ATERRO/REATERRO EM VALAS E CAVAS
A45: 041301 | B45: Manual | G45: m³ | H45: =T10 -> 592.0902 | I45: =VLOOKUP(A45,'[1]TAB OGU JUN18'!$A:$G,6,"falso") -> 7.4 | J45: =VLOOKUP(A45,'[1]TAB OGU JUN18'!$A:$G,4,"falso") -> 7.4 | K45: =H45*J45 -> 4381.4675 | L45: =VLOOKUP(A45,'[1]TAB OGU JUN18'!$A:$G,5,"falso") -> 0 | N45: =H45*I45 -> 4381.4675 | O45: =N45/N48 -> 0.53268658
A46: 041302 | B46: Mecânico | G46: m³ | H46: =T11 -> 2911.9382 | I46: =VLOOKUP(A46,'[1]TAB OGU JUN18'!$A:$G,6,"falso") -> 1.32 | J46: =VLOOKUP(A46,'[1]TAB OGU JUN18'!$A:$G,4,"falso") -> 1.32 | K46: =H46*J46 -> 3843.7585 | L46: =VLOOKUP(A46,'[1]TAB OGU JUN18'!$A:$G,5,"falso") -> 0 | N46: =H46*I46 -> 3843.7585 | O46: =N46/N48 -> 0.46731342
B48: Total do Bloco | N48: =N46+N45 -> 8225.2259 | O48: =N48/N66 -> 0.081737695
A50: 0414 | B50: COMPACTAÇÃO EM VALAS
A51: 041401 | B51: Manual | G51: m³ | H51: =H45 -> 592.0902 | I51: =VLOOKUP(A51,'[1]TAB OGU JUN18'!$A:$G,6,"falso") -> 20.56 | J51: =VLOOKUP(A51,'[1]TAB OGU JUN18'!$A:$G,4,"falso") -> 20.56 | K51: =H51*J51 -> 12173.375 | L51: =VLOOKUP(A51,'[1]TAB OGU JUN18'!$A:$G,5,"falso") -> 0 | N51: =H51*I51 -> 12173.375 | O51: =N51/N54 -> 0.50792817
A52: 041402 | B52: Mecânico | G52: m³ | H52: =H46 -> 2911.9382 | I52: =VLOOKUP(A52,'[1]TAB OGU JUN18'!$A:$G,6,"falso") -> 4.05 | J52: =VLOOKUP(A52,'[1]TAB OGU JUN18'!$A:$G,4,"falso") -> 4.05 | K52: =H52*J52 -> 11793.35 | L52: =VLOOKUP(A52,'[1]TAB OGU JUN18'!$A:$G,5,"falso") -> 0 | N52: =H52*I52 -> 11793.35 | O52: =N52/N54 -> 0.49207183
B54: Total do Bloco | N54: =N52+N51 -> 23966.724 | O54: =N54/N66 -> 0.2381679
A56: 0418 | B56: CARGA E DESCARGA DE SOLOS
A57: 041801 | B57: Qualquer tipo de solo exceto rocha | G57: m³ | H57: =T12 -> 252.78111 | I57: =VLOOKUP(A57,'[1]TAB OGU JUN18'!$A:$G,6,"falso") -> 1.85 | J57: =VLOOKUP(A57,'[1]TAB OGU JUN18'!$A:$G,4,"falso") -> 1.85 | K57: =H57*J57 -> 467.64506 | L57: =VLOOKUP(A57,'[1]TAB OGU JUN18'!$A:$G,5,"falso") -> 0 | N57: =H57*I57 -> 467.64506 | O57: =N57/N59 -> 1
B59: Total do Bloco | N59: =N57 -> 467.64506 | O59: =N59/N66 -> 0.004647195
A61: 0419 | B61: TRANSPORTE DE SOLOS
A62: 041901 | B62: Qualquer tipo de solo exceto rocha, em rodovia ou rua | G62: m³xkm | H62: =H57*3 -> 758.34334 | I62: =VLOOKUP(A62,'[1]TAB OGU JUN18'!$A:$G,6,"falso") -> 1 | J62: =VLOOKUP(A62,'[1]TAB OGU JUN18'!$A:$G,4,"falso") -> 1 | K62: =H62*J62 -> 758.34334 | L62: =VLOOKUP(A62,'[1]TAB OGU JUN18'!$A:$G,5,"falso") -> 0 | N62: =H62*I62 -> 758.34334 | O62: =N62/N64 -> 1
B64: Total do Bloco | N64: =N62 -> 758.34334 | O64: =N64/N66 -> 0.007535992
B66: Total do Módulo | N66: =N64+N59+N54+N48+N42+N36 -> 100629.53 | O66: =N66/N118 -> 0.44487315
A68: 05 | B68: ESCORAMENTO
A69: 0501 | B69: ESCORAMENTO DE MADEIRA
A70: 050101 | B70: Pontalete | G70: m² | H70: =0.95*S6 -> 2151.0596 | I70: =VLOOKUP(A70,'[1]TAB OGU JUN18'!$A:$G,6,"falso") -> 14.81 | J70: =VLOOKUP(A70,'[1]TAB OGU JUN18'!$A:$G,4,"falso") -> 13.63 | K70: =H70*J70 -> 29318.942 | L70: =VLOOKUP(A70,'[1]TAB OGU JUN18'!$A:$G,5,"falso") -> 1.18 | M70: =H70*L70 -> 2538.2503 | N70: =H70*I70 -> 31857.192 | O70: =N70/N73 -> 0.92425686
A71: 050102 | B71: Descontínuo | G71: m² | H71: =0.05*S6 -> 113.21366 | I71: =VLOOKUP(A71,'[1]TAB OGU JUN18'!$A:$G,6,"falso") -> 23.06 | J71: =VLOOKUP(A71,'[1]TAB OGU JUN18'!$A:$G,4,"falso") -> 22.37 | K71: =H71*J71 -> 2532.5896 | L71: =VLOOKUP(A71,'[1]TAB OGU JUN18'!$A:$G,5,"falso")-0.01 -> 0.68 | M71: =H71*L71 -> 76.985289 | N71: =H71*I71 -> 2610.707 | O71: =N71/N73 -> 0.075743143
B73: Total do Bloco | N73: =N70+N71 -> 34467.899 | O73: =N73/N80 -> 1
A75: 0503 | B75: ESCORAMENTO MISTO
A76: 050301 | B76: Tipo hamburguês | G76: m² | I76: =VLOOKUP(A76,'[1]TAB OGU JUN18'!$A:$G,6,"falso") -> 144.25 | J76: =VLOOKUP(A76,'[1]TAB OGU JUN18'!$A:$G,4,"falso") -> 134.15 | K76: =H76*J76 -> 0 | L76: =VLOOKUP(A76,'[1]TAB OGU JUN18'!$A:$G,5,"falso") -> 10.1 | M76: =H76*L76 -> 0 | N76: =H76*I76 -> 0 | O76: =N76/N78 -> #DIV/0!
B78: Total do Bloco | N78: =N76 -> 0 | O78: =N78/N80 -> 0
B80: Total do Módulo | N80: =N73+N78 -> 34467.899 | O80: =N80/N118 -> 0.15237915
A82: 06 | B82: ESGOTAMENTO
A83: 0601 | B83: ESGOTAMENTO COM BOMBAS
A84: 060101 | B84: Moto bomba | G84: h | H84: =((H14*R6*Q6)*0.06*1000)/20000 -> 11.005839 | I84: =VLOOKUP(A84,'[1]TAB OGU JUN18'!$A:$G,6,"falso") -> 5.52 | J84: =VLOOKUP(A84,'[1]TAB OGU JUN18'!$A:$G,4,"falso") -> 5.52 | K84: =H84*J84 -> 60.752229 | L84: =VLOOKUP(A84,'[1]TAB OGU JUN18'!$A:$G,5,"falso") -> 0 | N84: =H84*I84 -> 60.752229 | O84: =N84/N86 -> 1
B86: Total do Bloco | N86: =N84 -> 60.752229 | O86: =N86/N88 -> 1
B88: Total do Módulo | N88: =N86 -> 60.752229 | O88: =N88/N118 -> 0.00026857956
A90: 09 | B90: ASSENTAMENTOS
A91: 0902 | B91: TUBULAÇÃO DE PVC JE / JEI PARA ESGOTO
A92: 090202 | B92: DN 150 | G92: m | H92: =H14-H93 -> 1542.15 | I92: =VLOOKUP(A92,'[1]TAB OGU JUN18'!$A:$G,6,"falso") -> 2.64 | J92: =VLOOKUP(A92,'[1]TAB OGU JUN18'!$A:$G,4,"falso") -> 2.56 | K92: =H92*J92 -> 3947.904 | L92: =VLOOKUP(A92,'[1]TAB OGU JUN18'!$A:$G,5,"falso") -> 0.08 | M92: =H92*L92 -> 123.372 | N92: =H92*I92 -> 4071.276 | O92: =N92/$N$95 -> 0.44853741
A93: 090203 | B93: DN 200 | G93: m | H93: 1594.11 | I93: =VLOOKUP(A93,'[1]TAB OGU JUN18'!$A:$G,6,"falso") -> 3.14 | J93: =VLOOKUP(A93,'[1]TAB OGU JUN18'!$A:$G,4,"falso") -> 3.01 | K93: =H93*J93 -> 4798.2711 | L93: =VLOOKUP(A93,'[1]TAB OGU JUN18'!$A:$G,5,"falso") -> 0.13 | M93: =H93*L93 -> 207.2343 | N93: =H93*I93 -> 5005.5054 | O93: =N93/$N$95 -> 0.55146259
B95: Total do Bloco | N95: =SUM(N92:N93) -> 9076.7814 | O95: =N95/N108 -> 0.11192344
A97: 0917 | B97: POÇO DE VISITA TIPO C - DN 800
A98: 091701 | B98: Com profundidade até 1,00 m | G98: ud | H98: =U6 -> 62 | I98: =VLOOKUP(A98,'[1]TAB OGU JUN18'!$A:$G,6,"falso") -> 466.82 | J98: =VLOOKUP(A98,'[1]TAB OGU JUN18'!$A:$G,4,"falso") -> 143.97 | K98: =H98*J98 -> 8926.14 | L98: =VLOOKUP(A98,'[1]TAB OGU JUN18'!$A:$G,5,"falso") -> 322.85 | M98: =H98*L98 -> 20016.7 | N98: =H98*I98 -> 28942.84 | O98: =N98/N101 -> 0.70869017
A99: 091702 | B99: Acréscimo para prof. Superior a 1,00 m | G99: m | H99: =(Q6-1.1)*H98 -> 47.046291 | I99: =VLOOKUP(A99,'[1]TAB OGU JUN18'!$A:$G,6,"falso") -> 252.88 | J99: =VLOOKUP(A99,'[1]TAB OGU JUN18'!$A:$G,4,"falso") -> 47.83 | K99: =H99*J99 -> 2250.2241 | L99: =VLOOKUP(A99,'[1]TAB OGU JUN18'!$A:$G,5,"falso") -> 205.05 | M99: =H99*L99 -> 9646.8419 | N99: =H99*I99 -> 11897.066 | O99: =N99/N101 -> 0.29130983
B101: Total do Bloco | N101: =N99+N98 -> 40839.906 | O101: =N101/N108 -> 0.50358628
A103: 0927 | B103: EMBASAMENTO
A104: 092702 | B104: Areia | G104: m³ | H104: =H14*R6*0.1 -> 197.3634 | I104: =VLOOKUP(A104,'[1]TAB OGU JUN18'!$A:$G,6,"falso") -> 157.99 | J104: =VLOOKUP(A104,'[1]TAB OGU JUN18'!$A:$G,4,"falso") -> 39.5 | K104: =H104*J104 -> 7795.8543 | L104: =VLOOKUP(A104,'[1]TAB OGU JUN18'!$A:$G,5,"falso") -> 118.49 | M104: =H104*L104 -> 23385.589 | N104: =H104*I104 -> 31181.444 | O104: =N104/N106 -> 1
B106: Total do Bloco | N106: =N104 -> 31181.444 | O106: =N106/N108 -> 0.38449029
B108: Total do Módulo | N108: =N106+N101+N95 -> 81098.131 | O108: =N108/N118 -> 0.35852677
A110: 16 | B110: SERVIÇOS DIVERSOS
A111: 1620 | B111: LIMPEZA DE OBRA
A112: 162004 | B112: Lavagem de rede de esgoto | G112: m | H112: =H14 -> 3136.26 | I112: =VLOOKUP(A112,'[1]TAB OGU JUN18'!$A:$G,6,"falso") -> 1.31 | J112: =VLOOKUP(A112,'[1]TAB OGU JUN18'!$A:$G,4,"falso") -> 1.14 | K112: =H112*J112 -> 3575.3364 | L112: =VLOOKUP(A112,'[1]TAB OGU JUN18'!$A:$G,5,"falso") -> 0.17 | M112: =H112*L112 -> 533.1642 | N112: =H112*I112 -> 4108.5006 | O112: =N112/N114 -> 1
B114: Total do Bloco | N114: =N112 -> 4108.5006 | O114: =N114/N116 -> 1
B116: Total do Módulo | N116: =N114 -> 4108.5006 | O116: =N116/N118 -> 0.018163272
B118: TOTAL DA UNIDADE | K118: =SUM(K12:K117) -> 168477.21 | M118: =SUM(M12:M117) -> 57719.916 | N118: =N116+N108+N88+N80+N66+N29 -> 226198.26
B120: TOTAL DA UNIDADE COM BDI | K120: =K118+(K118*O5) -> 214943.22 | M120: =M118+(M118*O7) -> 67947.885 | N120: =K120+M120 -> 282891.11 | O120: =N120/RESUMO!H95 -> 0.039065349

Sheet 09 - INT
A2: SISTEMA DE ORÇAMENTO DE OBRAS
C4: Mun./Loc.: | D4: =RESUMO!D4 -> SÃO JOSÉ DAS PALMEIRAS | G4: Data: | M4: =RESUMO!G4 -> 43657 | N4: =RESUMO!H4 -> BDI Aplicado
A5: Relatório Por U.C. | C5: Obra: | D5: =RESUMO!D5 -> SISTEMA DE ESGOTAMENTO SANITARIO - SES | G5: Nº Área: | N5: =RESUMO!H5 -> Serviços | O5: =RESUMO!I5 -> 0.2758
C6: Área Resp.: | G6: Nº USAQ: | N6: =RESUMO!H6 -> Serv Terc: | O6: =RESUMO!I6 -> 0.1772
C7: Nº U.C.: | D7: =RESUMO!A41 -> U.C. : 11 | G7: Referência: | M7: =RESUMO!G7 -> Jun18 MOS4aEd v00 | N7: =RESUMO!H7 -> Mat/Equip: | O7: =RESUMO!I7 -> 0.1772
C8: Ud. Const.: | D8: =RESUMO!B41 -> INTERCEPTOR
B9: Descrição | G9: Ud | H9: Qtde. | I9: Unitário | K9: Mão de Obra | M9: Materiais | N9: Total (R$) | O9: %
A11: =RESUMO!A43 -> 2 | B11: =RESUMO!B43 -> INTERCEPTOR - MATERIAIS
A12: 20 | B12: MATERIAL DE CONCRETO
A13: 2010 | B13: TAMPÃO PARA POÇO DE VISITA
A14: 13255 * | B14: Tampa de concreto para PV ou caixa de inspeção, dimensões 600 X 600 X 50 mm | G14: ud | H14: ='08 - INT'!H98 -> 62 | I14: 37.84 | L14: 37.84 | M14: =H14*L14 -> 2346.08 | N14: =H14*I14 -> 2346.08 | O14: =N14/N16 -> 1 | P14: 13255
B16: Total do Bloco | N16: =N14 -> 2346.08 | O16: =N16/N18 -> 1
B18: Total do Módulo | N18: =N16 -> 2346.08 | O18: =N18/N29 -> 0.015232782
A20: 25 | B20: MATERIAL DE PVC - ESGOTO
A21: 2511 | B21: TUBO PVC
A22: 251103 | B22: Tubo PVC JEI coletor de esgoto parede maciça NBR 7362-2 DN 150 | G22: m | H22: ='08 - INT'!H92 -> 1542.15 | I22: =VLOOKUP(A22,'[1]TAB OGU JUN18'!$A:$G,6,"falso") -> 37.63 | L22: =VLOOKUP(A22,'[1]TAB OGU JUN18'!$A:$G,5,"falso") -> 37.63 | M22: =H22*L22 -> 58031.105 | N22: =H22*I22 -> 58031.105 | O22: =N22/$N$25 -> 0.38261646
A23: 251104 | B23: Tubo PVC JEI coletor de esgoto parede maciça NBR 7362-2 DN 200 | G23: m | H23: ='08 - INT'!H93 -> 1594.11 | I23: =VLOOKUP(A23,'[1]TAB OGU JUN18'!$A:$G,6,"falso") -> 58.74 | L23: =VLOOKUP(A23,'[1]TAB OGU JUN18'!$A:$G,5,"falso") -> 58.74 | M23: =H23*L23 -> 93638.021 | N23: =H23*I23 -> 93638.021 | O23: =N23/$N$25 -> 0.61738354
B25: Total do Bloco | N25: =N22+N23 -> 151669.13 | O25: =N25/N27 -> 1
B27: Total do Módulo | N27: =N25 -> 151669.13 | O27: =N27/N29 -> 0.98476722
B29: TOTAL DA UNIDADE | M29: =SUM(M14:M28) -> 154015.21 | N29: =N27+N18 -> 154015.21
B31: TOTAL DA UNIDADE COM BDI | M31: =M29+(M29*O7) -> 181306.7 | N31: =M31 -> 181306.7 | O31: =N31/RESUMO!H95 -> 0.025037229

Sheet 10 - EMI
A2: SISTEMA DE ORÇAMENTO DE OBRAS
C4: Mun./Loc.: | D4: =RESUMO!D4 -> SÃO JOSÉ DAS PALMEIRAS | G4: Data: | M4: =RESUMO!G4 -> 43657 | N4: =RESUMO!H4 -> BDI Aplicado | P4: comprimento da rede | Q4: profundidade média | R4: largura média | S4: escoramento | T4: movimentação de solo 0 a 4 | U4: quantidade PV
A5: Relatório Por U.C. | C5: Obra: | D5: =RESUMO!D5 -> SISTEMA DE ESGOTAMENTO SANITARIO - SES | G5: Nº Área: | N5: =RESUMO!H5 -> Serviços | O5: =RESUMO!I5 -> 0.2758
C6: Área Resp.: | G6: Nº USAQ: | N6: =RESUMO!H6 -> Serv Terc: | O6: =RESUMO!I6 -> 0.1772 | P6: 182.04 | Q6: 2.3074028 | R6: 0.64251263 | S6: 168.01584 | T6: 38.987667 | U6: 4
C7: Nº U.C.: | D7: =RESUMO!A44 -> U.C. : 12 | G7: Referência: | M7: =RESUMO!G7 -> Jun18 MOS4aEd v00 | N7: =RESUMO!H7 -> Mat/Equip: | O7: =RESUMO!I7 -> 0.1772 | T7: 35.324917
C8: Ud. Const.: | D8: =RESUMO!B44 -> EMISSÁRIO | T8: 148.62517
B9: Descrição | G9: Ud | H9: Qtde. | I9: Unitário | K9: Mão de Obra | M9: Materiais | N9: Total (R$) | O9: % | T9: 51.991345
T10: 35.0889
A11: =RESUMO!A42 -> 1 | B11: =RESUMO!B45 -> EMISSARIO- SERVIÇOS | T11: 224.92725
A12: 02 | B12: SERVIÇOS TÉCNICOS | T12: 14.912947
A13: 0201 | B13: TOPOGRAFIA E GEODÉSIA - SERVIÇOS
A14: 020137 | B14: Locação e nivelamento para assentamento de tubulação de esgoto | G14: m | H14: =P6 -> 182.04 | I14: =VLOOKUP(A14,'[1]TAB OGU JUN18'!$A:$G,6,"falso") -> 1.2 | J14: =VLOOKUP(A14,'[1]TAB OGU JUN18'!$A:$G,4,"falso") -> 0.82 | K14: =H14*J14 -> 149.2728 | L14: =VLOOKUP(A14,'[1]TAB OGU JUN18'!$A:$G,5,"falso") -> 0.38 | M14: =H14*L14 -> 69.1752 | N14: =H14*I14 -> 218.448 | O14: =N14/N17 -> 1
B15: (Ordem de serviço para execução - OSE)
B17: Total do Bloco | N17: =SUM(N14:N14) -> 218.448 | O17: =N17/N29 -> 0.64516129
A19: 0202 | B19: TOPOGRAFIA E GEODÉSIA - ESTADIA DA EQUIPE
A20: 020237 | B20: Locação e nivelamento para assentamento de tubulação de esgoto (Ordem de serviço para execução - OSE) | G20: m | H20: =H14 -> 182.04 | I20: =VLOOKUP(A20,'[1]TAB OGU JUN18'!$A:$G,6,"falso") -> 0.4 | J20: =VLOOKUP(A20,'[1]TAB OGU JUN18'!$A:$G,4,"falso") -> 0.4 | K20: =H20*J20 -> 72.816 | L20: =VLOOKUP(A20,'[1]TAB OGU JUN18'!$A:$G,5,"falso") -> 0 | N20: =H20*I20 -> 72.816 | O20: =N20/N22 -> 1
B22: Total do Bloco | N22: =N20 -> 72.816 | O22: =N22/N29 -> 0.21505376
A24: 0207 | B24: CADASTRO DE OBRAS
A25: 020702 | B25: Cadastro linear de esgoto - CAD | G25: m | H25: =H20 -> 182.04 | I25: =VLOOKUP(A25,'[1]TAB OGU JUN18'!$A:$G,6,"falso") -> 0.26 | J25: =VLOOKUP(A25,'[1]TAB OGU JUN18'!$A:$G,4,"falso") -> 0.26 | K25: =H25*J25 -> 47.3304 | L25: =VLOOKUP(A25,'[1]TAB OGU JUN18'!$A:$G,5,"falso") -> 0 | N25: =H25*I25 -> 47.3304 | O25: =N25/N27 -> 1
B27: Total do Bloco | N27: =N25 -> 47.3304 | O27: =N27/N29 -> 0.13978495
B29: Total do Módulo | N29: =N27+N17+N22 -> 338.5944 | O29: =N29/N118 -> 0.021725094
A31: 04 | B31: MOVIMENTO DE SOLOS
A32: 0401 | B32: ESCAVAÇÃO MANUAL DE VALAS
A33: 040109 | B33: Em terra compacta, prof. 0 m < h ≤ 1 m | G33: m³ | H33: =T6 -> 38.987667 | I33: =VLOOKUP(A33,'[1]TAB OGU JUN18'!$A:$G,6,"falso") -> 32.9 | J33: =VLOOKUP(A33,'[1]TAB OGU JUN18'!$A:$G,4,"falso") -> 32.9 | K33: =H33*J33 -> 1282.6942 | L33: =VLOOKUP(A33,'[1]TAB OGU JUN18'!$A:$G,5,"falso") -> 0 | N33: =H33*I33 -> 1282.6942 | O33: =N33/N36 -> 0.46888816
A34: 040110 | B34: Em terra compacta, prof. 0 m < h ≤ 2 m | G34: m³ | H34: =T7 -> 35.324917 | I34: =VLOOKUP(A34,'[1]TAB OGU JUN18'!$A:$G,6,"falso") -> 41.13 | J34: =VLOOKUP(A34,'[1]TAB OGU JUN18'!$A:$G,4,"falso") -> 41.13 | K34: =H34*J34 -> 1452.9138 | L34: =VLOOKUP(A34,'[1]TAB OGU JUN18'!$A:$G,5,"falso") -> 0 | N34: =H34*I34 -> 1452.9138 | O34: =N34/N36 -> 0.53111184
B36: Total do Bloco | N36: =SUM(N33:N34) -> 2735.6081 | O36: =N36/N66 -> 0.38917927
A38: 0402 | B38: ESCAVAÇÃO MECÂNICA DE VALAS EM QUALQUER TIPO DE SOLO, EXCETO ROCHA
A39: 040201 | B39: Profundidade 0 m < h ≤ 2 m | G39: m³ | H39: =T8 -> 148.62517 | I39: =VLOOKUP(A39,'[1]TAB OGU JUN18'!$A:$G,6,"falso") -> 9.77 | J39: =VLOOKUP(A39,'[1]TAB OGU JUN18'!$A:$G,4,"falso") -> 9.77 | K39: =H39*J39 -> 1452.0679 | L39: =VLOOKUP(A39,'[1]TAB OGU JUN18'!$A:$G,5,"falso") -> 0 | N39: =H39*I39 -> 1452.0679 | O39: =N39/N42 -> 0.71449791
A40: 040202 | B40: Profundidade 0 m < h ≤ 4 m | G40: m³ | H40: =T9 -> 51.991345 | I40: =VLOOKUP(A40,'[1]TAB OGU JUN18'!$A:$G,6,"falso") -> 11.16 | J40: =VLOOKUP(A40,'[1]TAB OGU JUN18'!$A:$G,4,"falso") -> 11.16 | K40: =H40*J40 -> 580.22341 | L40: =VLOOKUP(A40,'[1]TAB OGU JUN18'!$A:$G,5,"falso") -> 0 | N40: =H40*I40 -> 580.22341 | O40: =N40/N42 -> 0.28550209
B42: Total do Bloco | N42: =N39+N40 -> 2032.2913 | O42: =N42/N66 -> 0.28912243
A44: 0413 | B44: ATERRO/REATERRO EM VALAS E CAVAS
A45: 041301 | B45: Manual | G45: m³ | H45: =T10 -> 35.0889 | I45: =VLOOKUP(A45,'[1]TAB OGU JUN18'!$A:$G,6,"falso") -> 7.4 | J45: =VLOOKUP(A45,'[1]TAB OGU JUN18'!$A:$G,4,"falso") -> 7.4 | K45: =H45*J45 -> 259.65786 | L45: =VLOOKUP(A45,'[1]TAB OGU JUN18'!$A:$G,5,"falso") -> 0 | N45: =H45*I45 -> 259.65786 | O45: =N45/N48 -> 0.46653911
A46: 041302 | B46: Mecânico | G46: m³ | H46: =T11 -> 224.92725 | I46: =VLOOKUP(A46,'[1]TAB OGU JUN18'!$A:$G,6,"falso") -> 1.32 | J46: =VLOOKUP(A46,'[1]TAB OGU JUN18'!$A:$G,4,"falso") -> 1.32 | K46: =H46*J46 -> 296.90397 | L46: =VLOOKUP(A46,'[1]TAB OGU JUN18'!$A:$G,5,"falso") -> 0 | N46: =H46*I46 -> 296.90397 | O46: =N46/N48 -> 0.53346089
B48: Total do Bloco | N48: =N46+N45 -> 556.56183 | O48: =N48/N66 -> 0.079178859
A50: 0414 | B50: COMPACTAÇÃO EM VALAS
A51: 041401 | B51: Manual | G51: m³ | H51: =H45 -> 35.0889 | I51: =VLOOKUP(A51,'[1]TAB OGU JUN18'!$A:$G,6,"falso") -> 20.56 | J51: =VLOOKUP(A51,'[1]TAB OGU JUN18'!$A:$G,4,"falso") -> 20.56 | K51: =H51*J51 -> 721.42778 | L51: =VLOOKUP(A51,'[1]TAB OGU JUN18'!$A:$G,5,"falso") -> 0 | N51: =H51*I51 -> 721.42778 | O51: =N51/N54 -> 0.44194758
A52: 041402 | B52: Mecânico | G52: m³ | H52: =H46 -> 224.92725 | I52: =VLOOKUP(A52,'[1]TAB OGU JUN18'!$A:$G,6,"falso") -> 4.05 | J52: =VLOOKUP(A52,'[1]TAB OGU JUN18'!$A:$G,4,"falso") -> 4.05 | K52: =H52*J52 -> 910.95536 | L52: =VLOOKUP(A52,'[1]TAB OGU JUN18'!$A:$G,5,"falso") -> 0 | N52: =H52*I52 -> 910.95536 | O52: =N52/N54 -> 0.55805242
B54: Total do Bloco | N54: =N52+N51 -> 1632.3831 | O54: =N54/N66 -> 0.23222979
A56: 0418 | B56: CARGA E DESCARGA DE SOLOS
A57: 041801 | B57: Qualquer tipo de solo exceto rocha | G57: m³ | H57: =T12 -> 14.912947 | I57: =VLOOKUP(A57,'[1]TAB OGU JUN18'!$A:$G,6,"falso") -> 1.85 | J57: =VLOOKUP(A57,'[1]TAB OGU JUN18'!$A:$G,4,"falso") -> 1.85 | K57: =H57*J57 -> 27.588952 | L57: =VLOOKUP(A57,'[1]TAB OGU JUN18'!$A:$G,5,"falso") -> 0 | N57: =H57*I57 -> 27.588952 | O57: =N57/N59 -> 1
B59: Total do Bloco | N59: =N57 -> 27.588952 | O59: =N59/N66 -> 0.0039249219
A61: 0419 | B61: TRANSPORTE DE SOLOS
A62: 041901 | B62: Qualquer tipo de solo exceto rocha, em rodovia ou rua | G62: m³xkm | H62: =H57*3 -> 44.73884 | I62: =VLOOKUP(A62,'[1]TAB OGU JUN18'!$A:$G,6,"falso") -> 1 | J62: =VLOOKUP(A62,'[1]TAB OGU JUN18'!$A:$G,4,"falso") -> 1 | K62: =H62*J62 -> 44.73884 | L62: =VLOOKUP(A62,'[1]TAB OGU JUN18'!$A:$G,5,"falso") -> 0 | N62: =H62*I62 -> 44.73884 | O62: =N62/N64 -> 1
B64: Total do Bloco | N64: =N62 -> 44.73884 | O64: =N64/N66 -> 0.0063647382
B66: Total do Módulo | N66: =N64+N59+N54+N48+N42+N36 -> 7029.1721 | O66: =N66/N118 -> 0.4510099
A68: 05 | B68: ESCORAMENTO
A69: 0501 | B69: ESCORAMENTO DE MADEIRA
A70: 050101 | B70: Pontalete | G70: m² | H70: =0.95*S6 -> 159.61505 | I70: =VLOOKUP(A70,'[1]TAB OGU JUN18'!$A:$G,6,"falso") -> 14.81 | J70: =VLOOKUP(A70,'[1]TAB OGU JUN18'!$A:$G,4,"falso") -> 13.63 | K70: =H70*J70 -> 2175.5531 | L70: =VLOOKUP(A70,'[1]TAB OGU JUN18'!$A:$G,5,"falso") -> 1.18 | M70: =H70*L70 -> 188.34576 | N70: =H70*I70 -> 2363.8989 | O70: =N70/N73 -> 0.92425686
A71: 050102 | B71: Descontínuo | G71: m² | H71: =0.05*S6 -> 8.400792 | I71: =VLOOKUP(A71,'[1]TAB OGU JUN18'!$A:$G,6,"falso") -> 23.06 | J71: =VLOOKUP(A71,'[1]TAB OGU JUN18'!$A:$G,4,"falso") -> 22.37 | K71: =H71*J71 -> 187.92572 | L71: =VLOOKUP(A71,'[1]TAB OGU JUN18'!$A:$G,5,"falso")-0.01 -> 0.68 | M71: =H71*L71 -> 5.7125386 | N71: =H71*I71 -> 193.72226 | O71: =N71/N73 -> 0.075743143
B73: Total do Bloco | N73: =N70+N71 -> 2557.6211 | O73: =N73/N80 -> 1
A75: 0503 | B75: ESCORAMENTO MISTO
A76: 050301 | B76: Tipo hamburguês | G76: m² | I76: =VLOOKUP(A76,'[1]TAB OGU JUN18'!$A:$G,6,"falso") -> 144.25 | J76: =VLOOKUP(A76,'[1]TAB OGU JUN18'!$A:$G,4,"falso") -> 134.15 | K76: =H76*J76 -> 0 | L76: =VLOOKUP(A76,'[1]TAB OGU JUN18'!$A:$G,5,"falso") -> 10.1 | M76: =H76*L76 -> 0 | N76: =H76*I76 -> 0 | O76: =N76/N78 -> #DIV/0!
B78: Total do Bloco | N78: =N76 -> 0 | O78: =N78/N80 -> 0
B80: Total do Módulo | N80: =N73+N78 -> 2557.6211 | O80: =N80/N118 -> 0.1641036
A82: 06 | B82: ESGOTAMENTO
A83: 0601 | B83: ESGOTAMENTO COM BOMBAS
A84: 060101 | B84: Moto bomba | G84: h | H84: =((H14*R6*Q6)*0.06*1000)/20000 -> 0.80964225 | I84: =VLOOKUP(A84,'[1]TAB OGU JUN18'!$A:$G,6,"falso") -> 5.52 | J84: =VLOOKUP(A84,'[1]TAB OGU JUN18'!$A:$G,4,"falso") -> 5.52 | K84: =H84*J84 -> 4.4692252 | L84: =VLOOKUP(A84,'[1]TAB OGU JUN18'!$A:$G,5,"falso") -> 0 | N84: =H84*I84 -> 4.4692252 | O84: =N84/N86 -> 1
B86: Total do Bloco | N86: =N84 -> 4.4692252 | O86: =N86/N88 -> 1
B88: Total do Módulo | N88: =N86 -> 4.4692252 | O88: =N88/N118 -> 0.00028675707
A90: 09 | B90: ASSENTAMENTOS
A91: 0902 | B91: TUBULAÇÃO DE PVC JE / JEI PARA ESGOTO
A92: 090202 | B92: DN 150 | G92: m | H92: =H14-H93 -> 182.04 | I92: =VLOOKUP(A92,'[1]TAB OGU JUN18'!$A:$G,6,"falso") -> 2.64 | J92: =VLOOKUP(A92,'[1]TAB OGU JUN18'!$A:$G,4,"falso") -> 2.56 | K92: =H92*J92 -> 466.0224 | L92: =VLOOKUP(A92,'[1]TAB OGU JUN18'!$A:$G,5,"falso") -> 0.08 | M92: =H92*L92 -> 14.5632 | N92: =H92*I92 -> 480.5856 | O92: =N92/$N$95 -> 1
A93: 090203 | B93: DN 200 | G93: m | H93: 0 | I93: =VLOOKUP(A93,'[1]TAB OGU JUN18'!$A:$G,6,"falso") -> 3.14 | J93: =VLOOKUP(A93,'[1]TAB OGU JUN18'!$A:$G,4,"falso") -> 3.01 | K93: =H93*J93 -> 0 | L93: =VLOOKUP(A93,'[1]TAB OGU JUN18'!$A:$G,5,"falso") -> 0.13 | M93: =H93*L93 -> 0 | N93: =H93*I93 -> 0 | O93: =N93/$N$95 -> 0
B95: Total do Bloco | N95: =SUM(N92:N93) -> 480.5856 | O95: =N95/N108 -> 0.08871679
A97: 0917 | B97: POÇO DE VISITA TIPO C - DN 800
A98: 091701 | B98: Com profundidade até 1,00 m | G98: ud | H98: =U6 -> 4 | I98: =VLOOKUP(A98,'[1]TAB OGU JUN18'!$A:$G,6,"falso") -> 466.82 | J98: =VLOOKUP(A98,'[1]TAB OGU JUN18'!$A:$G,4,"falso") -> 143.97 | K98: =H98*J98 -> 575.88 | L98: =VLOOKUP(A98,'[1]TAB OGU JUN18'!$A:$G,5,"falso") -> 322.85 | M98: =H98*L98 -> 1291.4 | N98: =H98*I98 -> 1867.28 | O98: =N98/N101 -> 0.60457321
A99: 091702 | B99: Acréscimo para prof. Superior a 1,00 m | G99: m | H99: =(Q6-1.1)*H98 -> 4.8296111 | I99: =VLOOKUP(A99,'[1]TAB OGU JUN18'!$A:$G,6,"falso") -> 252.88 | J99: =VLOOKUP(A99,'[1]TAB OGU JUN18'!$A:$G,4,"falso") -> 47.83 | K99: =H99*J99 -> 231.0003 | L99: =VLOOKUP(A99,'[1]TAB OGU JUN18'!$A:$G,5,"falso") -> 205.05 | M99: =H99*L99 -> 990.31175 | N99: =H99*I99 -> 1221.312 | O99: =N99/N101 -> 0.39542679
B101: Total do Bloco | N101: =N99+N98 -> 3088.592 | O101: =N101/N108 -> 0.57015851
A103: 0927 | B103: EMBASAMENTO
A104: 092702 | B104: Areia | G104: m³ | H104: =H14*R6*0.1 -> 11.6963 | I104: =VLOOKUP(A104,'[1]TAB OGU JUN18'!$A:$G,6,"falso") -> 157.99 | J104: =VLOOKUP(A104,'[1]TAB OGU JUN18'!$A:$G,4,"falso") -> 39.5 | K104: =H104*J104 -> 462.00385 | L104: =VLOOKUP(A104,'[1]TAB OGU JUN18'!$A:$G,5,"falso") -> 118.49 | M104: =H104*L104 -> 1385.8946 | N104: =H104*I104 -> 1847.8984 | O104: =N104/N106 -> 1
B106: Total do Bloco | N106: =N104 -> 1847.8984 | O106: =N106/N108 -> 0.3411247
B108: Total do Módulo | N108: =N106+N101+N95 -> 5417.0761 | O108: =N108/N118 -> 0.34757364
A110: 16 | B110: SERVIÇOS DIVERSOS
A111: 1620 | B111: LIMPEZA DE OBRA
A112: 162004 | B112: Lavagem de rede de esgoto | G112: m | H112: =H14 -> 182.04 | I112: =VLOOKUP(A112,'[1]TAB OGU JUN18'!$A:$G,6,"falso") -> 1.31 | J112: =VLOOKUP(A112,'[1]TAB OGU JUN18'!$A:$G,4,"falso") -> 1.14 | K112: =H112*J112 -> 207.5256 | L112: =VLOOKUP(A112,'[1]TAB OGU JUN18'!$A:$G,5,"falso") -> 0.17 | M112: =H112*L112 -> 30.9468 | N112: =H112*I112 -> 238.4724 | O112: =N112/N114 -> 1
B114: Total do Bloco | N114: =N112 -> 238.4724 | O114: =N114/N116 -> 1
B116: Total do Módulo | N116: =N114 -> 238.4724 | O116: =N116/N118 -> 0.015301007
B118: TOTAL DA UNIDADE | K118: =SUM(K12:K117) -> 11608.971 | M118: =SUM(M12:M117) -> 3976.3498 | N118: =N116+N108+N88+N80+N66+N29 -> 15585.405
